Workbook

Sheet Stats
B2: Sample Days | C2: =+COUNT(Data!$B$4:$B$1048576) -> 170
B4: Volatility Analysis
B6: Volatility Graph | I6: Number of trading days by volatility range
J8: Vola. Range | K8: Nº Days
I9: 0 | J9: 0 - 15 | K9: =+COUNTIF(Data!$AC$4:$AC$1048576,I9) -> 0
I10: 15 | J10: 15 -20 | K10: =+COUNTIF(Data!$AC$4:$AC$1048576,I10) -> 47
I11: 20 | J11: 20 - 25 | K11: =+COUNTIF(Data!$AC$4:$AC$1048576,I11) -> 67
I12: 25 | J12: 25 - 30 | K12: =+COUNTIF(Data!$AC$4:$AC$1048576,I12) -> 46
I13: 30 | J13: 30 - 35 | K13: =+COUNTIF(Data!$AC$4:$AC$1048576,I13) -> 10
I14: 35 | J14: 35 - 40 | K14: =+COUNTIF(Data!$AC$4:$AC$1048576,I14) -> 0
I15: 40 | J15: 40 - 100 | K15: =+COUNTIF(Data!$AC$4:$AC$1048576,I15) -> 0
J23: Check | K23: =+IF(SUM(K9:K15)<>$C$2,"error","ok") -> ok
B25: Range Analysis
C27: Range FDAX Analysis (per day) | L27: Covered Distance UP Cases (per day) | S27: Covered Distance DOWN Cases (per day) | Z27: Closing Covered Distance (per day)
I28: 0.682 | J28: =+I28+13.6%*2 -> 0.954
C29: Vola. Range | D29: Nº Days | E29: Max. Range | F29: Min. Range | G29: Average | H29: ST. Deviat. | I29: Expect. (1 SD) | J29: Expect. (2 SD) | L29: Vola. Range | M29: MAX UP Dist | N29: Min UP Dist | O29: Average | P29: ST. Deviat. | Q29: Expect. (1 SD) | S29: Vola. Range | T29: MAX DOWN Dist | U29: Min DOWN Dist | V29: Average | W29: ST. Deviat. | X29: Expect. (1 SD) | Z29: Vola. Range | AA29: MAX Dist | AB29: Min Dist | AC29: Average | AD29: ST. Deviat. | AE29: Expect. (1 SD)
B30: 0 | C30: 0 - 15 | D30: =+K9 -> 0 | E30: =+_xlfn.MAXIFS(Data!$AD$4:$AD$10000,Data!$AC$4:$AC$10000,$B30) -> 0 | F30: =_xlfn.MINIFS(Data!$AD$4:$AD$10000,Data!$AC$4:$AC$10000,$B30) -> 0 | G30: =IFERROR(AVERAGEIF(Data!$AC$4:$AC$10000,$B30,Data!$AD$4:$AD$10000),0) -> 0 | H30: {=+IFERROR(_xlfn.STDEV.P(IF(Data!$AC$4:$AC$10000=$B30,Data!$AD$4:$AD$10000)),)} -> 0 | I30: =+G30+H30 -> 0 | J30: =+G30+H30*2 -> 0 | L30: 0 - 15 | M30: =+_xlfn.MAXIFS(Data!$AG$4:$AG$10000,Data!$AC$4:$AC$10000,$B30) -> 0 | N30: =_xlfn.MINIFS(Data!$AG$4:$AG$10000,Data!$AC$4:$AC$10000,$B30) -> 0 | O30: =IFERROR(AVERAGEIF(Data!$AC$4:$AC$10000,$B30,Data!$AG$4:$AG$10000),0) -> 0 | P30: {=+IFERROR(_xlfn.STDEV.P(IF(Data!$AC$4:$AC$10000=$B30,Data!$AG$4:$AG$10000)),)} -> 0 | Q30: =+O30+P30 -> 0 | S30: 0 - 15 | T30: =+_xlfn.MAXIFS(Data!$AH$4:$AH$10000,Data!$AC$4:$AC$10000,$B30) -> 0 | U30: =_xlfn.MINIFS(Data!$AH$4:$AH$10000,Data!$AC$4:$AC$10000,$B30) -> 0 | V30: =IFERROR(AVERAGEIF(Data!$AC$4:$AC$10000,$B30,Data!$AH$4:$AH$10000),0) -> 0 | W30: {=+IFERROR(_xlfn.STDEV.P(IF(Data!$AC$4:$AC$10000=$B30,Data!$AH$4:$AH$10000)),)} -> 0 | X30: =+V30+W30 -> 0 | Z30: 0 - 15 | AA30: =+_xlfn.MAXIFS(Data!$AI$4:$AI$10000,Data!$AC$4:$AC$10000,$B30) -> 0 | AB30: =_xlfn.MINIFS(Data!$AI$4:$AI$10000,Data!$AC$4:$AC$10000,$B30) -> 0 | AC30: =IFERROR(AVERAGEIF(Data!$AC$4:$AC$10000,$B30,Data!$AI$4:$AI$10000),0) -> 0 | AD30: {=+IFERROR(_xlfn.STDEV.P(IF(Data!$AC$4:$AC$10000=$B30,Data!$AI$4:$AI$10000)),)} -> 0 | AE30: =+AC30+AD30 -> 0
B31: 15 | C31: 15 -20 | D31: =+K10 -> 47 | E31: =+_xlfn.MAXIFS(Data!$AD$4:$AD$10000,Data!$AC$4:$AC$10000,$B31) -> 604 | F31: =_xlfn.MINIFS(Data!$AD$4:$AD$10000,Data!$AC$4:$AC$10000,$B31) -> 96 | G31: =IFERROR(AVERAGEIF(Data!$AC$4:$AC$10000,$B31,Data!$AD$4:$AD$10000),0) -> 198.89362 | H31: {=+IFERROR(_xlfn.STDEV.P(IF(Data!$AC$4:$AC$10000=$B31,Data!$AD$4:$AD$10000)),)} -> 82.299203 | I31: =+G31+H31 -> 281.19282 | J31: =+G31+H31*2 -> 363.49202 | L31: 15 -20 | M31: =+_xlfn.MAXIFS(Data!$AG$4:$AG$10000,Data!$AC$4:$AC$10000,$B31) -> 289 | N31: =_xlfn.MINIFS(Data!$AG$4:$AG$10000,Data!$AC$4:$AC$10000,$B31) -> 5 | O31: =IFERROR(AVERAGEIF(Data!$AC$4:$AC$10000,$B31,Data!$AG$4:$AG$10000),0) -> 88.12766 | P31: {=+IFERROR(_xlfn.STDEV.P(IF(Data!$AC$4:$AC$10000=$B31,Data!$AG$4:$AG$10000)),)} -> 66.172443 | Q31: =+O31+P31 -> 154.3001 | S31: 15 -20 | T31: =+_xlfn.MAXIFS(Data!$AH$4:$AH$10000,Data!$AC$4:$AC$10000,$B31) -> 522 | U31: =_xlfn.MINIFS(Data!$AH$4:$AH$10000,Data!$AC$4:$AC$10000,$B31) -> 0 | V31: =IFERROR(AVERAGEIF(Data!$AC$4:$AC$10000,$B31,Data!$AH$4:$AH$10000),0) -> 110.76596 | W31: {=+IFERROR(_xlfn.STDEV.P(IF(Data!$AC$4:$AC$10000=$B31,Data!$AH$4:$AH$10000)),)} -> 93.83535 | X31: =+V31+W31 -> 204.60131 | Z31: 15 -20 | AA31: =+_xlfn.MAXIFS(Data!$AI$4:$AI$10000,Data!$AC$4:$AC$10000,$B31) -> 199 | AB31: =_xlfn.MINIFS(Data!$AI$4:$AI$10000,Data!$AC$4:$AC$10000,$B31) -> 9 | AC31: =IFERROR(AVERAGEIF(Data!$AC$4:$AC$10000,$B31,Data!$AI$4:$AI$10000),0) -> 83.234043 | AD31: {=+IFERROR(_xlfn.STDEV.P(IF(Data!$AC$4:$AC$10000=$B31,Data!$AI$4:$AI$10000)),)} -> 47.008018 | AE31: =+AC31+AD31 -> 130.24206
B32: 20 | C32: 20 - 25 | D32: =+K11 -> 67 | E32: =+_xlfn.MAXIFS(Data!$AD$4:$AD$10000,Data!$AC$4:$AC$10000,$B32) -> 615 | F32: =_xlfn.MINIFS(Data!$AD$4:$AD$10000,Data!$AC$4:$AC$10000,$B32) -> 0 | G32: =IFERROR(AVERAGEIF(Data!$AC$4:$AC$10000,$B32,Data!$AD$4:$AD$10000),0) -> 215.79104 | H32: {=+IFERROR(_xlfn.STDEV.P(IF(Data!$AC$4:$AC$10000=$B32,Data!$AD$4:$AD$10000)),)} -> 109.78725 | I32: =+G32+H32 -> 325.57829 | J32: =+G32+H32*2 -> 435.36554 | L32: 20 - 25 | M32: =+_xlfn.MAXIFS(Data!$AG$4:$AG$10000,Data!$AC$4:$AC$10000,$B32) -> 604 | N32: =_xlfn.MINIFS(Data!$AG$4:$AG$10000,Data!$AC$4:$AC$10000,$B32) -> 0 | O32: =IFERROR(AVERAGEIF(Data!$AC$4:$AC$10000,$B32,Data!$AG$4:$AG$10000),0) -> 111.8791 | P32: {=+IFERROR(_xlfn.STDEV.P(IF(Data!$AC$4:$AC$10000=$B32,Data!$AG$4:$AG$10000)),)} -> 102.77072 | Q32: =+O32+P32 -> 214.64983 | S32: 20 - 25 | T32: =+_xlfn.MAXIFS(Data!$AH$4:$AH$10000,Data!$AC$4:$AC$10000,$B32) -> 516 | U32: =_xlfn.MINIFS(Data!$AH$4:$AH$10000,Data!$AC$4:$AC$10000,$B32) -> 0 | V32: =IFERROR(AVERAGEIF(Data!$AC$4:$AC$10000,$B32,Data!$AH$4:$AH$10000),0) -> 103.91194 | W32: {=+IFERROR(_xlfn.STDEV.P(IF(Data!$AC$4:$AC$10000=$B32,Data!$AH$4:$AH$10000)),)} -> 102.58455 | X32: =+V32+W32 -> 206.49649 | Z32: 20 - 25 | AA32: =+_xlfn.MAXIFS(Data!$AI$4:$AI$10000,Data!$AC$4:$AC$10000,$B32) -> 194 | AB32: =_xlfn.MINIFS(Data!$AI$4:$AI$10000,Data!$AC$4:$AC$10000,$B32) -> 0 | AC32: =IFERROR(AVERAGEIF(Data!$AC$4:$AC$10000,$B32,Data!$AI$4:$AI$10000),0) -> 72.597015 | AD32: {=+IFERROR(_xlfn.STDEV.P(IF(Data!$AC$4:$AC$10000=$B32,Data!$AI$4:$AI$10000)),)} -> 44.172004 | AE32: =+AC32+AD32 -> 116.76902
B33: 25 | C33: 25 - 30 | D33: =+K12 -> 46 | E33: =+_xlfn.MAXIFS(Data!$AD$4:$AD$10000,Data!$AC$4:$AC$10000,$B33) -> 539 | F33: =_xlfn.MINIFS(Data!$AD$4:$AD$10000,Data!$AC$4:$AC$10000,$B33) -> 163 | G33: =IFERROR(AVERAGEIF(Data!$AC$4:$AC$10000,$B33,Data!$AD$4:$AD$10000),0) -> 291.02174 | H33: {=+IFERROR(_xlfn.STDEV.P(IF(Data!$AC$4:$AC$10000=$B33,Data!$AD$4:$AD$10000)),)} -> 92.735831 | I33: =+G33+H33 -> 383.75757 | J33: =+G33+H33*2 -> 476.4934 | L33: 25 - 30 | M33: =+_xlfn.MAXIFS(Data!$AG$4:$AG$10000,Data!$AC$4:$AC$10000,$B33) -> 317 | N33: =_xlfn.MINIFS(Data!$AG$4:$AG$10000,Data!$AC$4:$AC$10000,$B33) -> 16 | O33: =IFERROR(AVERAGEIF(Data!$AC$4:$AC$10000,$B33,Data!$AG$4:$AG$10000),0) -> 146.47826 | P33: {=+IFERROR(_xlfn.STDEV.P(IF(Data!$AC$4:$AC$10000=$B33,Data!$AG$4:$AG$10000)),)} -> 84.910116 | Q33: =+O33+P33 -> 231.38838 | S33: 25 - 30 | T33: =+_xlfn.MAXIFS(Data!$AH$4:$AH$10000,Data!$AC$4:$AC$10000,$B33) -> 472 | U33: =_xlfn.MINIFS(Data!$AH$4:$AH$10000,Data!$AC$4:$AC$10000,$B33) -> 2 | V33: =IFERROR(AVERAGEIF(Data!$AC$4:$AC$10000,$B33,Data!$AH$4:$AH$10000),0) -> 144.54348 | W33: {=+IFERROR(_xlfn.STDEV.P(IF(Data!$AC$4:$AC$10000=$B33,Data!$AH$4:$AH$10000)),)} -> 116.27604 | X33: =+V33+W33 -> 260.81952 | Z33: 25 - 30 | AA33: =+_xlfn.MAXIFS(Data!$AI$4:$AI$10000,Data!$AC$4:$AC$10000,$B33) -> 470 | AB33: =_xlfn.MINIFS(Data!$AI$4:$AI$10000,Data!$AC$4:$AC$10000,$B33) -> 13 | AC33: =IFERROR(AVERAGEIF(Data!$AC$4:$AC$10000,$B33,Data!$AI$4:$AI$10000),0) -> 114.18478 | AD33: {=+IFERROR(_xlfn.STDEV.P(IF(Data!$AC$4:$AC$10000=$B33,Data!$AI$4:$AI$10000)),)} -> 87.724083 | AE33: =+AC33+AD33 -> 201.90887
B34: 30 | C34: 30 - 35 | D34: =+K13 -> 10 | E34: =+_xlfn.MAXIFS(Data!$AD$4:$AD$10000,Data!$AC$4:$AC$10000,$B34) -> 502 | F34: =_xlfn.MINIFS(Data!$AD$4:$AD$10000,Data!$AC$4:$AC$10000,$B34) -> 201 | G34: =IFERROR(AVERAGEIF(Data!$AC$4:$AC$10000,$B34,Data!$AD$4:$AD$10000),0) -> 355.6 | H34: {=+IFERROR(_xlfn.STDEV.P(IF(Data!$AC$4:$AC$10000=$B34,Data!$AD$4:$AD$10000)),)} -> 119.94099 | I34: =+G34+H34 -> 475.54099 | J34: =+G34+H34*2 -> 595.48197 | L34: 30 - 35 | M34: =+_xlfn.MAXIFS(Data!$AG$4:$AG$10000,Data!$AC$4:$AC$10000,$B34) -> 417 | N34: =_xlfn.MINIFS(Data!$AG$4:$AG$10000,Data!$AC$4:$AC$10000,$B34) -> 11 | O34: =IFERROR(AVERAGEIF(Data!$AC$4:$AC$10000,$B34,Data!$AG$4:$AG$10000),0) -> 184.5 | P34: {=+IFERROR(_xlfn.STDEV.P(IF(Data!$AC$4:$AC$10000=$B34,Data!$AG$4:$AG$10000)),)} -> 135.76763 | Q34: =+O34+P34 -> 320.26763 | S34: 30 - 35 | T34: =+_xlfn.MAXIFS(Data!$AH$4:$AH$10000,Data!$AC$4:$AC$10000,$B34) -> 423 | U34: =_xlfn.MINIFS(Data!$AH$4:$AH$10000,Data!$AC$4:$AC$10000,$B34) -> 0 | V34: =IFERROR(AVERAGEIF(Data!$AC$4:$AC$10000,$B34,Data!$AH$4:$AH$10000),0) -> 171.1 | W34: {=+IFERROR(_xlfn.STDEV.P(IF(Data!$AC$4:$AC$10000=$B34,Data!$AH$4:$AH$10000)),)} -> 120.93507 | X34: =+V34+W34 -> 292.03507 | Z34: 30 - 35 | AA34: =+_xlfn.MAXIFS(Data!$AI$4:$AI$10000,Data!$AC$4:$AC$10000,$B34) -> 326 | AB34: =_xlfn.MINIFS(Data!$AI$4:$AI$10000,Data!$AC$4:$AC$10000,$B34) -> 11 | AC34: =IFERROR(AVERAGEIF(Data!$AC$4:$AC$10000,$B34,Data!$AI$4:$AI$10000),0) -> 111.8 | AD34: {=+IFERROR(_xlfn.STDEV.P(IF(Data!$AC$4:$AC$10000=$B34,Data!$AI$4:$AI$10000)),)} -> 83.830543 | AE34: =+AC34+AD34 -> 195.63054
B35: 35 | C35: 35 - 40 | D35: =+K14 -> 0 | E35: =+_xlfn.MAXIFS(Data!$AD$4:$AD$10000,Data!$AC$4:$AC$10000,$B35) -> 0 | F35: =_xlfn.MINIFS(Data!$AD$4:$AD$10000,Data!$AC$4:$AC$10000,$B35) -> 0 | G35: =IFERROR(AVERAGEIF(Data!$AC$4:$AC$10000,$B35,Data!$AD$4:$AD$10000),0) -> 0 | H35: {=+IFERROR(_xlfn.STDEV.P(IF(Data!$AC$4:$AC$10000=$B35,Data!$AD$4:$AD$10000)),)} -> 0 | I35: =+G35+H35 -> 0 | J35: =+G35+H35*2 -> 0 | L35: 35 - 40 | M35: =+_xlfn.MAXIFS(Data!$AG$4:$AG$10000,Data!$AC$4:$AC$10000,$B35) -> 0 | N35: =_xlfn.MINIFS(Data!$AG$4:$AG$10000,Data!$AC$4:$AC$10000,$B35) -> 0 | O35: =IFERROR(AVERAGEIF(Data!$AC$4:$AC$10000,$B35,Data!$AG$4:$AG$10000),0) -> 0 | P35: {=+IFERROR(_xlfn.STDEV.P(IF(Data!$AC$4:$AC$10000=$B35,Data!$AG$4:$AG$10000)),)} -> 0 | Q35: =+O35+P35 -> 0 | S35: 35 - 40 | T35: =+_xlfn.MAXIFS(Data!$AH$4:$AH$10000,Data!$AC$4:$AC$10000,$B35) -> 0 | U35: =_xlfn.MINIFS(Data!$AH$4:$AH$10000,Data!$AC$4:$AC$10000,$B35) -> 0 | V35: =IFERROR(AVERAGEIF(Data!$AC$4:$AC$10000,$B35,Data!$AH$4:$AH$10000),0) -> 0 | W35: {=+IFERROR(_xlfn.STDEV.P(IF(Data!$AC$4:$AC$10000=$B35,Data!$AH$4:$AH$10000)),)} -> 0 | X35: =+V35+W35 -> 0 | Z35: 35 - 40 | AA35: =+_xlfn.MAXIFS(Data!$AI$4:$AI$10000,Data!$AC$4:$AC$10000,$B35) -> 0 | AB35: =_xlfn.MINIFS(Data!$AI$4:$AI$10000,Data!$AC$4:$AC$10000,$B35) -> 0 | AC35: =IFERROR(AVERAGEIF(Data!$AC$4:$AC$10000,$B35,Data!$AI$4:$AI$10000),0) -> 0 | AD35: {=+IFERROR(_xlfn.STDEV.P(IF(Data!$AC$4:$AC$10000=$B35,Data!$AI$4:$AI$10000)),)} -> 0 | AE35: =+AC35+AD35 -> 0
B36: 40 | C36: 40 - 100 | D36: =+K15 -> 0 | E36: =+_xlfn.MAXIFS(Data!$AD$4:$AD$10000,Data!$AC$4:$AC$10000,$B36) -> 0 | F36: =_xlfn.MINIFS(Data!$AD$4:$AD$10000,Data!$AC$4:$AC$10000,$B36) -> 0 | G36: =IFERROR(AVERAGEIF(Data!$AC$4:$AC$10000,$B36,Data!$AD$4:$AD$10000),0) -> 0 | H36: {=+IFERROR(_xlfn.STDEV.P(IF(Data!$AC$4:$AC$10000=$B36,Data!$AD$4:$AD$10000)),)} -> 0 | I36: =+G36+H36 -> 0 | J36: =+G36+H36*2 -> 0 | L36: 40 - 100 | M36: =+_xlfn.MAXIFS(Data!$AG$4:$AG$10000,Data!$AC$4:$AC$10000,$B36) -> 0 | N36: =_xlfn.MINIFS(Data!$AG$4:$AG$10000,Data!$AC$4:$AC$10000,$B36) -> 0 | O36: =IFERROR(AVERAGEIF(Data!$AC$4:$AC$10000,$B36,Data!$AG$4:$AG$10000),0) -> 0 | P36: {=+IFERROR(_xlfn.STDEV.P(IF(Data!$AC$4:$AC$10000=$B36,Data!$AG$4:$AG$10000)),)} -> 0 | Q36: =+O36+P36 -> 0 | S36: 40 - 100 | T36: =+_xlfn.MAXIFS(Data!$AH$4:$AH$10000,Data!$AC$4:$AC$10000,$B36) -> 0 | U36: =_xlfn.MINIFS(Data!$AH$4:$AH$10000,Data!$AC$4:$AC$10000,$B36) -> 0 | V36: =IFERROR(AVERAGEIF(Data!$AC$4:$AC$10000,$B36,Data!$AH$4:$AH$10000),0) -> 0 | W36: {=+IFERROR(_xlfn.STDEV.P(IF(Data!$AC$4:$AC$10000=$B36,Data!$AH$4:$AH$10000)),)} -> 0 | X36: =+V36+W36 -> 0 | Z36: 40 - 100 | AA36: =+_xlfn.MAXIFS(Data!$AI$4:$AI$10000,Data!$AC$4:$AC$10000,$B36) -> 0 | AB36: =_xlfn.MINIFS(Data!$AI$4:$AI$10000,Data!$AC$4:$AC$10000,$B36) -> 0 | AC36: =IFERROR(AVERAGEIF(Data!$AC$4:$AC$10000,$B36,Data!$AI$4:$AI$10000),0) -> 0 | AD36: {=+IFERROR(_xlfn.STDEV.P(IF(Data!$AC$4:$AC$10000=$B36,Data!$AI$4:$AI$10000)),)} -> 0 | AE36: =+AC36+AD36 -> 0
C38: Range FDAX Analysis (per day - week - 2) | G38: W-2 | L38: Covered Distance UP Cases (per day - week - 2) | S38: Covered Distance DOWN Cases (per day - week - 2) | Z38: Closing Covered Distance (per day - week - 2)
I39: 0.682 | J39: =+I39+13.6%*2 -> 0.954
C40: Vola. Range | D40: Nº Days | E40: Max. Range | F40: Min. Range | G40: Average | H40: ST. Deviat. | I40: Expect. (1 SD) | J40: Expect. (2 SD) | L40: Vola. Range | M40: MAX UP Dist | N40: Min UP Dist | O40: Average | P40: ST. Deviat. | Q40: Expect. (1 SD) | S40: Vola. Range | T40: MAX DOWN Dist | U40: Min DOWN Dist | V40: Average | W40: ST. Deviat. | X40: Expect. (1 SD) | Z40: Vola. Range | AA40: MAX Dist | AB40: Min Dist | AC40: Average | AD40: ST. Deviat. | AE40: Expect. (1 SD)
B41: =0&$G$38 -> 0W-2 | C41: 0 - 15 | D41: =K9 -> 0 | E41: =+_xlfn.MAXIFS(Data!$AD$4:$AD$10000,Data!$AA$4:$AA$10000,$B41) -> 0 | F41: =_xlfn.MINIFS(Data!$AD$4:$AD$10000,Data!$AA$4:$AA$10000,$B41) -> 0 | G41: =IFERROR(AVERAGEIF(Data!$AA$4:$AA$10000,$B41,Data!$AD$4:$AD$10000),0) -> 0 | H41: {=+IFERROR(_xlfn.STDEV.P(IF(Data!$AA$4:$AA$10000=$B41,Data!$AD$4:$AD$10000)),)} -> 0 | I41: =+G41+H41 -> 0 | J41: =+G41+H41*2 -> 0 | L41: 0 - 15 | M41: =+_xlfn.MAXIFS(Data!$AG$4:$AG$10000,Data!$AA$4:$AA$10000,$B41) -> 0 | N41: =_xlfn.MINIFS(Data!$AG$4:$AG$10000,Data!$AA$4:$AA$10000,$B41) -> 0 | O41: =IFERROR(AVERAGEIF(Data!$AA$4:$AA$10000,$B41,Data!$AG$4:$AG$10000),0) -> 0 | P41: {=+IFERROR(_xlfn.STDEV.P(IF(Data!$AA$4:$AA$10000=$B41,Data!$AG$4:$AG$10000)),)} -> 0 | Q41: =+O41+P41 -> 0 | S41: 0 - 15 | T41: =+_xlfn.MAXIFS(Data!$AH$4:$AH$10000,Data!$AA$4:$AA$10000,$B41) -> 0 | U41: =_xlfn.MINIFS(Data!$AH$4:$AH$10000,Data!$AA$4:$AA$10000,$B41) -> 0 | V41: =IFERROR(AVERAGEIF(Data!$AA$4:$AA$10000,$B41,Data!$AH$4:$AH$10000),0) -> 0 | W41: {=+IFERROR(_xlfn.STDEV.P(IF(Data!$AA$4:$AA$10000=$B41,Data!$AH$4:$AH$10000)),)} -> 0 | X41: =+V41+W41 -> 0 | Z41: 0 - 15 | AA41: =+_xlfn.MAXIFS(Data!$AI$4:$AI$10000,Data!$AA$4:$AA$10000,$B41) -> 0 | AB41: =_xlfn.MINIFS(Data!$AI$4:$AI$10000,Data!$AA$4:$AA$10000,$B41) -> 0 | AC41: =IFERROR(AVERAGEIF(Data!$AA$4:$AA$10000,$B41,Data!$AI$4:$AI$10000),0) -> 0 | AD41: {=+IFERROR(_xlfn.STDEV.P(IF(Data!$AA$4:$AA$10000=$B41,Data!$AI$4:$AI$10000)),)} -> 0 | AE41: =+AC41+AD41 -> 0
B42: =15&$G$38 -> 15W-2 | C42: 15 -20 | D42: =K10 -> 47 | E42: =+_xlfn.MAXIFS(Data!$AD$4:$AD$10000,Data!$AA$4:$AA$10000,$B42) -> 0 | F42: =_xlfn.MINIFS(Data!$AD$4:$AD$10000,Data!$AA$4:$AA$10000,$B42) -> 0 | G42: =IFERROR(AVERAGEIF(Data!$AA$4:$AA$10000,$B42,Data!$AD$4:$AD$10000),0) -> 0 | H42: {=+IFERROR(_xlfn.STDEV.P(IF(Data!$AA$4:$AA$10000=$B42,Data!$AD$4:$AD$10000)),)} -> 0 | I42: =+G42+H42 -> 0 | J42: =+G42+H42*2 -> 0 | L42: 15 -20 | M42: =+_xlfn.MAXIFS(Data!$AG$4:$AG$10000,Data!$AA$4:$AA$10000,$B42) -> 0 | N42: =_xlfn.MINIFS(Data!$AG$4:$AG$10000,Data!$AA$4:$AA$10000,$B42) -> 0 | O42: =IFERROR(AVERAGEIF(Data!$AA$4:$AA$10000,$B42,Data!$AG$4:$AG$10000),0) -> 0 | P42: {=+IFERROR(_xlfn.STDEV.P(IF(Data!$AA$4:$AA$10000=$B42,Data!$AG$4:$AG$10000)),)} -> 0 | Q42: =+O42+P42 -> 0 | S42: 15 -20 | T42: =+_xlfn.MAXIFS(Data!$AH$4:$AH$10000,Data!$AA$4:$AA$10000,$B42) -> 0 | U42: =_xlfn.MINIFS(Data!$AH$4:$AH$10000,Data!$AA$4:$AA$10000,$B42) -> 0 | V42: =IFERROR(AVERAGEIF(Data!$AA$4:$AA$10000,$B42,Data!$AH$4:$AH$10000),0) -> 0 | W42: {=+IFERROR(_xlfn.STDEV.P(IF(Data!$AA$4:$AA$10000=$B42,Data!$AH$4:$AH$10000)),)} -> 0 | X42: =+V42+W42 -> 0 | Z42: 15 -20 | AA42: =+_xlfn.MAXIFS(Data!$AI$4:$AI$10000,Data!$AA$4:$AA$10000,$B42) -> 0 | AB42: =_xlfn.MINIFS(Data!$AI$4:$AI$10000,Data!$AA$4:$AA$10000,$B42) -> 0 | AC42: =IFERROR(AVERAGEIF(Data!$AA$4:$AA$10000,$B42,Data!$AI$4:$AI$10000),0) -> 0 | AD42: {=+IFERROR(_xlfn.STDEV.P(IF(Data!$AA$4:$AA$10000=$B42,Data!$AI$4:$AI$10000)),)} -> 0 | AE42: =+AC42+AD42 -> 0
B43: =20&$G$38 -> 20W-2 | C43: 20 - 25 | D43: =K11 -> 67 | E43: =+_xlfn.MAXIFS(Data!$AD$4:$AD$10000,Data!$AA$4:$AA$10000,$B43) -> 465 | F43: =_xlfn.MINIFS(Data!$AD$4:$AD$10000,Data!$AA$4:$AA$10000,$B43) -> 237 | G43: =IFERROR(AVERAGEIF(Data!$AA$4:$AA$10000,$B43,Data!$AD$4:$AD$10000),0) -> 313 | H43: {=+IFERROR(_xlfn.STDEV.P(IF(Data!$AA$4:$AA$10000=$B43,Data!$AD$4:$AD$10000)),)} -> 107.48023 | I43: =+G43+H43 -> 420.48023 | J43: =+G43+H43*2 -> 527.96046 | L43: 20 - 25 | M43: =+_xlfn.MAXIFS(Data!$AG$4:$AG$10000,Data!$AA$4:$AA$10000,$B43) -> 132 | N43: =_xlfn.MINIFS(Data!$AG$4:$AG$10000,Data!$AA$4:$AA$10000,$B43) -> 58 | O43: =IFERROR(AVERAGEIF(Data!$AA$4:$AA$10000,$B43,Data!$AG$4:$AG$10000),0) -> 105.33333 | P43: {=+IFERROR(_xlfn.STDEV.P(IF(Data!$AA$4:$AA$10000=$B43,Data!$AG$4:$AG$10000)),)} -> 33.559235 | Q43: =+O43+P43 -> 138.89257 | S43: 20 - 25 | T43: =+_xlfn.MAXIFS(Data!$AH$4:$AH$10000,Data!$AA$4:$AA$10000,$B43) -> 339 | U43: =_xlfn.MINIFS(Data!$AH$4:$AH$10000,Data!$AA$4:$AA$10000,$B43) -> 105 | V43: =IFERROR(AVERAGEIF(Data!$AA$4:$AA$10000,$B43,Data!$AH$4:$AH$10000),0) -> 207.66667 | W43: {=+IFERROR(_xlfn.STDEV.P(IF(Data!$AA$4:$AA$10000=$B43,Data!$AH$4:$AH$10000)),)} -> 97.656996 | X43: =+V43+W43 -> 305.32366 | Z43: 20 - 25 | AA43: =+_xlfn.MAXIFS(Data!$AI$4:$AI$10000,Data!$AA$4:$AA$10000,$B43) -> 158 | AB43: =_xlfn.MINIFS(Data!$AI$4:$AI$10000,Data!$AA$4:$AA$10000,$B43) -> 37 | AC43: =IFERROR(AVERAGEIF(Data!$AA$4:$AA$10000,$B43,Data!$AI$4:$AI$10000),0) -> 89 | AD43: {=+IFERROR(_xlfn.STDEV.P(IF(Data!$AA$4:$AA$10000=$B43,Data!$AI$4:$AI$10000)),)} -> 50.839617 | AE43: =+AC43+AD43 -> 139.83962
B44: =25&$G$38 -> 25W-2 | C44: 25 - 30 | D44: =K12 -> 46 | E44: =+_xlfn.MAXIFS(Data!$AD$4:$AD$10000,Data!$AA$4:$AA$10000,$B44) -> 539 | F44: =_xlfn.MINIFS(Data!$AD$4:$AD$10000,Data!$AA$4:$AA$10000,$B44) -> 283 | G44: =IFERROR(AVERAGEIF(Data!$AA$4:$AA$10000,$B44,Data!$AD$4:$AD$10000),0) -> 411 | H44: {=+IFERROR(_xlfn.STDEV.P(IF(Data!$AA$4:$AA$10000=$B44,Data!$AD$4:$AD$10000)),)} -> 128 | I44: =+G44+H44 -> 539 | J44: =+G44+H44*2 -> 667 | L44: 25 - 30 | M44: =+_xlfn.MAXIFS(Data!$AG$4:$AG$10000,Data!$AA$4:$AA$10000,$B44) -> 281 | N44: =_xlfn.MINIFS(Data!$AG$4:$AG$10000,Data!$AA$4:$AA$10000,$B44) -> 149 | O44: =IFERROR(AVERAGEIF(Data!$AA$4:$AA$10000,$B44,Data!$AG$4:$AG$10000),0) -> 215 | P44: {=+IFERROR(_xlfn.STDEV.P(IF(Data!$AA$4:$AA$10000=$B44,Data!$AG$4:$AG$10000)),)} -> 66 | Q44: =+O44+P44 -> 281 | S44: 25 - 30 | T44: =+_xlfn.MAXIFS(Data!$AH$4:$AH$10000,Data!$AA$4:$AA$10000,$B44) -> 390 | U44: =_xlfn.MINIFS(Data!$AH$4:$AH$10000,Data!$AA$4:$AA$10000,$B44) -> 2 | V44: =IFERROR(AVERAGEIF(Data!$AA$4:$AA$10000,$B44,Data!$AH$4:$AH$10000),0) -> 196 | W44: {=+IFERROR(_xlfn.STDEV.P(IF(Data!$AA$4:$AA$10000=$B44,Data!$AH$4:$AH$10000)),)} -> 194 | X44: =+V44+W44 -> 390 | Z44: 25 - 30 | AA44: =+_xlfn.MAXIFS(Data!$AI$4:$AI$10000,Data!$AA$4:$AA$10000,$B44) -> 470 | AB44: =_xlfn.MINIFS(Data!$AI$4:$AI$10000,Data!$AA$4:$AA$10000,$B44) -> 69 | AC44: =IFERROR(AVERAGEIF(Data!$AA$4:$AA$10000,$B44,Data!$AI$4:$AI$10000),0) -> 269.5 | AD44: {=+IFERROR(_xlfn.STDEV.P(IF(Data!$AA$4:$AA$10000=$B44,Data!$AI$4:$AI$10000)),)} -> 200.5 | AE44: =+AC44+AD44 -> 470
B45: =30&$G$38 -> 30W-2 | C45: 30 - 35 | D45: =K13 -> 10 | E45: =+_xlfn.MAXIFS(Data!$AD$4:$AD$10000,Data!$AA$4:$AA$10000,$B45) -> 0 | F45: =_xlfn.MINIFS(Data!$AD$4:$AD$10000,Data!$AA$4:$AA$10000,$B45) -> 0 | G45: =IFERROR(AVERAGEIF(Data!$AA$4:$AA$10000,$B45,Data!$AD$4:$AD$10000),0) -> 0 | H45: {=+IFERROR(_xlfn.STDEV.P(IF(Data!$AA$4:$AA$10000=$B45,Data!$AD$4:$AD$10000)),)} -> 0 | I45: =+G45+H45 -> 0 | J45: =+G45+H45*2 -> 0 | L45: 30 - 35 | M45: =+_xlfn.MAXIFS(Data!$AG$4:$AG$10000,Data!$AA$4:$AA$10000,$B45) -> 0 | N45: =_xlfn.MINIFS(Data!$AG$4:$AG$10000,Data!$AA$4:$AA$10000,$B45) -> 0 | O45: =IFERROR(AVERAGEIF(Data!$AA$4:$AA$10000,$B45,Data!$AG$4:$AG$10000),0) -> 0 | P45: {=+IFERROR(_xlfn.STDEV.P(IF(Data!$AA$4:$AA$10000=$B45,Data!$AG$4:$AG$10000)),)} -> 0 | Q45: =+O45+P45 -> 0 | S45: 30 - 35 | T45: =+_xlfn.MAXIFS(Data!$AH$4:$AH$10000,Data!$AA$4:$AA$10000,$B45) -> 0 | U45: =_xlfn.MINIFS(Data!$AH$4:$AH$10000,Data!$AA$4:$AA$10000,$B45) -> 0 | V45: =IFERROR(AVERAGEIF(Data!$AA$4:$AA$10000,$B45,Data!$AH$4:$AH$10000),0) -> 0 | W45: {=+IFERROR(_xlfn.STDEV.P(IF(Data!$AA$4:$AA$10000=$B45,Data!$AH$4:$AH$10000)),)} -> 0 | X45: =+V45+W45 -> 0 | Z45: 30 - 35 | AA45: =+_xlfn.MAXIFS(Data!$AI$4:$AI$10000,Data!$AA$4:$AA$10000,$B45) -> 0 | AB45: =_xlfn.MINIFS(Data!$AI$4:$AI$10000,Data!$AA$4:$AA$10000,$B45) -> 0 | AC45: =IFERROR(AVERAGEIF(Data!$AA$4:$AA$10000,$B45,Data!$AI$4:$AI$10000),0) -> 0 | AD45: {=+IFERROR(_xlfn.STDEV.P(IF(Data!$AA$4:$AA$10000=$B45,Data!$AI$4:$AI$10000)),)} -> 0 | AE45: =+AC45+AD45 -> 0
B46: =35&$G$38 -> 35W-2 | C46: 35 - 40 | D46: =K14 -> 0 | E46: =+_xlfn.MAXIFS(Data!$AD$4:$AD$10000,Data!$AA$4:$AA$10000,$B46) -> 0 | F46: =_xlfn.MINIFS(Data!$AD$4:$AD$10000,Data!$AA$4:$AA$10000,$B46) -> 0 | G46: =IFERROR(AVERAGEIF(Data!$AA$4:$AA$10000,$B46,Data!$AD$4:$AD$10000),0) -> 0 | H46: {=+IFERROR(_xlfn.STDEV.P(IF(Data!$AA$4:$AA$10000=$B46,Data!$AD$4:$AD$10000)),)} -> 0 | I46: =+G46+H46 -> 0 | J46: =+G46+H46*2 -> 0 | L46: 35 - 40 | M46: =+_xlfn.MAXIFS(Data!$AG$4:$AG$10000,Data!$AA$4:$AA$10000,$B46) -> 0 | N46: =_xlfn.MINIFS(Data!$AG$4:$AG$10000,Data!$AA$4:$AA$10000,$B46) -> 0 | O46: =IFERROR(AVERAGEIF(Data!$AA$4:$AA$10000,$B46,Data!$AG$4:$AG$10000),0) -> 0 | P46: {=+IFERROR(_xlfn.STDEV.P(IF(Data!$AA$4:$AA$10000=$B46,Data!$AG$4:$AG$10000)),)} -> 0 | Q46: =+O46+P46 -> 0 | S46: 35 - 40 | T46: =+_xlfn.MAXIFS(Data!$AH$4:$AH$10000,Data!$AA$4:$AA$10000,$B46) -> 0 | U46: =_xlfn.MINIFS(Data!$AH$4:$AH$10000,Data!$AA$4:$AA$10000,$B46) -> 0 | V46: =IFERROR(AVERAGEIF(Data!$AA$4:$AA$10000,$B46,Data!$AH$4:$AH$10000),0) -> 0 | W46: {=+IFERROR(_xlfn.STDEV.P(IF(Data!$AA$4:$AA$10000=$B46,Data!$AH$4:$AH$10000)),)} -> 0 | X46: =+V46+W46 -> 0 | Z46: 35 - 40 | AA46: =+_xlfn.MAXIFS(Data!$AI$4:$AI$10000,Data!$AA$4:$AA$10000,$B46) -> 0 | AB46: =_xlfn.MINIFS(Data!$AI$4:$AI$10000,Data!$AA$4:$AA$10000,$B46) -> 0 | AC46: =IFERROR(AVERAGEIF(Data!$AA$4:$AA$10000,$B46,Data!$AI$4:$AI$10000),0) -> 0 | AD46: {=+IFERROR(_xlfn.STDEV.P(IF(Data!$AA$4:$AA$10000=$B46,Data!$AI$4:$AI$10000)),)} -> 0 | AE46: =+AC46+AD46 -> 0
B47: =40&$G$38 -> 40W-2 | C47: 40 - 100 | D47: =K15 -> 0 | E47: =+_xlfn.MAXIFS(Data!$AD$4:$AD$10000,Data!$AA$4:$AA$10000,$B47) -> 0 | F47: =_xlfn.MINIFS(Data!$AD$4:$AD$10000,Data!$AA$4:$AA$10000,$B47) -> 0 | G47: =IFERROR(AVERAGEIF(Data!$AA$4:$AA$10000,$B47,Data!$AD$4:$AD$10000),0) -> 0 | H47: {=+IFERROR(_xlfn.STDEV.P(IF(Data!$AA$4:$AA$10000=$B47,Data!$AD$4:$AD$10000)),)} -> 0 | I47: =+G47+H47 -> 0 | J47: =+G47+H47*2 -> 0 | L47: 40 - 100 | M47: =+_xlfn.MAXIFS(Data!$AG$4:$AG$10000,Data!$AA$4:$AA$10000,$B47) -> 0 | N47: =_xlfn.MINIFS(Data!$AG$4:$AG$10000,Data!$AA$4:$AA$10000,$B47) -> 0 | O47: =IFERROR(AVERAGEIF(Data!$AA$4:$AA$10000,$B47,Data!$AG$4:$AG$10000),0) -> 0 | P47: {=+IFERROR(_xlfn.STDEV.P(IF(Data!$AA$4:$AA$10000=$B47,Data!$AG$4:$AG$10000)),)} -> 0 | Q47: =+O47+P47 -> 0 | S47: 40 - 100 | T47: =+_xlfn.MAXIFS(Data!$AH$4:$AH$10000,Data!$AA$4:$AA$10000,$B47) -> 0 | U47: =_xlfn.MINIFS(Data!$AH$4:$AH$10000,Data!$AA$4:$AA$10000,$B47) -> 0 | V47: =IFERROR(AVERAGEIF(Data!$AA$4:$AA$10000,$B47,Data!$AH$4:$AH$10000),0) -> 0 | W47: {=+IFERROR(_xlfn.STDEV.P(IF(Data!$AA$4:$AA$10000=$B47,Data!$AH$4:$AH$10000)),)} -> 0 | X47: =+V47+W47 -> 0 | Z47: 40 - 100 | AA47: =+_xlfn.MAXIFS(Data!$AI$4:$AI$10000,Data!$AA$4:$AA$10000,$B47) -> 0 | AB47: =_xlfn.MINIFS(Data!$AI$4:$AI$10000,Data!$AA$4:$AA$10000,$B47) -> 0 | AC47: =IFERROR(AVERAGEIF(Data!$AA$4:$AA$10000,$B47,Data!$AI$4:$AI$10000),0) -> 0 | AD47: {=+IFERROR(_xlfn.STDEV.P(IF(Data!$AA$4:$AA$10000=$B47,Data!$AI$4:$AI$10000)),)} -> 0 | AE47: =+AC47+AD47 -> 0
C49: Range FDAX Analysis (per day - PREVIOUS week) | G49: W-1 | L49: Covered Distance UP Cases (per day - PREVIOUS week) | S49: Covered Distance DOWN Cases (per day - PREVIOUS week) | Z49: Closing Covered Distance (per day - PREVIOUS week)
I50: 0.682 | J50: =+I50+13.6%*2 -> 0.954
C51: Vola. Range | D51: Nº Days | E51: Max. Range | F51: Min. Range | G51: Average | H51: ST. Deviat. | I51: Expect. (1 SD) | J51: Expect. (2 SD) | L51: Vola. Range | M51: MAX UP Dist | N51: Min UP Dist | O51: Average | P51: ST. Deviat. | Q51: Expect. (1 SD) | S51: Vola. Range | T51: MAX DOWN Dist | U51: Min DOWN Dist | V51: Average | W51: ST. Deviat. | X51: Expect. (1 SD) | Z51: Vola. Range | AA51: MAX Dist | AB51: Min Dist | AC51: Average | AD51: ST. Deviat. | AE51: Expect. (1 SD)
B52: =0&$G$49 -> 0W-1 | C52: 0 - 15 | D52: =K9 -> 0 | E52: =+_xlfn.MAXIFS(Data!$AD$4:$AD$10000,Data!$AA$4:$AA$10000,$B52) -> 0 | F52: =_xlfn.MINIFS(Data!$AD$4:$AD$10000,Data!$AA$4:$AA$10000,$B52) -> 0 | G52: =IFERROR(AVERAGEIF(Data!$AA$4:$AA$10000,$B52,Data!$AD$4:$AD$10000),0) -> 0 | H52: {=+IFERROR(_xlfn.STDEV.P(IF(Data!$AA$4:$AA$10000=$B52,Data!$AD$4:$AD$10000)),)} -> 0 | I52: =+G52+H52 -> 0 | J52: =+G52+H52*2 -> 0 | L52: 0 - 15 | M52: =+_xlfn.MAXIFS(Data!$AG$4:$AG$10000,Data!$AA$4:$AA$10000,$B52) -> 0 | N52: =_xlfn.MINIFS(Data!$AG$4:$AG$10000,Data!$AA$4:$AA$10000,$B52) -> 0 | O52: =IFERROR(AVERAGEIF(Data!$AA$4:$AA$10000,$B52,Data!$AG$4:$AG$10000),0) -> 0 | P52: {=+IFERROR(_xlfn.STDEV.P(IF(Data!$AA$4:$AA$10000=$B52,Data!$AG$4:$AG$10000)),)} -> 0 | Q52: =+O52+P52 -> 0 | S52: 0 - 15 | T52: =+_xlfn.MAXIFS(Data!$AH$4:$AH$10000,Data!$AA$4:$AA$10000,$B52) -> 0 | U52: =_xlfn.MINIFS(Data!$AH$4:$AH$10000,Data!$AA$4:$AA$10000,$B52) -> 0 | V52: =IFERROR(AVERAGEIF(Data!$AA$4:$AA$10000,$B52,Data!$AH$4:$AH$10000),0) -> 0 | W52: {=+IFERROR(_xlfn.STDEV.P(IF(Data!$AA$4:$AA$10000=$B52,Data!$AH$4:$AH$10000)),)} -> 0 | X52: =+V52+W52 -> 0 | Z52: 0 - 15 | AA52: =+_xlfn.MAXIFS(Data!$AI$4:$AI$10000,Data!$AA$4:$AA$10000,$B52) -> 0 | AB52: =_xlfn.MINIFS(Data!$AI$4:$AI$10000,Data!$AA$4:$AA$10000,$B52) -> 0 | AC52: =IFERROR(AVERAGEIF(Data!$AA$4:$AA$10000,$B52,Data!$AI$4:$AI$10000),0) -> 0 | AD52: {=+IFERROR(_xlfn.STDEV.P(IF(Data!$AA$4:$AA$10000=$B52,Data!$AI$4:$AI$10000)),)} -> 0 | AE52: =+AC52+AD52 -> 0
B53: =15&$G$49 -> 15W-1 | C53: 15 -20 | D53: =K10 -> 47 | E53: =+_xlfn.MAXIFS(Data!$AD$4:$AD$10000,Data!$AA$4:$AA$10000,$B53) -> 210 | F53: =_xlfn.MINIFS(Data!$AD$4:$AD$10000,Data!$AA$4:$AA$10000,$B53) -> 210 | G53: =IFERROR(AVERAGEIF(Data!$AA$4:$AA$10000,$B53,Data!$AD$4:$AD$10000),0) -> 210 | H53: {=+IFERROR(_xlfn.STDEV.P(IF(Data!$AA$4:$AA$10000=$B53,Data!$AD$4:$AD$10000)),)} -> 0 | I53: =+G53+H53 -> 210 | J53: =+G53+H53*2 -> 210 | L53: 15 -20 | M53: =+_xlfn.MAXIFS(Data!$AG$4:$AG$10000,Data!$AA$4:$AA$10000,$B53) -> 210 | N53: =_xlfn.MINIFS(Data!$AG$4:$AG$10000,Data!$AA$4:$AA$10000,$B53) -> 210 | O53: =IFERROR(AVERAGEIF(Data!$AA$4:$AA$10000,$B53,Data!$AG$4:$AG$10000),0) -> 210 | P53: {=+IFERROR(_xlfn.STDEV.P(IF(Data!$AA$4:$AA$10000=$B53,Data!$AG$4:$AG$10000)),)} -> 0 | Q53: =+O53+P53 -> 210 | S53: 15 -20 | T53: =+_xlfn.MAXIFS(Data!$AH$4:$AH$10000,Data!$AA$4:$AA$10000,$B53) -> 0 | U53: =_xlfn.MINIFS(Data!$AH$4:$AH$10000,Data!$AA$4:$AA$10000,$B53) -> 0 | V53: =IFERROR(AVERAGEIF(Data!$AA$4:$AA$10000,$B53,Data!$AH$4:$AH$10000),0) -> 0 | W53: {=+IFERROR(_xlfn.STDEV.P(IF(Data!$AA$4:$AA$10000=$B53,Data!$AH$4:$AH$10000)),)} -> 0 | X53: =+V53+W53 -> 0 | Z53: 15 -20 | AA53: =+_xlfn.MAXIFS(Data!$AI$4:$AI$10000,Data!$AA$4:$AA$10000,$B53) -> 9 | AB53: =_xlfn.MINIFS(Data!$AI$4:$AI$10000,Data!$AA$4:$AA$10000,$B53) -> 9 | AC53: =IFERROR(AVERAGEIF(Data!$AA$4:$AA$10000,$B53,Data!$AI$4:$AI$10000),0) -> 9 | AD53: {=+IFERROR(_xlfn.STDEV.P(IF(Data!$AA$4:$AA$10000=$B53,Data!$AI$4:$AI$10000)),)} -> 0 | AE53: =+AC53+AD53 -> 9
B54: =20&$G$49 -> 20W-1 | C54: 20 - 25 | D54: =K11 -> 67 | E54: =+_xlfn.MAXIFS(Data!$AD$4:$AD$10000,Data!$AA$4:$AA$10000,$B54) -> 383 | F54: =_xlfn.MINIFS(Data!$AD$4:$AD$10000,Data!$AA$4:$AA$10000,$B54) -> 174 | G54: =IFERROR(AVERAGEIF(Data!$AA$4:$AA$10000,$B54,Data!$AD$4:$AD$10000),0) -> 242.75 | H54: {=+IFERROR(_xlfn.STDEV.P(IF(Data!$AA$4:$AA$10000=$B54,Data!$AD$4:$AD$10000)),)} -> 83.547516 | I54: =+G54+H54 -> 326.29752 | J54: =+G54+H54*2 -> 409.84503 | L54: 20 - 25 | M54: =+_xlfn.MAXIFS(Data!$AG$4:$AG$10000,Data!$AA$4:$AA$10000,$B54) -> 221 | N54: =_xlfn.MINIFS(Data!$AG$4:$AG$10000,Data!$AA$4:$AA$10000,$B54) -> 62 | O54: =IFERROR(AVERAGEIF(Data!$AA$4:$AA$10000,$B54,Data!$AG$4:$AG$10000),0) -> 127.25 | P54: {=+IFERROR(_xlfn.STDEV.P(IF(Data!$AA$4:$AA$10000=$B54,Data!$AG$4:$AG$10000)),)} -> 61.751012 | Q54: =+O54+P54 -> 189.00101 | S54: 20 - 25 | T54: =+_xlfn.MAXIFS(Data!$AH$4:$AH$10000,Data!$AA$4:$AA$10000,$B54) -> 321 | U54: =_xlfn.MINIFS(Data!$AH$4:$AH$10000,Data!$AA$4:$AA$10000,$B54) -> 8 | V54: =IFERROR(AVERAGEIF(Data!$AA$4:$AA$10000,$B54,Data!$AH$4:$AH$10000),0) -> 115.5 | W54: {=+IFERROR(_xlfn.STDEV.P(IF(Data!$AA$4:$AA$10000=$B54,Data!$AH$4:$AH$10000)),)} -> 123.60117 | X54: =+V54+W54 -> 239.10117 | Z54: 20 - 25 | AA54: =+_xlfn.MAXIFS(Data!$AI$4:$AI$10000,Data!$AA$4:$AA$10000,$B54) -> 131 | AB54: =_xlfn.MINIFS(Data!$AI$4:$AI$10000,Data!$AA$4:$AA$10000,$B54) -> 52 | AC54: =IFERROR(AVERAGEIF(Data!$AA$4:$AA$10000,$B54,Data!$AI$4:$AI$10000),0) -> 78 | AD54: {=+IFERROR(_xlfn.STDEV.P(IF(Data!$AA$4:$AA$10000=$B54,Data!$AI$4:$AI$10000)),)} -> 31.040296 | AE54: =+AC54+AD54 -> 109.0403
B55: =25&$G$49 -> 25W-1 | C55: 25 - 30 | D55: =K12 -> 46 | E55: =+_xlfn.MAXIFS(Data!$AD$4:$AD$10000,Data!$AA$4:$AA$10000,$B55) -> 0 | F55: =_xlfn.MINIFS(Data!$AD$4:$AD$10000,Data!$AA$4:$AA$10000,$B55) -> 0 | G55: =IFERROR(AVERAGEIF(Data!$AA$4:$AA$10000,$B55,Data!$AD$4:$AD$10000),0) -> 0 | H55: {=+IFERROR(_xlfn.STDEV.P(IF(Data!$AA$4:$AA$10000=$B55,Data!$AD$4:$AD$10000)),)} -> 0 | I55: =+G55+H55 -> 0 | J55: =+G55+H55*2 -> 0 | L55: 25 - 30 | M55: =+_xlfn.MAXIFS(Data!$AG$4:$AG$10000,Data!$AA$4:$AA$10000,$B55) -> 0 | N55: =_xlfn.MINIFS(Data!$AG$4:$AG$10000,Data!$AA$4:$AA$10000,$B55) -> 0 | O55: =IFERROR(AVERAGEIF(Data!$AA$4:$AA$10000,$B55,Data!$AG$4:$AG$10000),0) -> 0 | P55: {=+IFERROR(_xlfn.STDEV.P(IF(Data!$AA$4:$AA$10000=$B55,Data!$AG$4:$AG$10000)),)} -> 0 | Q55: =+O55+P55 -> 0 | S55: 25 - 30 | T55: =+_xlfn.MAXIFS(Data!$AH$4:$AH$10000,Data!$AA$4:$AA$10000,$B55) -> 0 | U55: =_xlfn.MINIFS(Data!$AH$4:$AH$10000,Data!$AA$4:$AA$10000,$B55) -> 0 | V55: =IFERROR(AVERAGEIF(Data!$AA$4:$AA$10000,$B55,Data!$AH$4:$AH$10000),0) -> 0 | W55: {=+IFERROR(_xlfn.STDEV.P(IF(Data!$AA$4:$AA$10000=$B55,Data!$AH$4:$AH$10000)),)} -> 0 | X55: =+V55+W55 -> 0 | Z55: 25 - 30 | AA55: =+_xlfn.MAXIFS(Data!$AI$4:$AI$10000,Data!$AA$4:$AA$10000,$B55) -> 0 | AB55: =_xlfn.MINIFS(Data!$AI$4:$AI$10000,Data!$AA$4:$AA$10000,$B55) -> 0 | AC55: =IFERROR(AVERAGEIF(Data!$AA$4:$AA$10000,$B55,Data!$AI$4:$AI$10000),0) -> 0 | AD55: {=+IFERROR(_xlfn.STDEV.P(IF(Data!$AA$4:$AA$10000=$B55,Data!$AI$4:$AI$10000)),)} -> 0 | AE55: =+AC55+AD55 -> 0
B56: =30&$G$49 -> 30W-1 | C56: 30 - 35 | D56: =K13 -> 10 | E56: =+_xlfn.MAXIFS(Data!$AD$4:$AD$10000,Data!$AA$4:$AA$10000,$B56) -> 0 | F56: =_xlfn.MINIFS(Data!$AD$4:$AD$10000,Data!$AA$4:$AA$10000,$B56) -> 0 | G56: =IFERROR(AVERAGEIF(Data!$AA$4:$AA$10000,$B56,Data!$AD$4:$AD$10000),0) -> 0 | H56: {=+IFERROR(_xlfn.STDEV.P(IF(Data!$AA$4:$AA$10000=$B56,Data!$AD$4:$AD$10000)),)} -> 0 | I56: =+G56+H56 -> 0 | J56: =+G56+H56*2 -> 0 | L56: 30 - 35 | M56: =+_xlfn.MAXIFS(Data!$AG$4:$AG$10000,Data!$AA$4:$AA$10000,$B56) -> 0 | N56: =_xlfn.MINIFS(Data!$AG$4:$AG$10000,Data!$AA$4:$AA$10000,$B56) -> 0 | O56: =IFERROR(AVERAGEIF(Data!$AA$4:$AA$10000,$B56,Data!$AG$4:$AG$10000),0) -> 0 | P56: {=+IFERROR(_xlfn.STDEV.P(IF(Data!$AA$4:$AA$10000=$B56,Data!$AG$4:$AG$10000)),)} -> 0 | Q56: =+O56+P56 -> 0 | S56: 30 - 35 | T56: =+_xlfn.MAXIFS(Data!$AH$4:$AH$10000,Data!$AA$4:$AA$10000,$B56) -> 0 | U56: =_xlfn.MINIFS(Data!$AH$4:$AH$10000,Data!$AA$4:$AA$10000,$B56) -> 0 | V56: =IFERROR(AVERAGEIF(Data!$AA$4:$AA$10000,$B56,Data!$AH$4:$AH$10000),0) -> 0 | W56: {=+IFERROR(_xlfn.STDEV.P(IF(Data!$AA$4:$AA$10000=$B56,Data!$AH$4:$AH$10000)),)} -> 0 | X56: =+V56+W56 -> 0 | Z56: 30 - 35 | AA56: =+_xlfn.MAXIFS(Data!$AI$4:$AI$10000,Data!$AA$4:$AA$10000,$B56) -> 0 | AB56: =_xlfn.MINIFS(Data!$AI$4:$AI$10000,Data!$AA$4:$AA$10000,$B56) -> 0 | AC56: =IFERROR(AVERAGEIF(Data!$AA$4:$AA$10000,$B56,Data!$AI$4:$AI$10000),0) -> 0 | AD56: {=+IFERROR(_xlfn.STDEV.P(IF(Data!$AA$4:$AA$10000=$B56,Data!$AI$4:$AI$10000)),)} -> 0 | AE56: =+AC56+AD56 -> 0
B57: =35&$G$49 -> 35W-1 | C57: 35 - 40 | D57: =K14 -> 0 | E57: =+_xlfn.MAXIFS(Data!$AD$4:$AD$10000,Data!$AA$4:$AA$10000,$B57) -> 0 | F57: =_xlfn.MINIFS(Data!$AD$4:$AD$10000,Data!$AA$4:$AA$10000,$B57) -> 0 | G57: =IFERROR(AVERAGEIF(Data!$AA$4:$AA$10000,$B57,Data!$AD$4:$AD$10000),0) -> 0 | H57: {=+IFERROR(_xlfn.STDEV.P(IF(Data!$AA$4:$AA$10000=$B57,Data!$AD$4:$AD$10000)),)} -> 0 | I57: =+G57+H57 -> 0 | J57: =+G57+H57*2 -> 0 | L57: 35 - 40 | M57: =+_xlfn.MAXIFS(Data!$AG$4:$AG$10000,Data!$AA$4:$AA$10000,$B57) -> 0 | N57: =_xlfn.MINIFS(Data!$AG$4:$AG$10000,Data!$AA$4:$AA$10000,$B57) -> 0 | O57: =IFERROR(AVERAGEIF(Data!$AA$4:$AA$10000,$B57,Data!$AG$4:$AG$10000),0) -> 0 | P57: {=+IFERROR(_xlfn.STDEV.P(IF(Data!$AA$4:$AA$10000=$B57,Data!$AG$4:$AG$10000)),)} -> 0 | Q57: =+O57+P57 -> 0 | S57: 35 - 40 | T57: =+_xlfn.MAXIFS(Data!$AH$4:$AH$10000,Data!$AA$4:$AA$10000,$B57) -> 0 | U57: =_xlfn.MINIFS(Data!$AH$4:$AH$10000,Data!$AA$4:$AA$10000,$B57) -> 0 | V57: =IFERROR(AVERAGEIF(Data!$AA$4:$AA$10000,$B57,Data!$AH$4:$AH$10000),0) -> 0 | W57: {=+IFERROR(_xlfn.STDEV.P(IF(Data!$AA$4:$AA$10000=$B57,Data!$AH$4:$AH$10000)),)} -> 0 | X57: =+V57+W57 -> 0 | Z57: 35 - 40 | AA57: =+_xlfn.MAXIFS(Data!$AI$4:$AI$10000,Data!$AA$4:$AA$10000,$B57) -> 0 | AB57: =_xlfn.MINIFS(Data!$AI$4:$AI$10000,Data!$AA$4:$AA$10000,$B57) -> 0 | AC57: =IFERROR(AVERAGEIF(Data!$AA$4:$AA$10000,$B57,Data!$AI$4:$AI$10000),0) -> 0 | AD57: {=+IFERROR(_xlfn.STDEV.P(IF(Data!$AA$4:$AA$10000=$B57,Data!$AI$4:$AI$10000)),)} -> 0 | AE57: =+AC57+AD57 -> 0
B58: =40&$G$49 -> 40W-1 | C58: 40 - 100 | D58: =K15 -> 0 | E58: =+_xlfn.MAXIFS(Data!$AD$4:$AD$10000,Data!$AA$4:$AA$10000,$B58) -> 0 | F58: =_xlfn.MINIFS(Data!$AD$4:$AD$10000,Data!$AA$4:$AA$10000,$B58) -> 0 | G58: =IFERROR(AVERAGEIF(Data!$AA$4:$AA$10000,$B58,Data!$AD$4:$AD$10000),0) -> 0 | H58: {=+IFERROR(_xlfn.STDEV.P(IF(Data!$AA$4:$AA$10000=$B58,Data!$AD$4:$AD$10000)),)} -> 0 | I58: =+G58+H58 -> 0 | J58: =+G58+H58*2 -> 0 | L58: 40 - 100 | M58: =+_xlfn.MAXIFS(Data!$AG$4:$AG$10000,Data!$AA$4:$AA$10000,$B58) -> 0 | N58: =_xlfn.MINIFS(Data!$AG$4:$AG$10000,Data!$AA$4:$AA$10000,$B58) -> 0 | O58: =IFERROR(AVERAGEIF(Data!$AA$4:$AA$10000,$B58,Data!$AG$4:$AG$10000),0) -> 0 | P58: {=+IFERROR(_xlfn.STDEV.P(IF(Data!$AA$4:$AA$10000=$B58,Data!$AG$4:$AG$10000)),)} -> 0 | Q58: =+O58+P58 -> 0 | S58: 40 - 100 | T58: =+_xlfn.MAXIFS(Data!$AH$4:$AH$10000,Data!$AA$4:$AA$10000,$B58) -> 0 | U58: =_xlfn.MINIFS(Data!$AH$4:$AH$10000,Data!$AA$4:$AA$10000,$B58) -> 0 | V58: =IFERROR(AVERAGEIF(Data!$AA$4:$AA$10000,$B58,Data!$AH$4:$AH$10000),0) -> 0 | W58: {=+IFERROR(_xlfn.STDEV.P(IF(Data!$AA$4:$AA$10000=$B58,Data!$AH$4:$AH$10000)),)} -> 0 | X58: =+V58+W58 -> 0 | Z58: 40 - 100 | AA58: =+_xlfn.MAXIFS(Data!$AI$4:$AI$10000,Data!$AA$4:$AA$10000,$B58) -> 0 | AB58: =_xlfn.MINIFS(Data!$AI$4:$AI$10000,Data!$AA$4:$AA$10000,$B58) -> 0 | AC58: =IFERROR(AVERAGEIF(Data!$AA$4:$AA$10000,$B58,Data!$AI$4:$AI$10000),0) -> 0 | AD58: {=+IFERROR(_xlfn.STDEV.P(IF(Data!$AA$4:$AA$10000=$B58,Data!$AI$4:$AI$10000)),)} -> 0 | AE58: =+AC58+AD58 -> 0
C60: Range FDAX Analysis (per day - last week) | G60: Last W | L60: Covered Distance UP Cases (per day - last week) | S60: Covered Distance DOWN Cases (per day - last week) | Z60: Closing Covered Distance (per day - last week)
I61: 0.682 | J61: =+I61+13.6%*2 -> 0.954
C62: Vola. Range | D62: Nº Days | E62: Max. Range | F62: Min. Range | G62: Average | H62: ST. Deviat. | I62: Expect. (1 SD) | J62: Expect. (2 SD) | L62: Vola. Range | M62: MAX UP Dist | N62: Min UP Dist | O62: Average | P62: ST. Deviat. | Q62: Expect. (1 SD) | S62: Vola. Range | T62: MAX DOWN Dist | U62: Min DOWN Dist | V62: Average | W62: ST. Deviat. | X62: Expect. (1 SD) | Z62: Vola. Range | AA62: MAX Dist | AB62: Min Dist | AC62: Average | AD62: ST. Deviat. | AE62: Expect. (1 SD)
B63: =0&$G$60 -> 0Last W | C63: 0 - 15 | D63: =+K9 -> 0 | E63: =+_xlfn.MAXIFS(Data!$AD$4:$AD$10000,Data!$AA$4:$AA$10000,$B63) -> 0 | F63: =_xlfn.MINIFS(Data!$AD$4:$AD$10000,Data!$AA$4:$AA$10000,$B63) -> 0 | G63: =IFERROR(AVERAGEIF(Data!$AA$4:$AA$10000,$B63,Data!$AD$4:$AD$10000),0) -> 0 | H63: {=+IFERROR(_xlfn.STDEV.P(IF(Data!$AA$4:$AA$10000=$B63,Data!$AD$4:$AD$10000)),)} -> 0 | I63: =+G63+H63 -> 0 | J63: =+G63+H63*2 -> 0 | L63: 0 - 15 | M63: =+_xlfn.MAXIFS(Data!$AG$4:$AG$10000,Data!$AA$4:$AA$10000,$B63) -> 0 | N63: =_xlfn.MINIFS(Data!$AG$4:$AG$10000,Data!$AA$4:$AA$10000,$B63) -> 0 | O63: =IFERROR(AVERAGEIF(Data!$AA$4:$AA$10000,$B63,Data!$AG$4:$AG$10000),0) -> 0 | P63: {=+IFERROR(_xlfn.STDEV.P(IF(Data!$AA$4:$AA$10000=$B63,Data!$AG$4:$AG$10000)),)} -> 0 | Q63: =+O63+P63 -> 0 | S63: 0 - 15 | T63: =+_xlfn.MAXIFS(Data!$AH$4:$AH$10000,Data!$AA$4:$AA$10000,$B63) -> 0 | U63: =_xlfn.MINIFS(Data!$AH$4:$AH$10000,Data!$AA$4:$AA$10000,$B63) -> 0 | V63: =IFERROR(AVERAGEIF(Data!$AA$4:$AA$10000,$B63,Data!$AH$4:$AH$10000),0) -> 0 | W63: {=+IFERROR(_xlfn.STDEV.P(IF(Data!$AA$4:$AA$10000=$B63,Data!$AH$4:$AH$10000)),)} -> 0 | X63: =+V63+W63 -> 0 | Z63: 0 - 15 | AA63: =+_xlfn.MAXIFS(Data!$AI$4:$AI$10000,Data!$AA$4:$AA$10000,$B63) -> 0 | AB63: =_xlfn.MINIFS(Data!$AI$4:$AI$10000,Data!$AA$4:$AA$10000,$B63) -> 0 | AC63: =IFERROR(AVERAGEIF(Data!$AA$4:$AA$10000,$B63,Data!$AI$4:$AI$10000),0) -> 0 | AD63: {=+IFERROR(_xlfn.STDEV.P(IF(Data!$AA$4:$AA$10000=$B63,Data!$AI$4:$AI$10000)),)} -> 0 | AE63: =+AC63+AD63 -> 0
B64: =15&$G$60 -> 15Last W | C64: 15 -20 | D64: =+K10 -> 47 | E64: =+_xlfn.MAXIFS(Data!$AD$4:$AD$10000,Data!$AA$4:$AA$10000,$B64) -> 174 | F64: =_xlfn.MINIFS(Data!$AD$4:$AD$10000,Data!$AA$4:$AA$10000,$B64) -> 108 | G64: =IFERROR(AVERAGEIF(Data!$AA$4:$AA$10000,$B64,Data!$AD$4:$AD$10000),0) -> 151.4 | H64: {=+IFERROR(_xlfn.STDEV.P(IF(Data!$AA$4:$AA$10000=$B64,Data!$AD$4:$AD$10000)),)} -> 22.67686 | I64: =+G64+H64 -> 174.07686 | J64: =+G64+H64*2 -> 196.75372 | L64: 15 -20 | M64: =+_xlfn.MAXIFS(Data!$AG$4:$AG$10000,Data!$AA$4:$AA$10000,$B64) -> 146 | N64: =_xlfn.MINIFS(Data!$AG$4:$AG$10000,Data!$AA$4:$AA$10000,$B64) -> 17 | O64: =IFERROR(AVERAGEIF(Data!$AA$4:$AA$10000,$B64,Data!$AG$4:$AG$10000),0) -> 89.4 | P64: {=+IFERROR(_xlfn.STDEV.P(IF(Data!$AA$4:$AA$10000=$B64,Data!$AG$4:$AG$10000)),)} -> 51.110077 | Q64: =+O64+P64 -> 140.51008 | S64: 15 -20 | T64: =+_xlfn.MAXIFS(Data!$AH$4:$AH$10000,Data!$AA$4:$AA$10000,$B64) -> 142 | U64: =_xlfn.MINIFS(Data!$AH$4:$AH$10000,Data!$AA$4:$AA$10000,$B64) -> 27 | V64: =IFERROR(AVERAGEIF(Data!$AA$4:$AA$10000,$B64,Data!$AH$4:$AH$10000),0) -> 62 | W64: {=+IFERROR(_xlfn.STDEV.P(IF(Data!$AA$4:$AA$10000=$B64,Data!$AH$4:$AH$10000)),)} -> 42.67552 | X64: =+V64+W64 -> 104.67552 | Z64: 15 -20 | AA64: =+_xlfn.MAXIFS(Data!$AI$4:$AI$10000,Data!$AA$4:$AA$10000,$B64) -> 125 | AB64: =_xlfn.MINIFS(Data!$AI$4:$AI$10000,Data!$AA$4:$AA$10000,$B64) -> 12 | AC64: =IFERROR(AVERAGEIF(Data!$AA$4:$AA$10000,$B64,Data!$AI$4:$AI$10000),0) -> 49 | AD64: {=+IFERROR(_xlfn.STDEV.P(IF(Data!$AA$4:$AA$10000=$B64,Data!$AI$4:$AI$10000)),)} -> 42.867237 | AE64: =+AC64+AD64 -> 91.867237
B65: =20&$G$60 -> 20Last W | C65: 20 - 25 | D65: =+K11 -> 67 | E65: =+_xlfn.MAXIFS(Data!$AD$4:$AD$10000,Data!$AA$4:$AA$10000,$B65) -> 0 | F65: =_xlfn.MINIFS(Data!$AD$4:$AD$10000,Data!$AA$4:$AA$10000,$B65) -> 0 | G65: =IFERROR(AVERAGEIF(Data!$AA$4:$AA$10000,$B65,Data!$AD$4:$AD$10000),0) -> 0 | H65: {=+IFERROR(_xlfn.STDEV.P(IF(Data!$AA$4:$AA$10000=$B65,Data!$AD$4:$AD$10000)),)} -> 0 | I65: =+G65+H65 -> 0 | J65: =+G65+H65*2 -> 0 | L65: 20 - 25 | M65: =+_xlfn.MAXIFS(Data!$AG$4:$AG$10000,Data!$AA$4:$AA$10000,$B65) -> 0 | N65: =_xlfn.MINIFS(Data!$AG$4:$AG$10000,Data!$AA$4:$AA$10000,$B65) -> 0 | O65: =IFERROR(AVERAGEIF(Data!$AA$4:$AA$10000,$B65,Data!$AG$4:$AG$10000),0) -> 0 | P65: {=+IFERROR(_xlfn.STDEV.P(IF(Data!$AA$4:$AA$10000=$B65,Data!$AG$4:$AG$10000)),)} -> 0 | Q65: =+O65+P65 -> 0 | S65: 20 - 25 | T65: =+_xlfn.MAXIFS(Data!$AH$4:$AH$10000,Data!$AA$4:$AA$10000,$B65) -> 0 | U65: =_xlfn.MINIFS(Data!$AH$4:$AH$10000,Data!$AA$4:$AA$10000,$B65) -> 0 | V65: =IFERROR(AVERAGEIF(Data!$AA$4:$AA$10000,$B65,Data!$AH$4:$AH$10000),0) -> 0 | W65: {=+IFERROR(_xlfn.STDEV.P(IF(Data!$AA$4:$AA$10000=$B65,Data!$AH$4:$AH$10000)),)} -> 0 | X65: =+V65+W65 -> 0 | Z65: 20 - 25 | AA65: =+_xlfn.MAXIFS(Data!$AI$4:$AI$10000,Data!$AA$4:$AA$10000,$B65) -> 0 | AB65: =_xlfn.MINIFS(Data!$AI$4:$AI$10000,Data!$AA$4:$AA$10000,$B65) -> 0 | AC65: =IFERROR(AVERAGEIF(Data!$AA$4:$AA$10000,$B65,Data!$AI$4:$AI$10000),0) -> 0 | AD65: {=+IFERROR(_xlfn.STDEV.P(IF(Data!$AA$4:$AA$10000=$B65,Data!$AI$4:$AI$10000)),)} -> 0 | AE65: =+AC65+AD65 -> 0
B66: =25&$G$60 -> 25Last W | C66: 25 - 30 | D66: =+K12 -> 46 | E66: =+_xlfn.MAXIFS(Data!$AD$4:$AD$10000,Data!$AA$4:$AA$10000,$B66) -> 0 | F66: =_xlfn.MINIFS(Data!$AD$4:$AD$10000,Data!$AA$4:$AA$10000,$B66) -> 0 | G66: =IFERROR(AVERAGEIF(Data!$AA$4:$AA$10000,$B66,Data!$AD$4:$AD$10000),0) -> 0 | H66: {=+IFERROR(_xlfn.STDEV.P(IF(Data!$AA$4:$AA$10000=$B66,Data!$AD$4:$AD$10000)),)} -> 0 | I66: =+G66+H66 -> 0 | J66: =+G66+H66*2 -> 0 | L66: 25 - 30 | M66: =+_xlfn.MAXIFS(Data!$AG$4:$AG$10000,Data!$AA$4:$AA$10000,$B66) -> 0 | N66: =_xlfn.MINIFS(Data!$AG$4:$AG$10000,Data!$AA$4:$AA$10000,$B66) -> 0 | O66: =IFERROR(AVERAGEIF(Data!$AA$4:$AA$10000,$B66,Data!$AG$4:$AG$10000),0) -> 0 | P66: {=+IFERROR(_xlfn.STDEV.P(IF(Data!$AA$4:$AA$10000=$B66,Data!$AG$4:$AG$10000)),)} -> 0 | Q66: =+O66+P66 -> 0 | S66: 25 - 30 | T66: =+_xlfn.MAXIFS(Data!$AH$4:$AH$10000,Data!$AA$4:$AA$10000,$B66) -> 0 | U66: =_xlfn.MINIFS(Data!$AH$4:$AH$10000,Data!$AA$4:$AA$10000,$B66) -> 0 | V66: =IFERROR(AVERAGEIF(Data!$AA$4:$AA$10000,$B66,Data!$AH$4:$AH$10000),0) -> 0 | W66: {=+IFERROR(_xlfn.STDEV.P(IF(Data!$AA$4:$AA$10000=$B66,Data!$AH$4:$AH$10000)),)} -> 0 | X66: =+V66+W66 -> 0 | Z66: 25 - 30 | AA66: =+_xlfn.MAXIFS(Data!$AI$4:$AI$10000,Data!$AA$4:$AA$10000,$B66) -> 0 | AB66: =_xlfn.MINIFS(Data!$AI$4:$AI$10000,Data!$AA$4:$AA$10000,$B66) -> 0 | AC66: =IFERROR(AVERAGEIF(Data!$AA$4:$AA$10000,$B66,Data!$AI$4:$AI$10000),0) -> 0 | AD66: {=+IFERROR(_xlfn.STDEV.P(IF(Data!$AA$4:$AA$10000=$B66,Data!$AI$4:$AI$10000)),)} -> 0 | AE66: =+AC66+AD66 -> 0
B67: =30&$G$60 -> 30Last W | C67: 30 - 35 | D67: =+K13 -> 10 | E67: =+_xlfn.MAXIFS(Data!$AD$4:$AD$10000,Data!$AA$4:$AA$10000,$B67) -> 0 | F67: =_xlfn.MINIFS(Data!$AD$4:$AD$10000,Data!$AA$4:$AA$10000,$B67) -> 0 | G67: =IFERROR(AVERAGEIF(Data!$AA$4:$AA$10000,$B67,Data!$AD$4:$AD$10000),0) -> 0 | H67: {=+IFERROR(_xlfn.STDEV.P(IF(Data!$AA$4:$AA$10000=$B67,Data!$AD$4:$AD$10000)),)} -> 0 | I67: =+G67+H67 -> 0 | J67: =+G67+H67*2 -> 0 | L67: 30 - 35 | M67: =+_xlfn.MAXIFS(Data!$AG$4:$AG$10000,Data!$AA$4:$AA$10000,$B67) -> 0 | N67: =_xlfn.MINIFS(Data!$AG$4:$AG$10000,Data!$AA$4:$AA$10000,$B67) -> 0 | O67: =IFERROR(AVERAGEIF(Data!$AA$4:$AA$10000,$B67,Data!$AG$4:$AG$10000),0) -> 0 | P67: {=+IFERROR(_xlfn.STDEV.P(IF(Data!$AA$4:$AA$10000=$B67,Data!$AG$4:$AG$10000)),)} -> 0 | Q67: =+O67+P67 -> 0 | S67: 30 - 35 | T67: =+_xlfn.MAXIFS(Data!$AH$4:$AH$10000,Data!$AA$4:$AA$10000,$B67) -> 0 | U67: =_xlfn.MINIFS(Data!$AH$4:$AH$10000,Data!$AA$4:$AA$10000,$B67) -> 0 | V67: =IFERROR(AVERAGEIF(Data!$AA$4:$AA$10000,$B67,Data!$AH$4:$AH$10000),0) -> 0 | W67: {=+IFERROR(_xlfn.STDEV.P(IF(Data!$AA$4:$AA$10000=$B67,Data!$AH$4:$AH$10000)),)} -> 0 | X67: =+V67+W67 -> 0 | Z67: 30 - 35 | AA67: =+_xlfn.MAXIFS(Data!$AI$4:$AI$10000,Data!$AA$4:$AA$10000,$B67) -> 0 | AB67: =_xlfn.MINIFS(Data!$AI$4:$AI$10000,Data!$AA$4:$AA$10000,$B67) -> 0 | AC67: =IFERROR(AVERAGEIF(Data!$AA$4:$AA$10000,$B67,Data!$AI$4:$AI$10000),0) -> 0 | AD67: {=+IFERROR(_xlfn.STDEV.P(IF(Data!$AA$4:$AA$10000=$B67,Data!$AI$4:$AI$10000)),)} -> 0 | AE67: =+AC67+AD67 -> 0
B68: =35&$G$60 -> 35Last W | C68: 35 - 40 | D68: =+K14 -> 0 | E68: =+_xlfn.MAXIFS(Data!$AD$4:$AD$10000,Data!$AA$4:$AA$10000,$B68) -> 0 | F68: =_xlfn.MINIFS(Data!$AD$4:$AD$10000,Data!$AA$4:$AA$10000,$B68) -> 0 | G68: =IFERROR(AVERAGEIF(Data!$AA$4:$AA$10000,$B68,Data!$AD$4:$AD$10000),0) -> 0 | H68: {=+IFERROR(_xlfn.STDEV.P(IF(Data!$AA$4:$AA$10000=$B68,Data!$AD$4:$AD$10000)),)} -> 0 | I68: =+G68+H68 -> 0 | J68: =+G68+H68*2 -> 0 | L68: 35 - 40 | M68: =+_xlfn.MAXIFS(Data!$AG$4:$AG$10000,Data!$AA$4:$AA$10000,$B68) -> 0 | N68: =_xlfn.MINIFS(Data!$AG$4:$AG$10000,Data!$AA$4:$AA$10000,$B68) -> 0 | O68: =IFERROR(AVERAGEIF(Data!$AA$4:$AA$10000,$B68,Data!$AG$4:$AG$10000),0) -> 0 | P68: {=+IFERROR(_xlfn.STDEV.P(IF(Data!$AA$4:$AA$10000=$B68,Data!$AG$4:$AG$10000)),)} -> 0 | Q68: =+O68+P68 -> 0 | S68: 35 - 40 | T68: =+_xlfn.MAXIFS(Data!$AH$4:$AH$10000,Data!$AA$4:$AA$10000,$B68) -> 0 | U68: =_xlfn.MINIFS(Data!$AH$4:$AH$10000,Data!$AA$4:$AA$10000,$B68) -> 0 | V68: =IFERROR(AVERAGEIF(Data!$AA$4:$AA$10000,$B68,Data!$AH$4:$AH$10000),0) -> 0 | W68: {=+IFERROR(_xlfn.STDEV.P(IF(Data!$AA$4:$AA$10000=$B68,Data!$AH$4:$AH$10000)),)} -> 0 | X68: =+V68+W68 -> 0 | Z68: 35 - 40 | AA68: =+_xlfn.MAXIFS(Data!$AI$4:$AI$10000,Data!$AA$4:$AA$10000,$B68) -> 0 | AB68: =_xlfn.MINIFS(Data!$AI$4:$AI$10000,Data!$AA$4:$AA$10000,$B68) -> 0 | AC68: =IFERROR(AVERAGEIF(Data!$AA$4:$AA$10000,$B68,Data!$AI$4:$AI$10000),0) -> 0 | AD68: {=+IFERROR(_xlfn.STDEV.P(IF(Data!$AA$4:$AA$10000=$B68,Data!$AI$4:$AI$10000)),)} -> 0 | AE68: =+AC68+AD68 -> 0
B69: =40&$G$60 -> 40Last W | C69: 40 - 100 | D69: =+K15 -> 0 | E69: =+_xlfn.MAXIFS(Data!$AD$4:$AD$10000,Data!$AA$4:$AA$10000,$B69) -> 0 | F69: =_xlfn.MINIFS(Data!$AD$4:$AD$10000,Data!$AA$4:$AA$10000,$B69) -> 0 | G69: =IFERROR(AVERAGEIF(Data!$AA$4:$AA$10000,$B69,Data!$AD$4:$AD$10000),0) -> 0 | H69: {=+IFERROR(_xlfn.STDEV.P(IF(Data!$AA$4:$AA$10000=$B69,Data!$AD$4:$AD$10000)),)} -> 0 | I69: =+G69+H69 -> 0 | J69: =+G69+H69*2 -> 0 | L69: 40 - 100 | M69: =+_xlfn.MAXIFS(Data!$AG$4:$AG$10000,Data!$AA$4:$AA$10000,$B69) -> 0 | N69: =_xlfn.MINIFS(Data!$AG$4:$AG$10000,Data!$AA$4:$AA$10000,$B69) -> 0 | O69: =IFERROR(AVERAGEIF(Data!$AA$4:$AA$10000,$B69,Data!$AG$4:$AG$10000),0) -> 0 | P69: {=+IFERROR(_xlfn.STDEV.P(IF(Data!$AA$4:$AA$10000=$B69,Data!$AG$4:$AG$10000)),)} -> 0 | Q69: =+O69+P69 -> 0 | S69: 40 - 100 | T69: =+_xlfn.MAXIFS(Data!$AH$4:$AH$10000,Data!$AA$4:$AA$10000,$B69) -> 0 | U69: =_xlfn.MINIFS(Data!$AH$4:$AH$10000,Data!$AA$4:$AA$10000,$B69) -> 0 | V69: =IFERROR(AVERAGEIF(Data!$AA$4:$AA$10000,$B69,Data!$AH$4:$AH$10000),0) -> 0 | W69: {=+IFERROR(_xlfn.STDEV.P(IF(Data!$AA$4:$AA$10000=$B69,Data!$AH$4:$AH$10000)),)} -> 0 | X69: =+V69+W69 -> 0 | Z69: 40 - 100 | AA69: =+_xlfn.MAXIFS(Data!$AI$4:$AI$10000,Data!$AA$4:$AA$10000,$B69) -> 0 | AB69: =_xlfn.MINIFS(Data!$AI$4:$AI$10000,Data!$AA$4:$AA$10000,$B69) -> 0 | AC69: =IFERROR(AVERAGEIF(Data!$AA$4:$AA$10000,$B69,Data!$AI$4:$AI$10000),0) -> 0 | AD69: {=+IFERROR(_xlfn.STDEV.P(IF(Data!$AA$4:$AA$10000=$B69,Data!$AI$4:$AI$10000)),)} -> 0 | AE69: =+AC69+AD69 -> 0
B73: Weekly Georg Stats
B75: Morning Session | J75: Setup 1 | R75: Setup 2, 3 and 4
B77: Trade | C77: Num. of cases | D77: Profits | E77: Breakevens | F77: Losses | G77: Profit Ratio | J77: Trade | K77: Num. of cases | L77: Profits | M77: Breakevens | N77: Losses | O77: Profit Ratio | R77: Trade | S77: Num. of cases | T77: Profits | U77: Breakevens | V77: Losses | W77: Profit Ratio
B78: Short 2nd Zone | C78: =+vtad!AI3 -> 22 | D78: =+vtad!AJ3 -> 17 | E78: =+vtad!AK3 -> 0 | F78: =+vtad!AL3 -> 5 | G78: =+vtad!AN3 -> 0.77272727 | J78: Short 2nd Zone | K78: =+vtad!AQ3 -> 8 | L78: =+vtad!AR3 -> 5 | M78: =+vtad!AS3 -> 1 | N78: =+vtad!AT3 -> 2 | O78: =+vtad!AV3 -> 0.625 | R78: =+vtad!AX3 -> Setup 2 | S78: =+vtad!AY3 -> 13 | T78: =+vtad!AZ3 -> 13 | U78: =+vtad!BA3 -> 0 | V78: =+vtad!BB3 -> 0 | W78: =+vtad!BD3 -> 1
B79: Short 1st Zone | C79: =+vtad!AI4 -> 57 | D79: =+vtad!AJ4 -> 42 | E79: =+vtad!AK4 -> 4 | F79: =+vtad!AL4 -> 11 | G79: =+vtad!AN4 -> 0.73684211 | J79: Short 1st Zone | K79: =+vtad!AQ4 -> 11 | L79: =+vtad!AR4 -> 8 | M79: =+vtad!AS4 -> 0 | N79: =+vtad!AT4 -> 3 | O79: =+vtad!AV4 -> 0.72727273 | R79: =+vtad!AX4 -> Setup 3 | S79: =+vtad!AY4 -> 25 | T79: =+vtad!AZ4 -> 22 | U79: =+vtad!BA4 -> 1 | V79: =+vtad!BB4 -> 2 | W79: =+vtad!BD4 -> 0.88
B80: Long 1st Zone | C80: =+vtad!AI5 -> 70 | D80: =+vtad!AJ5 -> 47 | E80: =+vtad!AK5 -> 6 | F80: =+vtad!AL5 -> 17 | G80: =+vtad!AN5 -> 0.67142857 | J80: Long 1st Zone | K80: =+vtad!AQ5 -> 5 | L80: =+vtad!AR5 -> 5 | M80: =+vtad!AS5 -> 0 | N80: =+vtad!AT5 -> 0 | O80: =+vtad!AV5 -> 1 | R80: =+vtad!AX5 -> Setup 4 | S80: =+vtad!AY5 -> 74 | T80: =+vtad!AZ5 -> 67 | U80: =+vtad!BA5 -> 1 | V80: =+vtad!BB5 -> 6 | W80: =+vtad!BD5 -> 0.90540541
B81: Long 2nd Zone | C81: =+vtad!AI6 -> 32 | D81: =+vtad!AJ6 -> 22 | E81: =+vtad!AK6 -> 3 | F81: =+vtad!AL6 -> 7 | G81: =+vtad!AN6 -> 0.6875 | J81: Long 2nd Zone | K81: =+vtad!AQ6 -> 8 | L81: =+vtad!AR6 -> 6 | M81: =+vtad!AS6 -> 0 | N81: =+vtad!AT6 -> 2 | O81: =+vtad!AV6 -> 0.75
B82: =+vtad!AH7 -> Double GAP | C82: =+vtad!AI7 -> 26 | D82: =+vtad!AJ7 -> 26 | E82: =+vtad!AK7 -> 0 | F82: =+vtad!AL7 -> 0 | G82: =+vtad!AN7 -> 1 | J82: =+vtad!AP7 -> Setup1 | K82: =+vtad!AQ7 -> 32 | L82: =+vtad!AR7 -> 24 | M82: =+vtad!AS7 -> 1 | N82: =+vtad!AT7 -> 7 | O82: =+vtad!AV7 -> 0.75
B83: =+vtad!AH8 -> Wide GAP | C83: =+vtad!AI8 -> 11 | D83: =+vtad!AJ8 -> 9 | E83: =+vtad!AK8 -> 1 | F83: =+vtad!AL8 -> 1 | G83: =+vtad!AN8 -> 0.81818182
B85: Morning Session | D85: VDAX-new Range 20-25 | F85: 20 | J85: Setup 1 | K85: =+D85 -> VDAX-new Range 20-25 | R85: Setup 2, 3 and 4 | T85: =+D85 -> VDAX-new Range 20-25
B87: Trade | C87: Num. of cases | D87: Profits | E87: Breakevens | F87: Losses | G87: Profit Ratio | J87: Trade | K87: Num. of cases | L87: Profits | M87: Breakevens | N87: Losses | O87: Profit Ratio | R87: Trade | S87: Num. of cases | T87: Profits | U87: Breakevens | V87: Losses | W87: Profit Ratio
B88: Short 2nd Zone | C88: =+COUNTIFS(vtad!$B$11:$B$1048576,$F$85,vtad!$L$11:$L$1048576,"<>"&"") -> 10 | D88: =+COUNTIFS(vtad!$B$11:$B$1048576,$F$85,vtad!$L$11:$L$1048576,1) -> 9 | E88: =+COUNTIFS(vtad!$B$11:$B$1048576,$F$85,vtad!$L$11:$L$1048576,2) -> 0 | F88: =+COUNTIFS(vtad!$B$11:$B$1048576,$F$85,vtad!$L$11:$L$1048576,3) -> 1 | G88: =IFERROR(D88/(C88),"") -> 0.9 | J88: Short 2nd Zone | K88: =+COUNTIFS(vtad!$B$11:$B$1048576,$F$85,vtad!$S$11:$S$1048576,"<>"&"") -> 2 | L88: =+COUNTIFS(vtad!$B$11:$B$1048576,$F$85,vtad!$S$11:$S$1048576,1) -> 2 | M88: =+COUNTIFS(vtad!$B$11:$B$1048576,$F$85,vtad!$S$11:$S$1048576,2) -> 0 | N88: =+COUNTIFS(vtad!$B$11:$B$1048576,$F$85,vtad!$S$11:$S$1048576,3) -> 0 | O88: =IFERROR(L88/(K88),"") -> 1 | R88: =+R78 -> Setup 2 | S88: =+COUNTIFS(vtad!$B$11:$B$1048576,$F$85,vtad!$U$11:$U$1048576,"<>"&"") -> 4 | T88: =+COUNTIFS(vtad!$B$11:$B$1048576,$F$85,vtad!$U$11:$U$1048576,1) -> 4 | U88: =+COUNTIFS(vtad!$B$11:$B$1048576,$F$85,vtad!$U$11:$U$1048576,2) -> 0 | V88: =+COUNTIFS(vtad!$B$11:$B$1048576,$F$85,vtad!$U$11:$U$1048576,3) -> 0 | W88: =IFERROR(T88/(S88),"") -> 1
B89: Short 1st Zone | C89: =+COUNTIFS(vtad!$B$11:$B$1048576,$F$85,vtad!$K$11:$K$1048576,"<>"&"") -> 22 | D89: =+COUNTIFS(vtad!$B$11:$B$1048576,$F$85,vtad!$K$11:$K$1048576,1) -> 14 | E89: =+COUNTIFS(vtad!$B$11:$B$1048576,$F$85,vtad!$K$11:$K$1048576,2) -> 4 | F89: =+COUNTIFS(vtad!$B$11:$B$1048576,$F$85,vtad!$K$11:$K$1048576,3) -> 4 | G89: =IFERROR(D89/(C89),"") -> 0.63636364 | J89: Short 1st Zone | K89: =+COUNTIFS(vtad!$B$11:$B$1048576,$F$85,vtad!$R$11:$R$1048576,"<>"&"") -> 3 | L89: =+COUNTIFS(vtad!$B$11:$B$1048576,$F$85,vtad!$R$11:$R$1048576,1) -> 3 | M89: =+COUNTIFS(vtad!$B$11:$B$1048576,$F$85,vtad!$R$11:$R$1048576,2) -> 0 | N89: =+COUNTIFS(vtad!$B$11:$B$1048576,$F$85,vtad!$R$11:$R$1048576,3) -> 0 | O89: =IFERROR(L89/(K89),"") -> 1 | R89: =+R79 -> Setup 3 | S89: =+COUNTIFS(vtad!$B$11:$B$1048576,$F$85,vtad!$V$11:$V$1048576,"<>"&"") -> 10 | T89: =+COUNTIFS(vtad!$B$11:$B$1048576,$F$85,vtad!$V$11:$V$1048576,1) -> 9 | U89: =+COUNTIFS(vtad!$B$11:$B$1048576,$F$85,vtad!$V$11:$V$1048576,2) -> 0 | V89: =+COUNTIFS(vtad!$B$11:$B$1048576,$F$85,vtad!$V$11:$V$1048576,3) -> 1 | W89: =IFERROR(T89/(S89),"") -> 0.9
B90: Long 1st Zone | C90: =+COUNTIFS(vtad!$B$11:$B$1048576,$F$85,vtad!$H$11:$H$1048576,"<>"&"") -> 25 | D90: =+COUNTIFS(vtad!$B$11:$B$1048576,$F$85,vtad!$H$11:$H$1048576,1) -> 15 | E90: =+COUNTIFS(vtad!$B$11:$B$1048576,$F$85,vtad!$H$11:$H$1048576,2) -> 4 | F90: =+COUNTIFS(vtad!$B$11:$B$1048576,$F$85,vtad!$H$11:$H$1048576,3) -> 6 | G90: =IFERROR(D90/(C90),"") -> 0.6 | J90: Long 1st Zone | K90: =+COUNTIFS(vtad!$B$11:$B$1048576,$F$85,vtad!$O$11:$O$1048576,"<>"&"") -> 2 | L90: =+COUNTIFS(vtad!$B$11:$B$1048576,$F$85,vtad!$O$11:$O$1048576,1) -> 2 | M90: =+COUNTIFS(vtad!$B$11:$B$1048576,$F$85,vtad!$O$11:$O$1048576,2) -> 0 | N90: =+COUNTIFS(vtad!$B$11:$B$1048576,$F$85,vtad!$O$11:$O$1048576,3) -> 0 | O90: =IFERROR(L90/(K90),"") -> 1 | R90: =+R80 -> Setup 4 | S90: =+COUNTIFS(vtad!$B$11:$B$1048576,$F$85,vtad!$W$11:$W$1048576,"<>"&"") -> 31 | T90: =+COUNTIFS(vtad!$B$11:$B$1048576,$F$85,vtad!$W$11:$W$1048576,1) -> 30 | U90: =+COUNTIFS(vtad!$B$11:$B$1048576,$F$85,vtad!$W$11:$W$1048576,2) -> 1 | V90: =+COUNTIFS(vtad!$B$11:$B$1048576,$F$85,vtad!$W$11:$W$1048576,3) -> 0 | W90: =IFERROR(T90/(S90),"") -> 0.96774194
B91: Long 2nd Zone | C91: =+COUNTIFS(vtad!$B$11:$B$1048576,$F$85,vtad!$I$11:$I$1048576,"<>"&"") -> 8 | D91: =+COUNTIFS(vtad!$B$11:$B$1048576,$F$85,vtad!$I$11:$I$1048576,1) -> 6 | E91: =+COUNTIFS(vtad!$B$11:$B$1048576,$F$85,vtad!$I$11:$I$1048576,2) -> 0 | F91: =+COUNTIFS(vtad!$B$11:$B$1048576,$F$85,vtad!$I$11:$I$1048576,3) -> 2 | G91: =IFERROR(D91/(C91),"") -> 0.75 | J91: Long 2nd Zone | K91: =+COUNTIFS(vtad!$B$11:$B$1048576,$F$85,vtad!$P$11:$P$1048576,"<>"&"") -> 1 | L91: =+COUNTIFS(vtad!$B$11:$B$1048576,$F$85,vtad!$P$11:$P$1048576,1) -> 1 | M91: =+COUNTIFS(vtad!$B$11:$B$1048576,$F$85,vtad!$P$11:$P$1048576,2) -> 0 | N91: =+COUNTIFS(vtad!$B$11:$B$1048576,$F$85,vtad!$P$11:$P$1048576,3) -> 0 | O91: =IFERROR(L91/(K91),"") -> 1
B92: Double GAP | C92: =+COUNTIFS(vtad!$B$11:$B$1048576,$F$85,vtad!$E$11:$E$1048576,"<>"&"") -> 9 | D92: =+COUNTIFS(vtad!$B$11:$B$1048576,$F$85,vtad!$E$11:$E$1048576,1) -> 9 | E92: =+COUNTIFS(vtad!$B$11:$B$1048576,$F$85,vtad!$E$11:$E$1048576,2) -> 0 | F92: =+COUNTIFS(vtad!$B$11:$B$1048576,$F$85,vtad!$E$11:$E$1048576,3) -> 0 | G92: =IFERROR(D92/(C92),"") -> 1 | J92: Setup 1 | K92: =+SUM(K88:K91) -> 8 | L92: =+SUM(L88:L91) -> 8 | M92: =+SUM(M88:M91) -> 0 | N92: =+SUM(N88:N91) -> 0 | O92: =IFERROR(L92/(K92),"") -> 1
B93: Wide GAP | C93: =+COUNTIFS(vtad!$B$11:$B$1048576,$F$85,vtad!$F$11:$F$1048576,"<>"&"") -> 4 | D93: =+COUNTIFS(vtad!$B$11:$B$1048576,$F$85,vtad!$F$11:$F$1048576,1) -> 3 | E93: =+COUNTIFS(vtad!$B$11:$B$1048576,$F$85,vtad!$F$11:$F$1048576,2) -> 1 | F93: =+COUNTIFS(vtad!$B$11:$B$1048576,$F$85,vtad!$F$11:$F$1048576,3) -> 0 | G93: =IFERROR(D93/(C93),"") -> 0.75
B95: Morning Session | D95: VDAX-new Range 25-30 | F95: 25 | J95: Setup 1 | K95: =+D95 -> VDAX-new Range 25-30 | R95: Setup 2, 3 and 4 | T95: =+D95 -> VDAX-new Range 25-30
B97: Trade | C97: Num. of cases | D97: Profits | E97: Breakevens | F97: Losses | G97: Profit Ratio | J97: Trade | K97: Num. of cases | L97: Profits | M97: Breakevens | N97: Losses | O97: Profit Ratio | R97: Trade | S97: Num. of cases | T97: Profits | U97: Breakevens | V97: Losses | W97: Profit Ratio
B98: Short 2nd Zone | C98: =+COUNTIFS(vtad!$B$11:$B$1048576,$F$95,vtad!$L$11:$L$1048576,"<>"&"") -> 6 | D98: =+COUNTIFS(vtad!$B$11:$B$1048576,$F$95,vtad!$L$11:$L$1048576,1) -> 4 | E98: =+COUNTIFS(vtad!$B$11:$B$1048576,$F$95,vtad!$L$11:$L$1048576,2) -> 0 | F98: =+COUNTIFS(vtad!$B$11:$B$1048576,$F$95,vtad!$L$11:$L$1048576,3) -> 2 | G98: =IFERROR(D98/(C98),"") -> 0.66666667 | J98: Short 2nd Zone | K98: =+COUNTIFS(vtad!$B$11:$B$1048576,$F$95,vtad!$S$11:$S$1048576,"<>"&"") -> 1 | L98: =+COUNTIFS(vtad!$B$11:$B$1048576,$F$95,vtad!$S$11:$S$1048576,1) -> 1 | M98: =+COUNTIFS(vtad!$B$11:$B$1048576,$F$95,vtad!$S$11:$S$1048576,2) -> 0 | N98: =+COUNTIFS(vtad!$B$11:$B$1048576,$F$95,vtad!$S$11:$S$1048576,3) -> 0 | O98: =IFERROR(L98/(K98),"") -> 1 | R98: =+R88 -> Setup 2 | S98: =+COUNTIFS(vtad!$B$11:$B$1048576,$F$95,vtad!$U$11:$U$1048576,"<>"&"") -> 4 | T98: =+COUNTIFS(vtad!$B$11:$B$1048576,$F$95,vtad!$U$11:$U$1048576,1) -> 4 | U98: =+COUNTIFS(vtad!$B$11:$B$1048576,$F$95,vtad!$U$11:$U$1048576,2) -> 0 | V98: =+COUNTIFS(vtad!$B$11:$B$1048576,$F$95,vtad!$U$11:$U$1048576,3) -> 0 | W98: =IFERROR(T98/(S98),"") -> 1
B99: Short 1st Zone | C99: =+COUNTIFS(vtad!$B$11:$B$1048576,$F$95,vtad!$K$11:$K$1048576,"<>"&"") -> 12 | D99: =+COUNTIFS(vtad!$B$11:$B$1048576,$F$95,vtad!$K$11:$K$1048576,1) -> 10 | E99: =+COUNTIFS(vtad!$B$11:$B$1048576,$F$95,vtad!$K$11:$K$1048576,2) -> 0 | F99: =+COUNTIFS(vtad!$B$11:$B$1048576,$F$95,vtad!$K$11:$K$1048576,3) -> 2 | G99: =IFERROR(D99/(C99),"") -> 0.83333333 | J99: Short 1st Zone | K99: =+COUNTIFS(vtad!$B$11:$B$1048576,$F$95,vtad!$R$11:$R$1048576,"<>"&"") -> 2 | L99: =+COUNTIFS(vtad!$B$11:$B$1048576,$F$95,vtad!$R$11:$R$1048576,1) -> 2 | M99: =+COUNTIFS(vtad!$B$11:$B$1048576,$F$95,vtad!$R$11:$R$1048576,2) -> 0 | N99: =+COUNTIFS(vtad!$B$11:$B$1048576,$F$95,vtad!$R$11:$R$1048576,3) -> 0 | O99: =IFERROR(L99/(K99),"") -> 1 | R99: =+R89 -> Setup 3 | S99: =+COUNTIFS(vtad!$B$11:$B$1048576,$F$95,vtad!$V$11:$V$1048576,"<>"&"") -> 8 | T99: =+COUNTIFS(vtad!$B$11:$B$1048576,$F$95,vtad!$V$11:$V$1048576,1) -> 6 | U99: =+COUNTIFS(vtad!$B$11:$B$1048576,$F$95,vtad!$V$11:$V$1048576,2) -> 1 | V99: =+COUNTIFS(vtad!$B$11:$B$1048576,$F$95,vtad!$V$11:$V$1048576,3) -> 1 | W99: =IFERROR(T99/(S99),"") -> 0.75
B100: Long 1st Zone | C100: =+COUNTIFS(vtad!$B$11:$B$1048576,$F$95,vtad!$H$11:$H$1048576,"<>"&"") -> 18 | D100: =+COUNTIFS(vtad!$B$11:$B$1048576,$F$95,vtad!$H$11:$H$1048576,1) -> 12 | E100: =+COUNTIFS(vtad!$B$11:$B$1048576,$F$95,vtad!$H$11:$H$1048576,2) -> 1 | F100: =+COUNTIFS(vtad!$B$11:$B$1048576,$F$95,vtad!$H$11:$H$1048576,3) -> 5 | G100: =IFERROR(D100/(C100),"") -> 0.66666667 | J100: Long 1st Zone | K100: =+COUNTIFS(vtad!$B$11:$B$1048576,$F$95,vtad!$O$11:$O$1048576,"<>"&"") -> 1 | L100: =+COUNTIFS(vtad!$B$11:$B$1048576,$F$95,vtad!$O$11:$O$1048576,1) -> 1 | M100: =+COUNTIFS(vtad!$B$11:$B$1048576,$F$95,vtad!$O$11:$O$1048576,2) -> 0 | N100: =+COUNTIFS(vtad!$B$11:$B$1048576,$F$95,vtad!$O$11:$O$1048576,3) -> 0 | O100: =IFERROR(L100/(K100),"") -> 1 | R100: =+R90 -> Setup 4 | S100: =+COUNTIFS(vtad!$B$11:$B$1048576,$F$95,vtad!$W$11:$W$1048576,"<>"&"") -> 17 | T100: =+COUNTIFS(vtad!$B$11:$B$1048576,$F$95,vtad!$W$11:$W$1048576,1) -> 16 | U100: =+COUNTIFS(vtad!$B$11:$B$1048576,$F$95,vtad!$W$11:$W$1048576,2) -> 0 | V100: =+COUNTIFS(vtad!$B$11:$B$1048576,$F$95,vtad!$W$11:$W$1048576,3) -> 1 | W100: =IFERROR(T100/(S100),"") -> 0.94117647
B101: Long 2nd Zone | C101: =+COUNTIFS(vtad!$B$11:$B$1048576,$F$95,vtad!$I$11:$I$1048576,"<>"&"") -> 10 | D101: =+COUNTIFS(vtad!$B$11:$B$1048576,$F$95,vtad!$I$11:$I$1048576,1) -> 7 | E101: =+COUNTIFS(vtad!$B$11:$B$1048576,$F$95,vtad!$I$11:$I$1048576,2) -> 2 | F101: =+COUNTIFS(vtad!$B$11:$B$1048576,$F$95,vtad!$I$11:$I$1048576,3) -> 1 | G101: =IFERROR(D101/(C101),"") -> 0.7 | J101: Long 2nd Zone | K101: =+COUNTIFS(vtad!$B$11:$B$1048576,$F$95,vtad!$P$11:$P$1048576,"<>"&"") -> 5 | L101: =+COUNTIFS(vtad!$B$11:$B$1048576,$F$95,vtad!$P$11:$P$1048576,1) -> 4 | M101: =+COUNTIFS(vtad!$B$11:$B$1048576,$F$95,vtad!$P$11:$P$1048576,2) -> 0 | N101: =+COUNTIFS(vtad!$B$11:$B$1048576,$F$95,vtad!$P$11:$P$1048576,3) -> 1 | O101: =IFERROR(L101/(K101),"") -> 0.8
B102: Double GAP | C102: =+COUNTIFS(vtad!$B$11:$B$1048576,$F$95,vtad!$E$11:$E$1048576,"<>"&"") -> 12 | D102: =+COUNTIFS(vtad!$B$11:$B$1048576,$F$95,vtad!$E$11:$E$1048576,1) -> 12 | E102: =+COUNTIFS(vtad!$B$11:$B$1048576,$F$95,vtad!$E$11:$E$1048576,2) -> 0 | F102: =+COUNTIFS(vtad!$B$11:$B$1048576,$F$95,vtad!$E$11:$E$1048576,3) -> 0 | G102: =IFERROR(D102/(C102),"") -> 1 | J102: Setup 1 | K102: =+SUM(K98:K101) -> 9 | L102: =+SUM(L98:L101) -> 8 | M102: =+SUM(M98:M101) -> 0 | N102: =+SUM(N98:N101) -> 1 | O102: =IFERROR(L102/(K102),"") -> 0.88888889
B103: Wide GAP | C103: =+COUNTIFS(vtad!$B$11:$B$1048576,$F$95,vtad!$F$11:$F$1048576,"<>"&"") -> 3 | D103: =+COUNTIFS(vtad!$B$11:$B$1048576,$F$95,vtad!$F$11:$F$1048576,1) -> 2 | E103: =+COUNTIFS(vtad!$B$11:$B$1048576,$F$95,vtad!$F$11:$F$1048576,2) -> 0 | F103: =+COUNTIFS(vtad!$B$11:$B$1048576,$F$95,vtad!$F$11:$F$1048576,3) -> 1 | G103: =IFERROR(D103/(C103),"") -> 0.66666667
B105: Morning Session | D105: VDAX-new Range 30-35 | F105: 30 | J105: Setup 1 | K105: =+D105 -> VDAX-new Range 30-35 | R105: Setup 2, 3 and 4 | T105: =+D105 -> VDAX-new Range 30-35
B107: Trade | C107: Num. of cases | D107: Profits | E107: Breakevens | F107: Losses | G107: Profit Ratio | J107: Trade | K107: Num. of cases | L107: Profits | M107: Breakevens | N107: Losses | O107: Profit Ratio | R107: Trade | S107: Num. of cases | T107: Profits | U107: Breakevens | V107: Losses | W107: Profit Ratio
B108: Short 2nd Zone | C108: =+COUNTIFS(vtad!$B$11:$B$1048576,$F$105,vtad!$L$11:$L$1048576,"<>"&"") -> 1 | D108: =+COUNTIFS(vtad!$B$11:$B$1048576,$F$105,vtad!$L$11:$L$1048576,1) -> 1 | E108: =+COUNTIFS(vtad!$B$11:$B$1048576,$F$105,vtad!$L$11:$L$1048576,2) -> 0 | F108: =+COUNTIFS(vtad!$B$11:$B$1048576,$F$105,vtad!$L$11:$L$1048576,3) -> 0 | G108: =IFERROR(D108/(C108),"") -> 1 | J108: Short 2nd Zone | K108: =+COUNTIFS(vtad!$B$11:$B$1048576,$F$105,vtad!$S$11:$S$1048576,"<>"&"") -> 3 | L108: =+COUNTIFS(vtad!$B$11:$B$1048576,$F$105,vtad!$S$11:$S$1048576,1) -> 1 | M108: =+COUNTIFS(vtad!$B$11:$B$1048576,$F$105,vtad!$S$11:$S$1048576,2) -> 0 | N108: =+COUNTIFS(vtad!$B$11:$B$1048576,$F$105,vtad!$S$11:$S$1048576,3) -> 2 | O108: =IFERROR(L108/(K108),"") -> 0.33333333 | R108: =+R98 -> Setup 2 | S108: =+COUNTIFS(vtad!$B$11:$B$1048576,$F$105,vtad!$U$11:$U$1048576,"<>"&"") -> 0 | T108: =+COUNTIFS(vtad!$B$11:$B$1048576,$F$105,vtad!$U$11:$U$1048576,1) -> 0 | U108: =+COUNTIFS(vtad!$B$11:$B$1048576,$F$105,vtad!$U$11:$U$1048576,2) -> 0 | V108: =+COUNTIFS(vtad!$B$11:$B$1048576,$F$105,vtad!$U$11:$U$1048576,3) -> 0 | W108: =IFERROR(T108/(S108),"")
B109: Short 1st Zone | C109: =+COUNTIFS(vtad!$B$11:$B$1048576,$F$105,vtad!$K$11:$K$1048576,"<>"&"") -> 7 | D109: =+COUNTIFS(vtad!$B$11:$B$1048576,$F$105,vtad!$K$11:$K$1048576,1) -> 6 | E109: =+COUNTIFS(vtad!$B$11:$B$1048576,$F$105,vtad!$K$11:$K$1048576,2) -> 0 | F109: =+COUNTIFS(vtad!$B$11:$B$1048576,$F$105,vtad!$K$11:$K$1048576,3) -> 1 | G109: =IFERROR(D109/(C109),"") -> 0.85714286 | J109: Short 1st Zone | K109: =+COUNTIFS(vtad!$B$11:$B$1048576,$F$105,vtad!$R$11:$R$1048576,"<>"&"") -> 1 | L109: =+COUNTIFS(vtad!$B$11:$B$1048576,$F$105,vtad!$R$11:$R$1048576,1) -> 0 | M109: =+COUNTIFS(vtad!$B$11:$B$1048576,$F$105,vtad!$R$11:$R$1048576,2) -> 0 | N109: =+COUNTIFS(vtad!$B$11:$B$1048576,$F$105,vtad!$R$11:$R$1048576,3) -> 1 | O109: =IFERROR(L109/(K109),"") -> 0 | R109: =+R99 -> Setup 3 | S109: =+COUNTIFS(vtad!$B$11:$B$1048576,$F$105,vtad!$V$11:$V$1048576,"<>"&"") -> 3 | T109: =+COUNTIFS(vtad!$B$11:$B$1048576,$F$105,vtad!$V$11:$V$1048576,1) -> 3 | U109: =+COUNTIFS(vtad!$B$11:$B$1048576,$F$105,vtad!$V$11:$V$1048576,2) -> 0 | V109: =+COUNTIFS(vtad!$B$11:$B$1048576,$F$105,vtad!$V$11:$V$1048576,3) -> 0 | W109: =IFERROR(T109/(S109),"") -> 1
B110: Long 1st Zone | C110: =+COUNTIFS(vtad!$B$11:$B$1048576,$F$105,vtad!$H$11:$H$1048576,"<>"&"") -> 5 | D110: =+COUNTIFS(vtad!$B$11:$B$1048576,$F$105,vtad!$H$11:$H$1048576,1) -> 5 | E110: =+COUNTIFS(vtad!$B$11:$B$1048576,$F$105,vtad!$H$11:$H$1048576,2) -> 0 | F110: =+COUNTIFS(vtad!$B$11:$B$1048576,$F$105,vtad!$H$11:$H$1048576,3) -> 0 | G110: =IFERROR(D110/(C110),"") -> 1 | J110: Long 1st Zone | K110: =+COUNTIFS(vtad!$B$11:$B$1048576,$F$105,vtad!$O$11:$O$1048576,"<>"&"") -> 0 | L110: =+COUNTIFS(vtad!$B$11:$B$1048576,$F$105,vtad!$O$11:$O$1048576,1) -> 0 | M110: =+COUNTIFS(vtad!$B$11:$B$1048576,$F$105,vtad!$O$11:$O$1048576,2) -> 0 | N110: =+COUNTIFS(vtad!$B$11:$B$1048576,$F$105,vtad!$O$11:$O$1048576,3) -> 0 | O110: =IFERROR(L110/(K110),"") | R110: =+R100 -> Setup 4 | S110: =+COUNTIFS(vtad!$B$11:$B$1048576,$F$105,vtad!$W$11:$W$1048576,"<>"&"") -> 7 | T110: =+COUNTIFS(vtad!$B$11:$B$1048576,$F$105,vtad!$W$11:$W$1048576,1) -> 5 | U110: =+COUNTIFS(vtad!$B$11:$B$1048576,$F$105,vtad!$W$11:$W$1048576,2) -> 0 | V110: =+COUNTIFS(vtad!$B$11:$B$1048576,$F$105,vtad!$W$11:$W$1048576,3) -> 2 | W110: =IFERROR(T110/(S110),"") -> 0.71428571
B111: Long 2nd Zone | C111: =+COUNTIFS(vtad!$B$11:$B$1048576,$F$105,vtad!$I$11:$I$1048576,"<>"&"") -> 2 | D111: =+COUNTIFS(vtad!$B$11:$B$1048576,$F$105,vtad!$I$11:$I$1048576,1) -> 2 | E111: =+COUNTIFS(vtad!$B$11:$B$1048576,$F$105,vtad!$I$11:$I$1048576,2) -> 0 | F111: =+COUNTIFS(vtad!$B$11:$B$1048576,$F$105,vtad!$I$11:$I$1048576,3) -> 0 | G111: =IFERROR(D111/(C111),"") -> 1 | J111: Long 2nd Zone | K111: =+COUNTIFS(vtad!$B$11:$B$1048576,$F$105,vtad!$P$11:$P$1048576,"<>"&"") -> 1 | L111: =+COUNTIFS(vtad!$B$11:$B$1048576,$F$105,vtad!$P$11:$P$1048576,1) -> 1 | M111: =+COUNTIFS(vtad!$B$11:$B$1048576,$F$105,vtad!$P$11:$P$1048576,2) -> 0 | N111: =+COUNTIFS(vtad!$B$11:$B$1048576,$F$105,vtad!$P$11:$P$1048576,3) -> 0 | O111: =IFERROR(L111/(K111),"") -> 1
B112: Double GAP | G112: =IFERROR(D112/(C112),"") | J112: Setup 1 | K112: =+SUM(K108:K111) -> 5 | L112: =+SUM(L108:L111) -> 2 | M112: =+SUM(M108:M111) -> 0 | N112: =+SUM(N108:N111) -> 3 | O112: =IFERROR(L112/(K112),"") -> 0.4
B113: Wide GAP | G113: =IFERROR(D113/(C113),"")
B116: DAX vs FDAX (Trend Opening?)
B118: Nº de días por nivel de volatilidad en los que el FDAX cerró por encima o por debajo de DAX para continuar la tendencia de overnight
C120: Vola. Range | D120: Nº Days | E120: FDAX > DAX | F120: FDAX < DAX | G120: Open>Closing | H120: Open<Closing
B121: 0 | C121: 0 - 15 | D121: =+COUNTIFS(Data!$AC$4:$AC$10000,$B121) -> 0 | E121: =+COUNTIFS(Data!$AC$4:$AC$10000,$B121,Data!$AK$4:$AK$10000,1) -> 0 | F121: =+COUNTIFS(Data!$AC$4:$AC$10000,$B121,Data!$AK$4:$AK$10000,-1) -> 0 | G121: =+COUNTIFS(Data!$AC$4:$AC$10000,$B121,Data!$AM$4:$AM$10000,1) -> 0 | H121: =+COUNTIFS(Data!$AC$4:$AC$10000,$B121,Data!$AM$4:$AM$10000,-1) -> 0
B122: 15 | C122: 15 -20 | D122: =+COUNTIFS(Data!$AC$4:$AC$10000,$B122) -> 47 | E122: =+COUNTIFS(Data!$AC$4:$AC$10000,$B122,Data!$AK$4:$AK$10000,1) -> 40 | F122: =+COUNTIFS(Data!$AC$4:$AC$10000,$B122,Data!$AK$4:$AK$10000,-1) -> 7 | G122: =+COUNTIFS(Data!$AC$4:$AC$10000,$B122,Data!$AM$4:$AM$10000,1) -> 25 | H122: =+COUNTIFS(Data!$AC$4:$AC$10000,$B122,Data!$AM$4:$AM$10000,-1) -> 3
B123: 20 | C123: 20 - 25 | D123: =+COUNTIFS(Data!$AC$4:$AC$10000,$B123) -> 67 | E123: =+COUNTIFS(Data!$AC$4:$AC$10000,$B123,Data!$AK$4:$AK$10000,1) -> 53 | F123: =+COUNTIFS(Data!$AC$4:$AC$10000,$B123,Data!$AK$4:$AK$10000,-1) -> 14 | G123: =+COUNTIFS(Data!$AC$4:$AC$10000,$B123,Data!$AM$4:$AM$10000,1) -> 31 | H123: =+COUNTIFS(Data!$AC$4:$AC$10000,$B123,Data!$AM$4:$AM$10000,-1) -> 6
B124: 25 | C124: 25 - 30 | D124: =+COUNTIFS(Data!$AC$4:$AC$10000,$B124) -> 46 | E124: =+COUNTIFS(Data!$AC$4:$AC$10000,$B124,Data!$AK$4:$AK$10000,1) -> 30 | F124: =+COUNTIFS(Data!$AC$4:$AC$10000,$B124,Data!$AK$4:$AK$10000,-1) -> 16 | G124: =+COUNTIFS(Data!$AC$4:$AC$10000,$B124,Data!$AM$4:$AM$10000,1) -> 15 | H124: =+COUNTIFS(Data!$AC$4:$AC$10000,$B124,Data!$AM$4:$AM$10000,-1) -> 9
B125: 30 | C125: 30 - 35 | D125: =+COUNTIFS(Data!$AC$4:$AC$10000,$B125) -> 10 | E125: =+COUNTIFS(Data!$AC$4:$AC$10000,$B125,Data!$AK$4:$AK$10000,1) -> 9 | F125: =+COUNTIFS(Data!$AC$4:$AC$10000,$B125,Data!$AK$4:$AK$10000,-1) -> 1 | G125: =+COUNTIFS(Data!$AC$4:$AC$10000,$B125,Data!$AM$4:$AM$10000,1) -> 7 | H125: =+COUNTIFS(Data!$AC$4:$AC$10000,$B125,Data!$AM$4:$AM$10000,-1) -> 1
B126: 35 | C126: 35 - 40 | D126: =+COUNTIFS(Data!$AC$4:$AC$10000,$B126) -> 0 | E126: =+COUNTIFS(Data!$AC$4:$AC$10000,$B126,Data!$AK$4:$AK$10000,1) -> 0 | F126: =+COUNTIFS(Data!$AC$4:$AC$10000,$B126,Data!$AK$4:$AK$10000,-1) -> 0 | G126: =+COUNTIFS(Data!$AC$4:$AC$10000,$B126,Data!$AM$4:$AM$10000,1) -> 0 | H126: =+COUNTIFS(Data!$AC$4:$AC$10000,$B126,Data!$AM$4:$AM$10000,-1) -> 0
B127: 40 | C127: 40 - 100 | D127: =+COUNTIFS(Data!$AC$4:$AC$10000,$B127) -> 0 | E127: =+COUNTIFS(Data!$AC$4:$AC$10000,$B127,Data!$AK$4:$AK$10000,1) -> 0 | F127: =+COUNTIFS(Data!$AC$4:$AC$10000,$B127,Data!$AK$4:$AK$10000,-1) -> 0 | G127: =+COUNTIFS(Data!$AC$4:$AC$10000,$B127,Data!$AM$4:$AM$10000,1) -> 0 | H127: =+COUNTIFS(Data!$AC$4:$AC$10000,$B127,Data!$AM$4:$AM$10000,-1) -> 0

Sheet Reglas
B2: Inputs | I2: Morning Session Levels (08:00 - 14:30) | S2: GAP`s type (08:00 - 14:30)
B4: DAX (Closing 17:35) | E4: VDAX-new (Volatilidad) | I4: VDAX-new | J4: L1 | K4: L2 | L4: Long STOP | M4: S1 | N4: S2 | O4: Short STOP | S4: Double GAP Condiciones
B5: 13986.23 | E5: 20.94 | I5: 0 | J5: -40 | K5: -40 | L5: -35 | M5: 40 | N5: 40 | O5: 35 | S5: 1) VDAX-new > 30?
I6: 20 | J6: -50 | K6: -50 | L6: -35 | M6: 50 | N6: 50 | O6: 35 | S6: 2) DAX Closing < FDAX Closing < FDAX Opening o bien DAX Closing > FDAX Closing > FDAX Opening
B7: FDAX (Closing 22:00 previous day) | E7: FDAX (Opening 08:00) | I7: 25 | J7: -55 | K7: -55 | L7: -35 | M7: 55 | N7: 55 | O7: 35 | S7: 3) Valor absoluto ( FDAX Closing - DAX Closing) >= 10 y además Valor Absoluto (FDAX Opening - DAX Closing) >= 70
B8: 13989.6 | E8: 14029.05 | I8: 30 | J8: -100 | K8: -65 | L8: -35 | M8: 65 | N8: 65 | O8: 35 | S8: 2) + 3) En total debe haber una distancia de 70 puntos
S9: Nota 1: Obtener ganancias parciales con profit de 30 puntos
S10: Nota 2: Esperar al cierre de las velas 15m de las 9:00
S11: Nota 3: Recordar que puede ser GAP de reversión o continuación, una pista la ofrece overnight
S12: Nota 4: El punto de entrada se convierte en el primer nivel, el segundo nivel y STOP se establecen a partir del punto de entrada
S14: Wide GAP Condiciones
S15: 1) VDAX-new > 30?
S16: 2) No se cumple las condiciones 1) y 2) del Doble GAP
S17: 3) Valor absoluto ( FDAX Closing - FDAX Opening )>= 40 puntos si VDAX-new <20, 70 puntos si el VDAX-new>20
S19: *Excepciones:
S20: a) Si el Cierre del día anterior se encuentra en máximos o mínimos absolutos y overnight
S21: mantiene la tendencia en la misma dirección prodría haber continuación y no reversión.
S22: b) Si Valor absoluto ( FDAX Closing - FDAX Opening )>= 300 puntos, entonces se trata de un Monster GAP y no debe operarse
B40: Cálculos de las ZONAS
B42: L1 | C42: =IF(B66=B42,B64,MIN($E$8,$B$8)+F44) -> 13939.6
B43: L2 | C43: =C42+G44 -> 13889.6 | E43: VDAX-new | F43: L1 | G43: L2 | H43: Long STOP | I43: S1 | J43: S2 | K43: Short STOP
B44: LS | C44: =C43+H44 -> 13854.6 | E44: =+VLOOKUP(E5,$I$5:$I$8,1,1) -> 20 | F44: =+VLOOKUP($E44,$I$5:$O$8,MATCH(F43,$I$4:$O$4,),) -> -50 | G44: =+VLOOKUP($E44,$I$5:$O$8,MATCH(G43,$I$4:$O$4,),) -> -50 | H44: =+VLOOKUP($E44,$I$5:$O$8,MATCH(H43,$I$4:$O$4,),) -> -35 | I44: =+VLOOKUP($E44,$I$5:$O$8,MATCH(I43,$I$4:$O$4,),) -> 50 | J44: =+VLOOKUP($E44,$I$5:$O$8,MATCH(J43,$I$4:$O$4,),) -> 50 | K44: =+VLOOKUP($E44,$I$5:$O$8,MATCH(K43,$I$4:$O$4,),) -> 35
B46: S1 | C46: =IF(B66=B46,B64,MAX($E$8,$B$8)+I44) -> 14079.05
B47: S2 | C47: =C46+J44 -> 14129.05
B48: SS | C48: =C47+K44 -> 14164.05
B50: Cálculos GAPs
B52: Double? | C52: =+IF(AND(C53=1,C54=1,C55=1),1,0) -> 0 | D52: =+IF(C52=1,IF(E8>B8,"S1","L1"),"") | E52: =+IF(D52="","",E8)
B53: 1) ? | C53: =+IF(E5<=30,1,0) -> 1
B54: 2) ? | C54: =+IF(OR(AND(B5<B8,B8<E8),AND(B5>B8,B8>E8)),1,0) -> 1
B55: 3) ? | C55: =+IF(AND(ABS(B8-B5)>=10,ABS(E8-B5)>=70,ABS(E8-B8)<300),1,0) -> 0
B56: Wide? | C56: =+IF(AND(C57=1,C58=1,C59=1),1,0) -> 0 | D56: =+IF(C56=1,IF(E8<B8,"S1","L1"),"") | E56: =+IF(D56="","",B8)
B57: 1) ? | C57: =+C53 -> 1
B58: 2) ? | C58: =+IF(OR(C54=0,C55=0),1,0) -> 1
B59: 3) ? | C59: =+IF(OR(AND(E5<20,ABS(E8-B8)>=40,ABS(E8-B8)<300),AND(E5>=20,ABS(E8-B8)>=70,ABS(E8-B8)<300)),1,0) -> 0
B61: Existe GAP? | D61: Cuantos puntos?
B62: =+IF(C52=1,"Double GAP:",IF(C56=1,"Wide GAP:",IF(ABS(E8-B8)>=300,"Monster GAP:","No GAP:"))) -> No GAP: | D62: =IF(B62="No GAP",I44,ABS(E8-B8)) -> 39.45 | F62: =+B62&IF(B62="No GAP:",""," - Punto de Entrada: ")&B66&" "&B64&" Objetivo: "&INT(D62)&" puntos" -> No GAP: Objetivo: 39 puntos
B63: Si se produce el GAP, la primera zona la marcará el GAP
B64: =IF(N(E52)+N(E56)=0,"",N(E52)+N(E56))
B65: En qué posición se situa la primera zona del GAP, L o S?
B66: =+D52&D56
B69: Datos para los gráficos
B70: Time | C70: DAX Closing | D70: FDAX Closing | E70: FDAX Opening | F70: L1 | G70: L2 | H70: LS | I70: S1 | J70: S2 | K70: SS
B71: 0.33333333 | C71: =+B5 -> 13986.23 | D71: =+B8 -> 13989.6 | E71: =+E8 -> 14029.05 | F71: =+C42 -> 13939.6 | G71: =+C43 -> 13889.6 | H71: =+C44 -> 13854.6 | I71: =+C46 -> 14079.05 | J71: =+C47 -> 14129.05 | K71: =+C48 -> 14164.05
B72: 0.375 | C72: =+C71 -> 13986.23 | D72: =+D71 -> 13989.6 | E72: =+E71 -> 14029.05 | F72: =+F71 -> 13939.6 | G72: =+G71 -> 13889.6 | H72: =+H71 -> 13854.6 | I72: =+I71 -> 14079.05 | J72: =+J71 -> 14129.05 | K72: =+K71 -> 14164.05
B73: 0.41666667 | C73: =+C72 -> 13986.23 | D73: =+D72 -> 13989.6 | E73: =+E72 -> 14029.05 | F73: =+F72 -> 13939.6 | G73: =+G72 -> 13889.6 | H73: =+H72 -> 13854.6 | I73: =+I72 -> 14079.05 | J73: =+J72 -> 14129.05 | K73: =+K72 -> 14164.05
B74: 0.45833333 | C74: =+C73 -> 13986.23 | D74: =+D73 -> 13989.6 | E74: =+E73 -> 14029.05 | F74: =+F73 -> 13939.6 | G74: =+G73 -> 13889.6 | H74: =+H73 -> 13854.6 | I74: =+I73 -> 14079.05 | J74: =+J73 -> 14129.05 | K74: =+K73 -> 14164.05
B75: 0.5 | C75: =+C74 -> 13986.23 | D75: =+D74 -> 13989.6 | E75: =+E74 -> 14029.05 | F75: =+F74 -> 13939.6 | G75: =+G74 -> 13889.6 | H75: =+H74 -> 13854.6 | I75: =+I74 -> 14079.05 | J75: =+J74 -> 14129.05 | K75: =+K74 -> 14164.05
B76: 0.54166667 | C76: =+C75 -> 13986.23 | D76: =+D75 -> 13989.6 | E76: =+E75 -> 14029.05 | F76: =+F75 -> 13939.6 | G76: =+G75 -> 13889.6 | H76: =+H75 -> 13854.6 | I76: =+I75 -> 14079.05 | J76: =+J75 -> 14129.05 | K76: =+K75 -> 14164.05
B77: 0.58333333 | C77: =+C76 -> 13986.23 | D77: =+D76 -> 13989.6 | E77: =+E76 -> 14029.05 | F77: =+F76 -> 13939.6 | G77: =+G76 -> 13889.6 | H77: =+H76 -> 13854.6 | I77: =+I76 -> 14079.05 | J77: =+J76 -> 14129.05 | K77: =+K76 -> 14164.05
B78: 0.60416667 | C78: =+C77 -> 13986.23 | D78: =+D77 -> 13989.6 | E78: =+E77 -> 14029.05 | F78: =+F77 -> 13939.6 | G78: =+G77 -> 13889.6 | H78: =+H77 -> 13854.6 | I78: =+I77 -> 14079.05 | J78: =+J77 -> 14129.05 | K78: =+K77 -> 14164.05

Sheet vtad
A1: Legend | E1: ="Sample Size = "&COUNT(C11:C1048576)&" days - Morning Session" -> Sample Size = 170 days - Morning Session | P1: ="Sample Size = "&COUNT(C11:C1048576)&" days - Setup1" -> Sample Size = 170 days - Setup1 | X1: ="Sample Size = "&COUNT(C11:C1048576)&" days - Setup 2, Setup 3 and Setup 4" -> Sample Size = 170 days - Setup 2, Setup 3 and Setup 4 | AH1: =+E1 -> Sample Size = 170 days - Morning Session | AP1: =+P1 -> Sample Size = 170 days - Setup1 | AX1: =+X1 -> Sample Size = 170 days - Setup 2, Setup 3 and Setup 4 | BP1: Doble GAP | BQ1: Wide GAP | BR1: L1 | BS1: S1 | BT1: L2 | BU1: S2 | BV1: SETUP 1 | BW1: SETUP 2 | BX1: SETUP 3 | BY1: SETUP 4 | CA1: overall
A2: 0 | B2: Level reached without reversion | C2: L1 = Long Level 1 | F2: L1 | G2: L2 | H2: S1 | I2: S2 | J2: Double GAP | K2: Wide GAP | Q2: L1 | R2: L2 | S2: S1 | T2: S2 | U2: Setup1 | Y2: Setup 2 | Z2: Setup 3 | AA2: Setup 4 | AE2: profit | AF2: losses | AH2: Trade | AI2: Num. of cases | AJ2: Profits | AK2: Breakevens | AL2: Losses | AM2: Exceptions | AN2: Win ratio | AP2: Trade | AQ2: Num. of cases | AR2: Profits | AS2: Breakevens | AT2: Losses | AU2: Exceptions | AV2: Win ratio | AX2: Trade | AY2: Num. of cases | AZ2: Profits | BA2: Breakevens | BB2: Losses | BC2: Exceptions | BD2: Win ratio | BO2: Beneficio Medio | BP2: =+BB8/BB6 -> 56.346154 | BQ2: =+BC8/BC6 -> 45 | BR2: =+BD8/BD6 -> 34.791667 | BS2: =+BE8/BE6 -> 28.658537 | BT2: =+BF8/BF6 -> 32.173913 | BU2: =+BG8/BG6 -> 29.285714 | BV2: =+BH8/BH6 -> 41.923077 | BW2: =+BI8/BI6 -> 42.666667 | ... BY2: =+BK8/BK6 -> 49.794521 | CA2: =+BM8/BM6 -> 40.704225
A3: 1 | B3: Profit | C3: L2 = Long Level 2 | E3: Num. of cases | F3: =+COUNT(H$11:H$1048576) -> 70 | G3: =+COUNT(I$11:I$1048576) -> 32 | H3: =+COUNT(K$11:K$1048576) -> 57 | I3: =+COUNT(L$11:L$1048576) -> 22 | J3: =+COUNT(E$11:E$1048576) -> 26 | K3: =+COUNT(F$11:F$1048576) -> 11 | P3: Num. of cases | Q3: =+COUNT(O$11:O$1048576) -> 5 | R3: =+COUNT(P$11:P$1048576) -> 8 | S3: =+COUNT(R$11:R$1048576) -> 11 | T3: =+COUNT(S$11:S$1048576) -> 8 | U3: =+SUM(Tabla22[[#This Row],[L1]:[S2]]) -> 32 | X3: Num. of cases | Y3: =+COUNT(U$11:U$1048576) -> 13 | Z3: =+COUNT(V$11:V$1048576) -> 25 | AA3: =+COUNT(W$11:W$1048576) -> 74 | AD3: desempleo | AE3: =+COUNTIF($AA$11:$AA$1048576,1) -> 4 | AF3: =+COUNTIF($AA$11:$AA$1048576,3) -> 2 | AH3: S2 | AI3: {=+SUMPRODUCT(($E$3:$E$8 = AI$2)*($F$2:$K$2=$AH3)*($F$3:$K$8))} -> 22 | AJ3: {=+SUMPRODUCT(($E$3:$E$8 = AJ$2)*($F$2:$K$2=$AH3)*($F$3:$K$8))} -> 17 | AK3: {=+SUMPRODUCT(($E$3:$E$8 = AK$2)*($F$2:$K$2=$AH3)*($F$3:$K$8))} -> 0 | AL3: {=+SUMPRODUCT(($E$3:$E$8 = AL$2)*($F$2:$K$2=$AH3)*($F$3:$K$8))} -> 5 | AM3: {=+SUMPRODUCT(($E$3:$E$8 = AM$2)*($F$2:$K$2=$AH3)*($F$3:$K$8))} -> 0 | AN3: {=+SUMPRODUCT(($E$3:$E$8 = AN$2)*($F$2:$K$2=$AH3)*($F$3:$K$8))} -> 0.77272727 | AP3: S2 | AQ3: {=+SUMPRODUCT(($P$3:$P$8 = AQ$2)*($Q$2:$V$2=$AP3)*($Q$3:$V$8))} -> 8 | AR3: {=+SUMPRODUCT(($P$3:$P$8 = AR$2)*($Q$2:$V$2=$AP3)*($Q$3:$V$8))} -> 5 | AS3: {=+SUMPRODUCT(($P$3:$P$8 = AS$2)*($Q$2:$V$2=$AP3)*($Q$3:$V$8))} -> 1 | AT3: {=+SUMPRODUCT(($P$3:$P$8 = AT$2)*($Q$2:$V$2=$AP3)*($Q$3:$V$8))} -> 2 | AU3: {=+SUMPRODUCT(($P$3:$P$8 = AU$2)*($Q$2:$V$2=$AP3)*($Q$3:$V$8))} -> 0 | AV3: {=+SUMPRODUCT(($P$3:$P$8 = AV$2)*($Q$2:$V$2=$AP3)*($Q$3:$V$8))} -> 0.625 | AX3: Setup 2 | AY3: {=+SUMPRODUCT(($X$3:$X$8 = AY$2)*($Y$2:$AB$2=$AX3)*($Y$3:$AB$8))} -> 13 | AZ3: {=+SUMPRODUCT(($X$3:$X$8 = AZ$2)*($Y$2:$AB$2=$AX3)*($Y$3:$AB$8))} -> 13 | BA3: {=+SUMPRODUCT(($X$3:$X$8 = BA$2)*($Y$2:$AB$2=$AX3)*($Y$3:$AB$8))} -> 0 | BB3: {=+SUMPRODUCT(($X$3:$X$8 = BB$2)*($Y$2:$AB$2=$AX3)*($Y$3:$AB$8))} -> 0 | BC3: {=+SUMPRODUCT(($X$3:$X$8 = BC$2)*($Y$2:$AB$2=$AX3)*($Y$3:$AB$8))} -> 0 | BD3: {=+SUMPRODUCT(($X$3:$X$8 = BD$2)*($Y$2:$AB$2=$AX3)*($Y$3:$AB$8))} -> 1 | BO3: Perdida Media | BP3: =IFERROR(BB9/BB7,0) -> 0 | BQ3: =IFERROR(BC9/BC7,0) -> -85 | BR3: =IFERROR(BD9/BD7,0) -> -45.952381 | BS3: =IFERROR(BE9/BE7,0) -> -39.642857 | BT3: =IFERROR(BF9/BF7,0) -> -34.285714 | BU3: =IFERROR(BG9/BG7,0) -> -37.857143 | BV3: =IFERROR(BH9/BH7,0) -> -72.5 | BW3: =IFERROR(BI9/BI7,0) -> 0 | ... BY3: =IFERROR(BK9/BK7,0) -> -75 | CA3: =IFERROR(BM9/BM7,0) -> -46.694915
A4: 2 | B4: Breakeven | C4: S1 = Short Level 1 | E4: Profits | F4: =COUNTIF(H$11:H$1048576,1) -> 47 | G4: =COUNTIF(I$11:I$1048576,1) -> 22 | H4: =COUNTIF(K$11:K$1048576,1) -> 42 | I4: =COUNTIF(L$11:L$1048576,1) -> 17 | J4: =COUNTIF(E$11:E$1048576,1) -> 26 | K4: =COUNTIF(F$11:F$1048576,1) -> 9 | P4: Profits | Q4: =COUNTIF(O$11:O$1048576,1) -> 5 | R4: =COUNTIF(P$11:P$1048576,1) -> 6 | S4: =COUNTIF(R$11:R$1048576,1) -> 8 | T4: =COUNTIF(S$11:S$1048576,1) -> 5 | U4: =+SUM(Tabla22[[#This Row],[L1]:[S2]]) -> 24 | X4: Profits | Y4: =COUNTIF(U$11:U$1048576,1) -> 13 | Z4: =COUNTIF(V$11:V$1048576,1) -> 22 | AA4: =COUNTIF(W$11:W$1048576,1) -> 67 | AD4: fed | AE4: =+COUNTIF($AB$11:$AB$1048576,1) -> 4 | AF4: =+COUNTIF($AB$11:$AB$1048576,3) -> 1 | AH4: S1 | AI4: {=+SUMPRODUCT(($E$3:$E$8 = AI$2)*($F$2:$K$2=$AH4)*($F$3:$K$8))} -> 57 | AJ4: {=+SUMPRODUCT(($E$3:$E$8 = AJ$2)*($F$2:$K$2=$AH4)*($F$3:$K$8))} -> 42 | AK4: {=+SUMPRODUCT(($E$3:$E$8 = AK$2)*($F$2:$K$2=$AH4)*($F$3:$K$8))} -> 4 | AL4: {=+SUMPRODUCT(($E$3:$E$8 = AL$2)*($F$2:$K$2=$AH4)*($F$3:$K$8))} -> 11 | AM4: {=+SUMPRODUCT(($E$3:$E$8 = AM$2)*($F$2:$K$2=$AH4)*($F$3:$K$8))} -> 0 | AN4: {=+SUMPRODUCT(($E$3:$E$8 = AN$2)*($F$2:$K$2=$AH4)*($F$3:$K$8))} -> 0.73684211 | AP4: S1 | AQ4: {=+SUMPRODUCT(($P$3:$P$8 = AQ$2)*($Q$2:$V$2=$AP4)*($Q$3:$V$8))} -> 11 | AR4: {=+SUMPRODUCT(($P$3:$P$8 = AR$2)*($Q$2:$V$2=$AP4)*($Q$3:$V$8))} -> 8 | AS4: {=+SUMPRODUCT(($P$3:$P$8 = AS$2)*($Q$2:$V$2=$AP4)*($Q$3:$V$8))} -> 0 | AT4: {=+SUMPRODUCT(($P$3:$P$8 = AT$2)*($Q$2:$V$2=$AP4)*($Q$3:$V$8))} -> 3 | AU4: {=+SUMPRODUCT(($P$3:$P$8 = AU$2)*($Q$2:$V$2=$AP4)*($Q$3:$V$8))} -> 0 | AV4: {=+SUMPRODUCT(($P$3:$P$8 = AV$2)*($Q$2:$V$2=$AP4)*($Q$3:$V$8))} -> 0.72727273 | AX4: Setup 3 | AY4: {=+SUMPRODUCT(($X$3:$X$8 = AY$2)*($Y$2:$AB$2=$AX4)*($Y$3:$AB$8))} -> 25 | AZ4: {=+SUMPRODUCT(($X$3:$X$8 = AZ$2)*($Y$2:$AB$2=$AX4)*($Y$3:$AB$8))} -> 22 | BA4: {=+SUMPRODUCT(($X$3:$X$8 = BA$2)*($Y$2:$AB$2=$AX4)*($Y$3:$AB$8))} -> 1 | BB4: {=+SUMPRODUCT(($X$3:$X$8 = BB$2)*($Y$2:$AB$2=$AX4)*($Y$3:$AB$8))} -> 2 | BC4: {=+SUMPRODUCT(($X$3:$X$8 = BC$2)*($Y$2:$AB$2=$AX4)*($Y$3:$AB$8))} -> 0 | BD4: {=+SUMPRODUCT(($X$3:$X$8 = BD$2)*($Y$2:$AB$2=$AX4)*($Y$3:$AB$8))} -> 0.88 | BO4: % aciertos | BP4: =BB6/(BB6+BB7) -> 1 | BQ4: =BC6/(BC6+BC7) -> 0.92307692 | BR4: =BD6/(BD6+BD7) -> 0.69565217 | BS4: =BE6/(BE6+BE7) -> 0.74545455 | BT4: =BF6/(BF6+BF7) -> 0.76666667 | BU4: =BG6/(BG6+BG7) -> 0.66666667 | BV4: =BH6/(BH6+BH7) -> 0.86666667 | BW4: =BI6/(BI6+BI7) -> 1 | ... BY4: =BK6/(BK6+BK7) -> 0.92405063 | CA4: =BM6/(BM6+BM7) -> 0.82798834
A5: 3 | B5: loss | C5: S2 = Short Level 2 | E5: Breakevens | F5: =COUNTIF(H$11:H$1048576,2) -> 6 | G5: =COUNTIF(I$11:I$1048576,2) -> 3 | H5: =COUNTIF(K$11:K$1048576,2) -> 4 | I5: =COUNTIF(L$11:L$1048576,2) -> 0 | J5: =COUNTIF(E$11:E$1048576,2) -> 0 | K5: =COUNTIF(F$11:F$1048576,2) -> 1 | P5: Breakevens | Q5: =COUNTIF(O$11:O$1048576,2) -> 0 | R5: =COUNTIF(P$11:P$1048576,2) -> 0 | S5: =COUNTIF(R$11:R$1048576,2) -> 0 | T5: =COUNTIF(S$11:S$1048576,2) -> 1 | U5: =+SUM(Tabla22[[#This Row],[L1]:[S2]]) -> 1 | X5: Breakevens | Y5: =COUNTIF(U$11:U$1048576,2) -> 0 | Z5: =COUNTIF(V$11:V$1048576,2) -> 1 | AA5: =COUNTIF(W$11:W$1048576,2) -> 1 | AD5: bce | AE5: =+COUNTIF($AC$11:$AC$1048576,1) -> 1 | AF5: =+COUNTIF($AC$11:$AC$1048576,3) -> 4 | AH5: L1 | AI5: {=+SUMPRODUCT(($E$3:$E$8 = AI$2)*($F$2:$K$2=$AH5)*($F$3:$K$8))} -> 70 | AJ5: {=+SUMPRODUCT(($E$3:$E$8 = AJ$2)*($F$2:$K$2=$AH5)*($F$3:$K$8))} -> 47 | AK5: {=+SUMPRODUCT(($E$3:$E$8 = AK$2)*($F$2:$K$2=$AH5)*($F$3:$K$8))} -> 6 | AL5: {=+SUMPRODUCT(($E$3:$E$8 = AL$2)*($F$2:$K$2=$AH5)*($F$3:$K$8))} -> 17 | AM5: {=+SUMPRODUCT(($E$3:$E$8 = AM$2)*($F$2:$K$2=$AH5)*($F$3:$K$8))} -> 0 | AN5: {=+SUMPRODUCT(($E$3:$E$8 = AN$2)*($F$2:$K$2=$AH5)*($F$3:$K$8))} -> 0.67142857 | AP5: L1 | AQ5: {=+SUMPRODUCT(($P$3:$P$8 = AQ$2)*($Q$2:$V$2=$AP5)*($Q$3:$V$8))} -> 5 | AR5: {=+SUMPRODUCT(($P$3:$P$8 = AR$2)*($Q$2:$V$2=$AP5)*($Q$3:$V$8))} -> 5 | AS5: {=+SUMPRODUCT(($P$3:$P$8 = AS$2)*($Q$2:$V$2=$AP5)*($Q$3:$V$8))} -> 0 | AT5: {=+SUMPRODUCT(($P$3:$P$8 = AT$2)*($Q$2:$V$2=$AP5)*($Q$3:$V$8))} -> 0 | AU5: {=+SUMPRODUCT(($P$3:$P$8 = AU$2)*($Q$2:$V$2=$AP5)*($Q$3:$V$8))} -> 0 | AV5: {=+SUMPRODUCT(($P$3:$P$8 = AV$2)*($Q$2:$V$2=$AP5)*($Q$3:$V$8))} -> 1 | AX5: Setup 4 | AY5: {=+SUMPRODUCT(($X$3:$X$8 = AY$2)*($Y$2:$AB$2=$AX5)*($Y$3:$AB$8))} -> 74 | AZ5: {=+SUMPRODUCT(($X$3:$X$8 = AZ$2)*($Y$2:$AB$2=$AX5)*($Y$3:$AB$8))} -> 67 | BA5: {=+SUMPRODUCT(($X$3:$X$8 = BA$2)*($Y$2:$AB$2=$AX5)*($Y$3:$AB$8))} -> 1 | BB5: {=+SUMPRODUCT(($X$3:$X$8 = BB$2)*($Y$2:$AB$2=$AX5)*($Y$3:$AB$8))} -> 6 | BC5: {=+SUMPRODUCT(($X$3:$X$8 = BC$2)*($Y$2:$AB$2=$AX5)*($Y$3:$AB$8))} -> 0 | BD5: {=+SUMPRODUCT(($X$3:$X$8 = BD$2)*($Y$2:$AB$2=$AX5)*($Y$3:$AB$8))} -> 0.90540541 | BO5: % fallos | BP5: =BB7/(BB6+BB7) -> 0 | BQ5: =BC7/(BC6+BC7) -> 0.076923077 | BR5: =BD7/(BD6+BD7) -> 0.30434783 | BS5: =BE7/(BE6+BE7) -> 0.25454545 | BT5: =BF7/(BF6+BF7) -> 0.23333333 | BU5: =BG7/(BG6+BG7) -> 0.33333333 | BV5: =BH7/(BH6+BH7) -> 0.13333333 | BW5: =BI7/(BI6+BI7) -> 0 | ... BY5: =BK7/(BK6+BK7) -> 0.075949367 | CA5: =BM7/(BM6+BM7) -> 0.17201166
B6: ="Sample Size = "&COUNT(C11:C1048576) -> Sample Size = 170 | E6: Losses | F6: =COUNTIF(H$11:H$1048576,3) -> 17 | G6: =COUNTIF(I$11:I$1048576,3) -> 7 | H6: =COUNTIF(K$11:K$1048576,3) -> 11 | I6: =COUNTIF(L$11:L$1048576,3) -> 5 | J6: =COUNTIF(E$11:E$1048576,3) -> 0 | K6: =COUNTIF(F$11:F$1048576,3) -> 1 | P6: Losses | Q6: =COUNTIF(O$11:O$1048576,3) -> 0 | R6: =COUNTIF(P$11:P$1048576,3) -> 2 | S6: =COUNTIF(R$11:R$1048576,3) -> 3 | T6: =COUNTIF(S$11:S$1048576,3) -> 2 | U6: =+SUM(Tabla22[[#This Row],[L1]:[S2]]) -> 7 | X6: Losses | Y6: =COUNTIF(U$11:U$1048576,3) -> 0 | Z6: =COUNTIF(V$11:V$1048576,3) -> 2 | AA6: =COUNTIF(W$11:W$1048576,3) -> 6 | AD6: inflación | AE6: =+COUNTIF($AD$11:$AD$1048576,1) -> 7 | AF6: =+COUNTIF($AD$11:$AD$1048576,3) -> 1 | AH6: L2 | AI6: {=+SUMPRODUCT(($E$3:$E$8 = AI$2)*($F$2:$K$2=$AH6)*($F$3:$K$8))} -> 32 | AJ6: {=+SUMPRODUCT(($E$3:$E$8 = AJ$2)*($F$2:$K$2=$AH6)*($F$3:$K$8))} -> 22 | AK6: {=+SUMPRODUCT(($E$3:$E$8 = AK$2)*($F$2:$K$2=$AH6)*($F$3:$K$8))} -> 3 | AL6: {=+SUMPRODUCT(($E$3:$E$8 = AL$2)*($F$2:$K$2=$AH6)*($F$3:$K$8))} -> 7 | AM6: {=+SUMPRODUCT(($E$3:$E$8 = AM$2)*($F$2:$K$2=$AH6)*($F$3:$K$8))} -> 0 | AN6: {=+SUMPRODUCT(($E$3:$E$8 = AN$2)*($F$2:$K$2=$AH6)*($F$3:$K$8))} -> 0.6875 | AP6: L2 | AQ6: {=+SUMPRODUCT(($P$3:$P$8 = AQ$2)*($Q$2:$V$2=$AP6)*($Q$3:$V$8))} -> 8 | AR6: {=+SUMPRODUCT(($P$3:$P$8 = AR$2)*($Q$2:$V$2=$AP6)*($Q$3:$V$8))} -> 6 | AS6: {=+SUMPRODUCT(($P$3:$P$8 = AS$2)*($Q$2:$V$2=$AP6)*($Q$3:$V$8))} -> 0 | AT6: {=+SUMPRODUCT(($P$3:$P$8 = AT$2)*($Q$2:$V$2=$AP6)*($Q$3:$V$8))} -> 2 | AU6: {=+SUMPRODUCT(($P$3:$P$8 = AU$2)*($Q$2:$V$2=$AP6)*($Q$3:$V$8))} -> 0 | AV6: {=+SUMPRODUCT(($P$3:$P$8 = AV$2)*($Q$2:$V$2=$AP6)*($Q$3:$V$8))} -> 0.75 | BA6: Nº Operaciones Ganadoras | BB6: 26 | BC6: 12 | BD6: 48 | BE6: 41 | BF6: 23 | BG6: 14 | BH6: 13 | BI6: 15 | BJ6: 19 | BK6: 73 | BM6: =+SUM(BB6:BK6) -> 284 | BO6: Esperanza Matemática | BP6: =+BP2*BP4+BP3*BP5 -> 56.346154 | BQ6: =+BQ2*BQ4+BQ3*BQ5 -> 35 | BR6: =+BR2*BR4+BR3*BR5 -> 10.217391 | BS6: =+BS2*BS4+BS3*BS5 -> 11.272727 | BT6: =+BT2*BT4+BT3*BT5 -> 16.666667 | BU6: =+BU2*BU4+BU3*BU5 -> 6.9047619 | BV6: =+BV2*BV4+BV3*BV5 -> 26.666667 | BW6: =+BW2*BW4+BW3*BW5 -> 42.666667 | ... BY6: =+BY2*BY4+BY3*BY5 -> 40.316456 | CA6: =+CA2*CA4+CA3*CA5 -> 25.670554
E7: Exceptions | F7: =COUNTIF(H$11:H$1048576,0) -> 0 | G7: =COUNTIF(I$11:I$1048576,0) -> 0 | H7: =COUNTIF(K$11:K$1048576,0) -> 0 | I7: =COUNTIF(L$11:L$1048576,0) -> 0 | J7: =COUNTIF(E$11:E$1048576,0) -> 0 | K7: =COUNTIF(F$11:F$1048576,0) -> 0 | P7: Exceptions | Q7: =COUNTIF(O$11:O$1048576,0) -> 0 | R7: =COUNTIF(P$11:P$1048576,0) -> 0 | S7: =COUNTIF(R$11:R$1048576,0) -> 0 | T7: =COUNTIF(S$11:S$1048576,0) -> 0 | U7: =+SUM(Tabla22[[#This Row],[L1]:[S2]]) -> 0 | X7: Exceptions | Y7: =COUNTIF(U$11:U$1048576,0) -> 0 | Z7: =COUNTIF(V$11:V$1048576,0) -> 0 | AA7: =COUNTIF(W$11:W$1048576,0) -> 0 | AH7: Double GAP | AI7: {=+SUMPRODUCT(($E$3:$E$8 = AI$2)*($F$2:$K$2=$AH7)*($F$3:$K$8))} -> 26 | AJ7: {=+SUMPRODUCT(($E$3:$E$8 = AJ$2)*($F$2:$K$2=$AH7)*($F$3:$K$8))} -> 26 | AK7: {=+SUMPRODUCT(($E$3:$E$8 = AK$2)*($F$2:$K$2=$AH7)*($F$3:$K$8))} -> 0 | AL7: {=+SUMPRODUCT(($E$3:$E$8 = AL$2)*($F$2:$K$2=$AH7)*($F$3:$K$8))} -> 0 | AM7: {=+SUMPRODUCT(($E$3:$E$8 = AM$2)*($F$2:$K$2=$AH7)*($F$3:$K$8))} -> 0 | AN7: {=+SUMPRODUCT(($E$3:$E$8 = AN$2)*($F$2:$K$2=$AH7)*($F$3:$K$8))} -> 1 | AP7: Setup1 | AQ7: {=+SUMPRODUCT(($P$3:$P$8 = AQ$2)*($Q$2:$V$2=$AP7)*($Q$3:$V$8))} -> 32 | AR7: {=+SUMPRODUCT(($P$3:$P$8 = AR$2)*($Q$2:$V$2=$AP7)*($Q$3:$V$8))} -> 24 | AS7: {=+SUMPRODUCT(($P$3:$P$8 = AS$2)*($Q$2:$V$2=$AP7)*($Q$3:$V$8))} -> 1 | AT7: {=+SUMPRODUCT(($P$3:$P$8 = AT$2)*($Q$2:$V$2=$AP7)*($Q$3:$V$8))} -> 7 | AU7: {=+SUMPRODUCT(($P$3:$P$8 = AU$2)*($Q$2:$V$2=$AP7)*($Q$3:$V$8))} -> 0 | AV7: {=+SUMPRODUCT(($P$3:$P$8 = AV$2)*($Q$2:$V$2=$AP7)*($Q$3:$V$8))} -> 0.75 | BA7: Nº Operaciones Perdedoras | BB7: 0 | BC7: 1 | BD7: 21 | BE7: 14 | BF7: 7 | BG7: 7 | BH7: 2 | BI7: 0 | BJ7: 1 | BK7: 6 | BM7: =+SUM(BB7:BK7) -> 59
E8: Win ratio | F8: =+F4/(F3-F7) -> 0.67142857 | G8: =+G4/(G3-G7) -> 0.6875 | H8: =+H4/(H3-H7) -> 0.73684211 | I8: =+I4/(I3-I7) -> 0.77272727 | J8: =+J4/(J3-J7) -> 1 | K8: =+K4/(K3-K7) -> 0.81818182 | P8: Win ratio | Q8: =+Q4/(Q3-Q7) -> 1 | R8: =+R4/(R3-R7) -> 0.75 | S8: =+S4/(S3-S7) -> 0.72727273 | T8: =+T4/(T3-T7) -> 0.625 | U8: =+U4/(U3-U7) -> 0.75 | X8: Win ratio | Y8: =+Y4/(Y3-Y7) -> 1 | Z8: =+Z4/(Z3-Z7) -> 0.88 | AA8: =+AA4/(AA3-AA7) -> 0.90540541 | AH8: Wide GAP | AI8: {=+SUMPRODUCT(($E$3:$E$8 = AI$2)*($F$2:$K$2=$AH8)*($F$3:$K$8))} -> 11 | AJ8: {=+SUMPRODUCT(($E$3:$E$8 = AJ$2)*($F$2:$K$2=$AH8)*($F$3:$K$8))} -> 9 | AK8: {=+SUMPRODUCT(($E$3:$E$8 = AK$2)*($F$2:$K$2=$AH8)*($F$3:$K$8))} -> 1 | AL8: {=+SUMPRODUCT(($E$3:$E$8 = AL$2)*($F$2:$K$2=$AH8)*($F$3:$K$8))} -> 1 | AM8: {=+SUMPRODUCT(($E$3:$E$8 = AM$2)*($F$2:$K$2=$AH8)*($F$3:$K$8))} -> 0 | AN8: {=+SUMPRODUCT(($E$3:$E$8 = AN$2)*($F$2:$K$2=$AH8)*($F$3:$K$8))} -> 0.81818182 | BA8: Ganancia Acumulada | BB8: =SUMIF(BB11:BB10000,">0") -> 1465 | BC8: =SUMIF(BC11:BC10000,">0") -> 540 | BD8: =SUMIF(BD11:BD10000,">0") -> 1670 | BE8: =SUMIF(BE11:BE10000,">0") -> 1175 | BF8: =SUMIF(BF11:BF10000,">0") -> 740 | BG8: =SUMIF(BG11:BG10000,">0") -> 410 | BH8: =SUMIF(BH11:BH10000,">0") -> 545 | BI8: =SUMIF(BI11:BI10000,">0") -> 640 | ... BK8: =SUMIF(BK11:BK10000,">0") -> 3635 | BM8: =+SUM(BB8:BK8) -> 11560
O9: SETUP1 | BA9: Pérdida Acumulada | BB9: =SUMIF(BB11:BB10000,"<0") -> 0 | BC9: =SUMIF(BC11:BC10000,"<0") -> -85 | BD9: =SUMIF(BD11:BD10000,"<0") -> -965 | BE9: =SUMIF(BE11:BE10000,"<0") -> -555 | BF9: =SUMIF(BF11:BF10000,"<0") -> -240 | BG9: =SUMIF(BG11:BG10000,"<0") -> -265 | BH9: =SUMIF(BH11:BH10000,"<0") -> -145 | BI9: =SUMIF(BI11:BI10000,"<0") -> 0 | ... BK9: =SUMIF(BK11:BK10000,"<0") -> -450 | BM9: =+SUM(BB9:BK9) -> -2755
B10: Round VDAX-new | C10: date | D10: vdax-new (day before) | E10: Doble GAP | F10: Wide GAP | G10: Monster GAP | H10: L1 | I10: L2 | J10: LS | K10: S1 | L10: S2 | M10: SS | O10: L1 | P10: L2 | Q10: LS | R10: S1 | S10: S2 | T10: SS | U10: SETUP2 | V10: SETUP3 | W10: SETUP4 | X10: SETUP5 | Y10: Comments | AA10: Desempleo | AB10: FED | AC10: BCE | AD10: Inflación | BB10: Doble GAP | BC10: Wide GAP | BD10: L1 | BE10: S1 | BF10: L2 | BG10: S2 | BH10: SETUP 1 | BI10: SETUP 2 | BJ10: SETUP 3 | BK10: SETUP 4
A11: =+COUNTIF(E11:X11,3) -> 0 | B11: =VLOOKUP(INT(D11),$AE$14:$AE$30,1,1) -> 20 | C11: 44774 | D11: 23.81 | F11: 1 | W11: 1 | BC11: 40 | BK11: =40+30 -> 70
A12: =+COUNTIF(E12:X12,3) -> 0 | B12: =VLOOKUP(INT(D12),$AE$14:$AE$30,1,1) -> 20 | C12: 44775 | D12: 24.64 | H12: 1 | S12: 1 | W12: 1 | BD12: =25+25 -> 50 | BH12: 25 | BK12: =25+25 -> 50
A13: =+COUNTIF(E13:X13,3) -> 0 | B13: =VLOOKUP(INT(D13),$AE$14:$AE$30,1,1) -> 25 | C13: 44776 | D13: 25.35 | Y13: Setup 4 was not triggered because the dow was trading above 1% | AE13: Range VDAX-new | AF13: ="Sample Size = "&COUNT(C11:C1048576) -> Sample Size = 170 | BK13: -85
A14: =+COUNTIF(E14:X14,3) -> 1 | B14: =VLOOKUP(INT(D14),$AE$14:$AE$30,1,1) -> 20 | C14: 44777 | D14: 23.99 | K14: 3 | L14: 1 | M14: 1 | V14: 1 | AE14: 5 | AF14: =+COUNTIF($B$11:$B$1048576,AE14) -> 0 | BE14: -85 | BJ14: 25
A15: =+COUNTIF(E15:X15,3) -> 0 | B15: =VLOOKUP(INT(D15),$AE$14:$AE$30,1,1) -> 20 | C15: 44778 | D15: 23.85 | I15: 1 | W15: 1 | Y15: Unemployment EEUU Rate | AA15: 3 | AE15: 10 | AF15: =+COUNTIF($B$11:$B$1048576,AE15) -> 0 | BF15: =25+25 -> 50 | BK15: =25+25 -> 50 | BL15: =+SUM(BB11:BK15) -> 190
A16: =+COUNTIF(E16:X16,3) -> 0 | B16: =VLOOKUP(INT(D16),$AE$14:$AE$30,1,1) -> 20 | C16: 44781 | D16: 24.37 | K16: 1 | W16: 1 | AE16: 15 | AF16: =+COUNTIF($B$11:$B$1048576,AE16) -> 48 | BE16: 25 | BK16: 40
A17: =+COUNTIF(E17:X17,3) -> 1 | B17: =VLOOKUP(INT(D17),$AE$14:$AE$30,1,1) -> 20 | C17: 44782 | D17: 23.83 | H17: 3 | W17: 1 | AE17: 20 | AF17: =+COUNTIF($B$11:$B$1048576,AE17) -> 65 | BD17: -65 | BK17: 30
A18: =+COUNTIF(E18:X18,3) -> 0 | B18: =VLOOKUP(INT(D18),$AE$14:$AE$30,1,1) -> 20 | C18: 44783 | D18: 24.48 | H18: 1 | K18: 2 | Y18: Setup 4 was not triggered because the dow was trading above 1% | AD18: 1 | AE18: 25 | AF18: =+COUNTIF($B$11:$B$1048576,AE18) -> 46 | BD18: 25 | BE18: -10
A19: =+COUNTIF(E19:X19,3) -> 1 | B19: =VLOOKUP(INT(D19),$AE$14:$AE$30,1,1) -> 20 | C19: 44784 | D19: 23.14 | H19: 1 | V19: 3 | W19: 1 | AE19: 30 | AF19: =+COUNTIF($B$11:$B$1048576,AE19) -> 10 | BD19: 25 | BK19: 80
A20: =+COUNTIF(E20:X20,3) -> 1 | B20: =VLOOKUP(INT(D20),$AE$14:$AE$30,1,1) -> 20 | C20: 44785 | D20: 23.04 | K20: 3 | L20: 1 | AE20: 35 | AF20: =+COUNTIF($B$11:$B$1048576,AE20) -> 0 | BE20: -40 | BG20: 25 | BL20: =+SUM(BB16:BK20) -> 135 | BM20: =+BL20+BL15 -> 325
A21: =+COUNTIF(E21:X21,3) -> 1 | B21: =VLOOKUP(INT(D21),$AE$14:$AE$30,1,1) -> 20 | C21: 44788 | D21: 22.2 | H21: 3 | W21: 1 | AE21: 40 | AF21: =+COUNTIF($B$11:$B$1048576,AE21) -> 0 | BD21: -20 | BK21: 40
A22: =+COUNTIF(E22:X22,3) -> 0 | B22: =VLOOKUP(INT(D22),$AE$14:$AE$30,1,1) -> 20 | C22: 44789 | D22: 22.58 | K22: 1 | W22: 1 | AE22: 45 | AF22: =+COUNTIF($B$11:$B$1048576,AE22) -> 0 | BE22: 25 | BK22: 40
A23: =+COUNTIF(E23:X23,3) -> 2 | B23: =VLOOKUP(INT(D23),$AE$14:$AE$30,1,1) -> 20 | C23: 44790 | D23: 22.03 | H23: 3 | I23: 3 | J23: 1 | AE23: 50 | AF23: =+COUNTIF($B$11:$B$1048576,AE23) -> 0 | BD23: -85
A24: =+COUNTIF(E24:X24,3) -> 0 | B24: =VLOOKUP(INT(D24),$AE$14:$AE$30,1,1) -> 20 | C24: 44791 | D24: 24.38 | K24: 2 | L24: 1 | V24: 1 | AE24: 55 | AF24: =+COUNTIF($B$11:$B$1048576,AE24) -> 0 | BE24: -10 | BJ24: 25
A25: =+COUNTIF(E25:X25,3) -> 0 | B25: =VLOOKUP(INT(D25),$AE$14:$AE$30,1,1) -> 20 | C25: 44792 | D25: 24.56 | H25: 1 | AE25: 60 | AF25: =+COUNTIF($B$11:$B$1048576,AE25) -> 0 | BD25: 75 | BL25: =+SUM(BB21:BK25) -> 90 | BM25: =+BL25+BM20 -> 415
A26: =+COUNTIF(E26:X26,3) -> 0 | B26: =VLOOKUP(INT(D26),$AE$14:$AE$30,1,1) -> 25 | C26: 44795 | D26: 26.19 | H26: 1 | I26: 1 | J26: 1 | Y26: Setup 1 and 4 were not triggered because the dow was trading above 1% | AE26: 65 | AF26: =+COUNTIF($B$11:$B$1048576,AE26) -> 0 | BD26: 30
A27: =+COUNTIF(E27:X27,3) -> 0 | B27: =VLOOKUP(INT(D27),$AE$14:$AE$30,1,1) -> 25 | C27: 44796 | D27: 29.57 | H27: 1 | K27: 1 | V27: 1 | AE27: 70 | AF27: =+COUNTIF($B$11:$B$1048576,AE27) -> 0 | BD27: 30 | BE27: 30 | BJ27: 40
A28: =+COUNTIF(E28:X28,3) -> 0 | B28: =VLOOKUP(INT(D28),$AE$14:$AE$30,1,1) -> 25 | C28: 44797 | D28: 28.82 | H28: 1 | K28: 1 | W28: 1 | AE28: 75 | AF28: =+COUNTIF($B$11:$B$1048576,AE28) -> 0 | BD28: 30 | BE28: 30 | BK28: 40
A29: =+COUNTIF(E29:X29,3) -> 0 | B29: =VLOOKUP(INT(D29),$AE$14:$AE$30,1,1) -> 25 | C29: 44798 | D29: 27.32 | K29: 1 | L29: 1 | W29: 1 | AE29: 80 | AF29: =+COUNTIF($B$11:$B$1048576,AE29) -> 0 | BE29: 30 | BK29: 40
A30: =+COUNTIF(E30:X30,3) -> 1 | B30: =VLOOKUP(INT(D30),$AE$14:$AE$30,1,1) -> 25 | C30: 44799 | D30: 26.09 | H30: 3 | I30: 1 | AE30: 85 | AF30: =+COUNTIF($B$11:$B$1048576,AE30) -> 0 | BD30: -10 | BK30: -85 | BL30: =+SUM(BB26:BK30) -> 205 | BM30: =+BL30+BM25 -> 620
A31: =+COUNTIF(E31:X31,3) -> 0 | B31: =VLOOKUP(INT(D31),$AE$14:$AE$30,1,1) -> 25 | C31: 44802 | D31: 27.82 | E31: 1 | AH31: VDAX-new | AI31: L1 | AJ31: L2 | AK31: Long STOP | AL31: S1 | AM31: S2 | AN31: Short STOP | BB31: =40+40 -> 80
A32: =+COUNTIF(E32:X32,3) -> 1 | B32: =VLOOKUP(INT(D32),$AE$14:$AE$30,1,1) -> 25 | C32: 44803 | D32: 29.39 | E32: 1 | H32: 1 | L32: 3 | M32: 1 | U32: 1 | AH32: <20 | AI32: -40 | AJ32: -80 | AK32: -115 | AL32: 40 | AM32: 80 | AN32: 115 | BD32: -85 | BI32: 70
A33: =+COUNTIF(E33:X33,3) -> 3 | B33: =VLOOKUP(INT(D33),$AE$14:$AE$30,1,1) -> 25 | C33: 44804 | D33: 28.9 | F33: 3 | I33: 1 | J33: 1 | P33: 3 | Q33: 1 | V33: 3 | AE33: Inflacción | AH33: 20-25 | AI33: -50 | AJ33: -100 | AK33: -135 | AL33: 50 | AM33: 100 | AN33: 135 | BC33: -85 | BJ33: 40
A34: =+COUNTIF(E34:X34,3) -> 0 | B34: =VLOOKUP(INT(D34),$AE$14:$AE$30,1,1) -> 25 | C34: 44805 | D34: 28.65 | H34: 1 | W34: 1 | AE34: Desempleo | AH34: 25-30 | AI34: -55 | AJ34: -110 | AK34: -145 | AL34: 55 | AM34: 110 | AN34: 145 | BD34: 10
A35: =+COUNTIF(E35:X35,3) -> 0 | B35: =VLOOKUP(INT(D35),$AE$14:$AE$30,1,1) -> 25 | C35: 44806 | D35: 29.22 | AA35: 1 | AE35: FED | AH35: 30-35 | AI35: -100 | AJ35: -165 | AK35: -200 | AL35: 65 | AM35: 130 | AN35: 165 | BL35: =+SUM(BB31:BK35) -> 30 | BM35: =+BL35+BM30 -> 650
A36: =+COUNTIF(E36:X36,3) -> 0 | B36: =VLOOKUP(INT(D36),$AE$14:$AE$30,1,1) -> 25 | C36: 44809 | D36: 26.26 | G36: 1 | W36: 1 | AE36: BCE | BK36: 20
A37: =+COUNTIF(E37:X37,3) -> 0 | B37: =VLOOKUP(INT(D37),$AE$14:$AE$30,1,1) -> 25 | C37: 44810 | D37: 28.66 | K37: 1 | M37: 1 | U37: 1 | BG37: =30+30 -> 60 | BI37: =50+25 -> 75
A38: =+COUNTIF(E38:X38,3) -> 0 | B38: =VLOOKUP(INT(D38),$AE$14:$AE$30,1,1) -> 25 | C38: 44811 | D38: 28.11 | E38: 1 | V38: 1 | BB38: 70 | BJ38: 40
A39: =+COUNTIF(E39:X39,3) -> 0 | B39: =VLOOKUP(INT(D39),$AE$14:$AE$30,1,1) -> 25 | C39: 44812 | D39: 27.92 | E39: 1 | V39: 1 | Y39: Subida de tipos del BCE de 0.5 a 1.25 | AC39: 3 | BB39: 50 | BK39: 40
A40: =+COUNTIF(E40:X40,3) -> 1 | B40: =VLOOKUP(INT(D40),$AE$14:$AE$30,1,1) -> 25 | C40: 44813 | D40: 26.86 | K40: 3 | L40: 1 | M40: 1 | W40: 1 | BE40: -50 | BG40: 30 | BL40: =+SUM(BB36:BK40) -> 335 | BM40: =+BL40+BM35 -> 985
A41: =+COUNTIF(E41:X41,3) -> 1 | B41: =VLOOKUP(INT(D41),$AE$14:$AE$30,1,1) -> 25 | C41: 44816 | D41: 26.06 | E41: 1 | K41: 3 | Y41: Setup 4 was not triggered because the dow was trading above 1% | BB41: 50 | BH41: =30-40 -> -10
A42: =+COUNTIF(E42:X42,3) -> 0 | B42: =VLOOKUP(INT(D42),$AE$14:$AE$30,1,1) -> 25 | C42: 44817 | D42: 25.71 | K42: 1 | W42: 1 | AD42: 1 | BE42: =30+30 -> 60
A43: =+COUNTIF(E43:X43,3) -> 0 | B43: =VLOOKUP(INT(D43),$AE$14:$AE$30,1,1) -> 25 | C43: 44818 | D43: 27.02 | L43: 1 | P43: 1 | W43: 1 | BE43: 30 | BG43: 30 | BH43: 30 | BK43: 40
A44: =+COUNTIF(E44:X44,3) -> 0 | B44: =VLOOKUP(INT(D44),$AE$14:$AE$30,1,1) -> 25 | C44: 44819 | D44: 27.24 | W44: 1 | BK44: =40+40 -> 80
A45: =+COUNTIF(E45:X45,3) -> 0 | B45: =VLOOKUP(INT(D45),$AE$14:$AE$30,1,1) -> 25 | C45: 44820 | D45: 26.46 | E45: 1 | I45: 2 | BB45: 50 | BL45: =+SUM(BB41:BK45) -> 360 | BM45: =+BL45+BM40 -> 1345
A46: =+COUNTIF(E46:X46,3) -> 0 | B46: =VLOOKUP(INT(D46),$AE$14:$AE$30,1,1) -> 25 | C46: 44823 | D46: 27.62 | H46: 1 | I46: 1
A47: =+COUNTIF(E47:X47,3) -> 2 | B47: =VLOOKUP(INT(D47),$AE$14:$AE$30,1,1) -> 25 | C47: 44824 | D47: 26.94 | H47: 3 | I47: 3 | J47: 1 | Y47: it was not triggered because the dow was trading above 1% | BD47: -85 | BF47: =-35-35 -> -70
A48: =+COUNTIF(E48:X48,3) -> 0 | B48: =VLOOKUP(INT(D48),$AE$14:$AE$30,1,1) -> 25 | C48: 44825 | D48: 27.88 | H48: 1 | Y48: Subida de tipos del FED de 2.5 a 3.25 | AB48: 1 | BD48: 30
A49: =+COUNTIF(E49:X49,3) -> 0 | B49: =VLOOKUP(INT(D49),$AE$14:$AE$30,1,1) -> 25 | C49: 44826 | D49: 28.06 | E49: 1 | I49: 1 | P49: 1 | V49: 2 | BB49: 60 | BH49: 30 | BJ49: 10
A50: =+COUNTIF(E50:X50,3) -> 1 | B50: =VLOOKUP(INT(D50),$AE$14:$AE$30,1,1) -> 25 | C50: 44827 | D50: 28.65 | H50: 3 | I50: 1 | J50: 1 | BD50: -85 | BF50: 30 | BL50: =+SUM(BB46:BK50) -> -80 | BM50: =+BL50+BM45 -> 1265
A51: =+COUNTIF(E51:X51,3) -> 0 | B51: =VLOOKUP(INT(D51),$AE$14:$AE$30,1,1) -> 30 | C51: 44830 | D51: 30.82 | K51: 1 | W51: 1 | Y51: According with the rules, vdax-new >=0 no gap operated- | BC51: 70
A52: =+COUNTIF(E52:X52,3) -> 0 | B52: =VLOOKUP(INT(D52),$AE$14:$AE$30,1,1) -> 30 | C52: 44831 | D52: 31 | H52: 1 | K52: 1 | V52: 1 | BC52: 70 | BE52: =30+30 -> 60
A53: =+COUNTIF(E53:X53,3) -> 3 | B53: =VLOOKUP(INT(D53),$AE$14:$AE$30,1,1) -> 30 | C53: 44832 | D53: 31.52 | H53: 1 | I53: 1 | K53: 1 | R53: 3 | S53: 3 | T53: 1 | W53: 3 | Y53: No entry in setup 3 due to the price was near to maximun | BD53: 50 | BE53: 30 | BF53: 30
A54: =+COUNTIF(E54:X54,3) -> 0 | B54: =VLOOKUP(INT(D54),$AE$14:$AE$30,1,1) -> 30 | C54: 44833 | D54: 31.27 | H54: 1 | I54: 1 | P54: 1 | W54: 1 | BD54: 100
A55: =+COUNTIF(E55:X55,3) -> 0 | B55: =VLOOKUP(INT(D55),$AE$14:$AE$30,1,1) -> 30 | C55: 44834 | D55: 32.77 | K55: 1 | L55: 1 | V55: 1 | W55: 1 | BD55: 50 | BF55: 30 | BL55: =+SUM(BB51:BK55) -> 490 | BM55: =+BL55+BM50 -> 1755
A56: =+COUNTIF(E56:X56,3) -> 2 | B56: =VLOOKUP(INT(D56),$AE$14:$AE$30,1,1) -> 30 | C56: 44837 | D56: 30.67 | K56: 1 | S56: 3 | T56: 1 | W56: 3 | BD56: 50 | BF56: 30
A57: =+COUNTIF(E57:X57,3) -> 0 | B57: =VLOOKUP(INT(D57),$AE$14:$AE$30,1,1) -> 30 | C57: 44838 | D57: 30.48 | S57: 1 | Y57: Dow por encima de 1% acompañar al índice
A58: =+COUNTIF(E58:X58,3) -> 0 | B58: =VLOOKUP(INT(D58),$AE$14:$AE$30,1,1) -> 25 | C58: 44839 | D58: 29.35 | H58: 2 | P58: 1 | W58: 1 | BD58: -10
A59: =+COUNTIF(E59:X59,3) -> 0 | B59: =VLOOKUP(INT(D59),$AE$14:$AE$30,1,1) -> 25 | C59: 44840 | D59: 29.97 | E59: 1 | Y59: it was not triggered because the dow was trading above 1% | BB59: 160
A60: =+COUNTIF(E60:X60,3) -> 0 | B60: =VLOOKUP(INT(D60),$AE$14:$AE$30,1,1) -> 25 | C60: 44841 | D60: 29.49 | O60: 1 | P60: 1 | Y60: Unemployment EEUU Rate | AA60: 1 | BB60: 60 | BL60: =+SUM(BB56:BK60) -> 290 | BM60: =+BL60+BM55 -> 2045
A61: =+COUNTIF(E61:X61,3) -> 0 | B61: =VLOOKUP(INT(D61),$AE$14:$AE$30,1,1) -> 25 | C61: 44844 | D61: 29.86 | L61: 1 | M61: 1 | V61: 1 | W61: 1 | BG61: 40 | BK61: 50
A62: =+COUNTIF(E62:X62,3) -> 0 | B62: =VLOOKUP(INT(D62),$AE$14:$AE$30,1,1) -> 30 | C62: 44845 | D62: 31.05 | H62: 1 | W62: 1 | BD62: =50+50 -> 100 | BK62: =50+50 -> 100
A63: =+COUNTIF(E63:X63,3) -> 0 | B63: =VLOOKUP(INT(D63),$AE$14:$AE$30,1,1) -> 30 | C63: 44846 | D63: 31.35 | H63: 1 | K63: 1 | V63: 1 | BD63: 50 | BE63: 40 | BJ63: 50
A64: =+COUNTIF(E64:X64,3) -> 1 | B64: =VLOOKUP(INT(D64),$AE$14:$AE$30,1,1) -> 30 | C64: 44847 | D64: 31.42 | K64: 3 | M64: 1 | W64: 1 | AD64: 1 | BG64: -35 | BK64: 50
A65: =+COUNTIF(E65:X65,3) -> 0 | B65: =VLOOKUP(INT(D65),$AE$14:$AE$30,1,1) -> 25 | C65: 44848 | D65: 29.91 | E65: 1 | W65: 1 | BB65: 60 | BK65: 60 | BL65: =+SUM(BB61:BK65) -> 565 | BM65: =+BL65+BM60 -> 2610
A66: =+COUNTIF(E66:X66,3) -> 0 | B66: =VLOOKUP(INT(D66),$AE$14:$AE$30,1,1) -> 25 | C66: 44851 | D66: 29.68 | K66: 1 | S66: 1 | BE66: =30-85 -> -55
A67: =+COUNTIF(E67:X67,3) -> 0 | B67: =VLOOKUP(INT(D67),$AE$14:$AE$30,1,1) -> 25 | C67: 44852 | D67: 29.21 | K67: 1 | W67: 1
A68: =+COUNTIF(E68:X68,3) -> 0 | B68: =VLOOKUP(INT(D68),$AE$14:$AE$30,1,1) -> 25 | C68: 44853 | D68: 28.58 | E68: 1 | H68: 1 | W68: 1 | BB68: 50 | BD68: 30 | BK68: 40
A69: =+COUNTIF(E69:X69,3) -> 0 | B69: =VLOOKUP(INT(D69),$AE$14:$AE$30,1,1) -> 25 | C69: 44854 | D69: 28.15 | H69: 1 | R69: 1 | BD69: 30 | BH69: 50
A70: =+COUNTIF(E70:X70,3) -> 0 | B70: =VLOOKUP(INT(D70),$AE$14:$AE$30,1,1) -> 25 | C70: 44855 | D70: 27.62 | E70: 1 | H70: 1 | W70: 1 | BB70: 60 | BK70: 90 | BL70: =+SUM(BB66:BK70) -> 295 | BM70: =+BL70+BM65 -> 2905
A71: =+COUNTIF(E71:X71,3) -> 0 | B71: =VLOOKUP(INT(D71),$AE$14:$AE$30,1,1) -> 25 | C71: 44858 | D71: 27.57 | H71: 1 | K71: 1 | U71: 1 | BD71: 30 | BE71: 30 | BI71: 45 | BK71: 150
A72: =+COUNTIF(E72:X72,3) -> 1 | B72: =VLOOKUP(INT(D72),$AE$14:$AE$30,1,1) -> 25 | C72: 44859 | D72: 28.21 | H72: 3 | I72: 2 | K72: 1 | W72: 1 | BD72: -85 | BE72: 30 | BF72: -35 | BK72: 100
A73: =+COUNTIF(E73:X73,3) -> 0 | B73: =VLOOKUP(INT(D73),$AE$14:$AE$30,1,1) -> 25 | C73: 44860 | D73: 27.61 | F73: 1 | R73: 1 | BC73: 30 | BG73: 30 | BI73: 30 | BJ73: 30
A74: =+COUNTIF(E74:X74,3) -> 0 | B74: =VLOOKUP(INT(D74),$AE$14:$AE$30,1,1) -> 25 | C74: 44861 | D74: 26.96 | H74: 1 | V74: 1 | Y74: Día de revisión de tipos de la bce +.75bp | AC74: 3 | BD74: 30 | BJ74: 50
A75: =+COUNTIF(E75:X75,3) -> 0 | B75: =VLOOKUP(INT(D75),$AE$14:$AE$30,1,1) -> 25 | C75: 44862 | D75: 25.89 | E75: 1 | V75: 1 | BB75: 75 | BF75: 30 | BL75: =+SUM(BB71:BK75) -> 570 | BM75: =+BL75+BM70 -> 3475
A76: =+COUNTIF(E76:X76,3) -> 0 | B76: =VLOOKUP(INT(D76),$AE$14:$AE$30,1,1) -> 20 | C76: 44865 | D76: 24.85 | H76: 1 | W76: 1 | BC76: 50
A77: =+COUNTIF(E77:X77,3) -> 0 | B77: =VLOOKUP(INT(D77),$AE$14:$AE$30,1,1) -> 25 | C77: 44866 | D77: 25.24 | K77: 1 | W77: 1 | BE77: 25 | BK77: 50
A78: =+COUNTIF(E78:X78,3) -> 0 | B78: =VLOOKUP(INT(D78),$AE$14:$AE$30,1,1) -> 20 | C78: 44867 | D78: 24.92 | U78: 1 | Y78: Interest rate FED revision +.75bp | AB78: 3 | BD78: 25 | BK78: 50
A79: =+COUNTIF(E79:X79,3) -> 1 | B79: =VLOOKUP(INT(D79),$AE$14:$AE$30,1,1) -> 25 | C79: 44868 | D79: 25.16 | H79: 3 | I79: 1 | BD79: -50 | BK79: 50
A80: =+COUNTIF(E80:X80,3) -> 0 | B80: =VLOOKUP(INT(D80),$AE$14:$AE$30,1,1) -> 20 | C80: 44869 | D80: 24.29 | Y80: EEUU unemploiment rate. Tendencial alcista hasta la publicación del dato. | AA80: 1 | BL80: =+SUM(BB76:BK80) -> 200 | BM80: =+BL80+BM75 -> 3675
A81: =+COUNTIF(E81:X81,3) -> 0 | B81: =VLOOKUP(INT(D81),$AE$14:$AE$30,1,1) -> 20 | C81: 44872 | D81: 23.24 | H81: 1 | L81: 1 | BD81: 100
A82: =+COUNTIF(E82:X82,3) -> 0 | B82: =VLOOKUP(INT(D82),$AE$14:$AE$30,1,1) -> 20 | C82: 44873 | D82: 23.22 | H82: 1 | R82: 1 | S82: 1 | Y82: Elecciones EEUU (medio mandato) | BD82: 25
A83: =+COUNTIF(E83:X83,3) -> 0 | B83: =VLOOKUP(INT(D83),$AE$14:$AE$30,1,1) -> 20 | C83: 44874 | D83: 22.62 | E83: 1 | I83: 1 | R83: 1 | BB83: 50 | BF83: 25 | BH83: =25+25 -> 50
A84: =+COUNTIF(E84:X84,3) -> 0 | B84: =VLOOKUP(INT(D84),$AE$14:$AE$30,1,1) -> 20 | C84: 44875 | D84: 23.05 | K84: 2 | Y84: Dato de inflacción EEUU mejor de los esperado con fuertes subidas en la tarde sin ningún tipo de corrección | AD84: 1 | BE84: -10
A85: =+COUNTIF(E85:X85,3) -> 0 | B85: =VLOOKUP(INT(D85),$AE$14:$AE$30,1,1) -> 20 | C85: 44876 | D85: 21.87 | E85: 1 | V85: 1 | Y85: Dato de IPC Aleman, se situa en el 10.4%, en línea con lo esperado. | BB85: 50 | BJ85: 100 | BL85: =+SUM(BB81:BK85) -> 390 | BM85: =+BL85+BM80 -> 4065
A86: =+COUNTIF(E86:X86,3) -> 0 | B86: =VLOOKUP(INT(D86),$AE$14:$AE$30,1,1) -> 20 | C86: 44879 | D86: 22.28 | V86: 1 | W86: 1 | BJ86: 40 | BK86: 90
A87: =+COUNTIF(E87:X87,3) -> 0 | B87: =VLOOKUP(INT(D87),$AE$14:$AE$30,1,1) -> 20 | C87: 44880 | D87: 21.67 | K87: 1 | U87: 1 | W87: 1 | BI87: 100 | BK87: 100
A88: =+COUNTIF(E88:X88,3) -> 0 | B88: =VLOOKUP(INT(D88),$AE$14:$AE$30,1,1) -> 20 | C88: 44881 | D88: 21.93 | K88: 1 | W88: 1 | BD88: -10 | BE88: 25 | BK88: 40
A89: =+COUNTIF(E89:X89,3) -> 0 | B89: =VLOOKUP(INT(D89),$AE$14:$AE$30,1,1) -> 20 | C89: 44882 | D89: 22.62 | F89: 2 | K89: 1 | W89: 1 | BE89: 25 | BK89: 120
A90: =+COUNTIF(E90:X90,3) -> 0 | B90: =VLOOKUP(INT(D90),$AE$14:$AE$30,1,1) -> 20 | C90: 44883 | D90: 22.91 | L90: 1 | W90: 1 | BE90: -50 | BG90: 25 | BK90: 40 | BL90: =+SUM(BB86:BK90) -> 545 | BM90: =+BL90+BM85 -> 4610
A91: =+COUNTIF(E91:X91,3) -> 0 | B91: =VLOOKUP(INT(D91),$AE$14:$AE$30,1,1) -> 20 | C91: 44886 | D91: 22.03 | H91: 1 | BD91: 25
A92: =+COUNTIF(E92:X92,3) -> 0 | B92: =VLOOKUP(INT(D92),$AE$14:$AE$30,1,1) -> 20 | C92: 44887 | D92: 21.96 | K92: 1 | V92: 1 | BD92: 25 | BE92: 25 | BJ92: 40
A93: =+COUNTIF(E93:X93,3) -> 0 | B93: =VLOOKUP(INT(D93),$AE$14:$AE$30,1,1) -> 20 | C93: 44888 | D93: 21.14 | H93: 2 | I93: 1 | BD93: -40 | BF93: 25
A94: =+COUNTIF(E94:X94,3) -> 0 | B94: =VLOOKUP(INT(D94),$AE$14:$AE$30,1,1) -> 20 | C94: 44889 | D94: 20.41
A95: =+COUNTIF(E95:X95,3) -> 0 | B95: =VLOOKUP(INT(D95),$AE$14:$AE$30,1,1) -> 20 | C95: 44890 | D95: 20.5 | H95: 1 | BD95: 25 | BL95: =+SUM(BB91:BK95) -> 125 | BM95: =+BL95+BM90 -> 4735
A96: =+COUNTIF(E96:X96,3) -> 0 | B96: =VLOOKUP(INT(D96),$AE$14:$AE$30,1,1) -> 20 | C96: 44893 | D96: =+Data!S88 -> 20.38 | H96: 2 | W96: 1 | BD96: -15 | BK96: 40
A97: =+COUNTIF(E97:X97,3) -> 0 | B97: =VLOOKUP(INT(D97),$AE$14:$AE$30,1,1) -> 20 | C97: 44894 | D97: =+Data!S89 -> 21.8 | F97: 1 | V97: 1 | BC97: 50 | BK97: =30+30 -> 60
A98: =+COUNTIF(E98:X98,3) -> 0 | B98: =VLOOKUP(INT(D98),$AE$14:$AE$30,1,1) -> 20 | C98: 44895 | D98: =+Data!S90 -> 21.97 | K98: 1 | W98: 1 | Y98: Powell habló de que va a frenar las subidas de tipos para no dañar la economía. Por otro lado el dato de inflación de Alemania pasó sin pena ni gloria | BE98: 25 | BK98: 60
A99: =+COUNTIF(E99:X99,3) -> 0 | B99: =VLOOKUP(INT(D99),$AE$14:$AE$30,1,1) -> 20 | C99: 44896 | D99: =+Data!S91 -> 21.75 | E99: 1 | W99: 1 | BB99: 50 | BK99: 50
A100: =+COUNTIF(E100:X100,3) -> 0 | B100: =VLOOKUP(INT(D100),$AE$14:$AE$30,1,1) -> 20 | C100: 44897 | D100: 21.06 | W100: 1 | Y100: Primer viernes del mes, dato de empleo EEUU | AA100: 1 | BK100: 50 | BL100: =+SUM(BB96:BK100) -> 370 | BM100: =+BL100+BM95 -> 5105
...

Sheet Data
B1: Origen: Investing | J1: Origen: Investing | R1: Origen: Investing | T1: 23.81 | AK1: 13484.05 | AL1: 13516
B2: DAX | C2: DE30 | D2: GDAXI | J2: FDAX | K2: DE30 - Futures | R2: VDAX-new | S2: V1XI | AC2: VDAX-new | AD2: FDAX | AE2: FDAX | AF2: FDAX | AG2: FDAX | AH2: FDAX | AI2: FDAX
B3: Date | C3: close | D3: open | E3: higher | F3: lower | G3: volume | H3: %var. | J3: Date | K3: close | L3: open | M3: higher | N3: lower | O3: volume | P3: %var. | R3: Date | S3: close | T3: open | U3: higher | V3: lower | W3: volume | X3: %var. | Z3: Contador | AC3: Volatility Range | AD3: Range | AE3: % Distancia al Maximo diario | AF3: % Distancia al Minimo diario | AG3: Maximo nº de puntos de subida diaria | AH3: Maximo número de puntos de bajada diaria | AI3: Número de puntos mínimos de reversión | AK3: DAX C vs FDAX C | AL3: FDAX C-1 vs FDAX O | AM3: Tendencia ?
B4: 44774 | C4: 13479.63 | D4: 13471.2 | E4: 13570.22 | F4: 13464.9 | G4: 57.23M | H4: -0.0003 | J4: 44774 | K4: 13495 | L4: 13478 | M4: 13566 | N4: 13414 | O4: 46.93K | P4: 0.0017 | R4: 44774 | S4: 24.64 | T4: 24.77 | U4: 24.97 | V4: 23.99 | X4: 0.0347 | Z4: 1 | AA4: =+IF(OR(AC4="",AB4=""),"",AC4&AB4) | AB4: =+IF(OR(N(Z4)=MAX($Z$4:$Z$365),N(Z4)>MAX($Z$4:$Z$365)-5),"last W",IF(OR(N(Z4)=MAX($Z$4:$Z$365)-5,N(Z4)>MAX($Z$4:$Z$365)-10),"W-1",IF(OR(N(Z4)=MAX($Z$4:$Z$365)-10,N(Z4)>MAX($Z$4:$Z$365)-15),"W-2",""))) | AC4: =+VLOOKUP(T1,Tablas!$C$5:$C$11,1,1) -> 20 | AD4: =+M4-N4 -> 152 | AE4: =+C4/E4-1 -> -0.0066756471 | AF4: =+K4/N4-1 -> 0.0060384673 | AG4: =+M4-L4 -> 88 | AH4: =+L4-N4 -> 64 | AI4: =+IF(AG4>=AH4,M4-K4,K4-N4) -> 71 | AK4: =+IF(AL1>=AK1,1,-1) -> 1 | AL4: =+IF(L4>=AL1,1,-1) -> -1 | AM4: =+IF(AND(AK4=1,AL4=1),1,IF(AND(AK4=-1,AL4=-1),-1,0)) -> 0
B5: 44775 | C5: 13449.2 | D5: 13419.19 | E5: 13484.55 | F5: 13335.39 | G5: 56.68M | H5: -0.0023 | J5: 44775 | K5: 13446 | L5: 13449 | M5: 13501 | N5: 13324 | O5: 52.14K | P5: -0.0036 | R5: 44775 | S5: 25.35 | T5: 25.85 | U5: 26.2 | V5: 25.07 | X5: 0.029 | Z5: =IF(AC5="","",Z4+1) -> 2 | AA5: =+IF(OR(AC5="",AB5=""),"",AC5&AB5) | AB5: =+IF(OR(N(Z5)=MAX($Z$4:$Z$365),N(Z5)>MAX($Z$4:$Z$365)-5),"last W",IF(OR(N(Z5)=MAX($Z$4:$Z$365)-5,N(Z5)>MAX($Z$4:$Z$365)-10),"W-1",IF(OR(N(Z5)=MAX($Z$4:$Z$365)-10,N(Z5)>MAX($Z$4:$Z$365)-15),"W-2",""))) | AC5: =IF(S5="","",VLOOKUP(S4,Tablas!$C$5:$C$11,1,1)) -> 20 | AD5: =IF(AC5="","",M5-N5) -> 177 | AE5: =IF(AC5="","",C5/E5-1) -> -0.0026215187 | AF5: =IF(AC5="","",K5/N5-1) -> 0.0091564095 | AG5: =IF(AC5="","",M5-L5) -> 52 | AH5: =IF(AC5="","",L5-N5) -> 125 | AI5: =IF(AC5="","",IF(AG5>=AH5,M5-K5,K5-N5)) -> 122 | AK5: =+IF(K4>=C4,1,-1) -> 1 | AL5: =+IF(L5>=K4,1,-1) -> -1 | AM5: =+IF(AND(AK5=1,AL5=1),1,IF(AND(AK5=-1,AL5=-1),-1,0)) -> 0
B6: 44776 | C6: 13587.56 | D6: 13398.7 | E6: 13595.07 | F6: 13388.34 | G6: 63.64M | H6: 0.0103 | J6: 44776 | K6: 13578 | L6: 13408 | M6: 13640 | N6: 13377 | O6: 45.97K | P6: 0.0098 | R6: 44776 | S6: 23.99 | T6: 25.41 | U6: 25.5 | V6: 23.94 | X6: -0.0538 | Z6: =IF(AC6="","",Z5+1) -> 3 | AA6: =+IF(OR(AC6="",AB6=""),"",AC6&AB6) | AB6: =+IF(OR(N(Z6)=MAX($Z$4:$Z$365),N(Z6)>MAX($Z$4:$Z$365)-5),"last W",IF(OR(N(Z6)=MAX($Z$4:$Z$365)-5,N(Z6)>MAX($Z$4:$Z$365)-10),"W-1",IF(OR(N(Z6)=MAX($Z$4:$Z$365)-10,N(Z6)>MAX($Z$4:$Z$365)-15),"W-2",""))) | AC6: =IF(S6="","",VLOOKUP(S5,Tablas!$C$5:$C$11,1,1)) -> 25 | AD6: =IF(AC6="","",M6-N6) -> 263 | AE6: =IF(AC6="","",C6/E6-1) -> -0.00055240613 | AF6: =IF(AC6="","",K6/N6-1) -> 0.015025791 | AG6: =IF(AC6="","",M6-L6) -> 232 | AH6: =IF(AC6="","",L6-N6) -> 31 | AI6: =IF(AC6="","",IF(AG6>=AH6,M6-K6,K6-N6)) -> 62 | AK6: =+IF(K5>=C5,1,-1) -> -1 | AL6: =+IF(L6>=K5,1,-1) -> -1 | AM6: =+IF(AND(AK6=1,AL6=1),1,IF(AND(AK6=-1,AL6=-1),-1,0)) -> -1
B7: 44777 | C7: 13662.68 | D7: 13629.7 | E7: 13792.88 | F7: 13628.57 | G7: 64.72M | H7: 0.0055 | J7: 44777 | K7: 13640 | L7: 13624 | M7: 13790 | N7: 13605 | O7: 51.63K | P7: 0.0046 | R7: 44777 | S7: 23.85 | T7: 23.82 | U7: 24.32 | V7: 23.14 | X7: -0.0056 | Z7: =IF(AC7="","",Z6+1) -> 4 | AA7: =+IF(OR(AC7="",AB7=""),"",AC7&AB7) | AB7: =+IF(OR(N(Z7)=MAX($Z$4:$Z$365),N(Z7)>MAX($Z$4:$Z$365)-5),"last W",IF(OR(N(Z7)=MAX($Z$4:$Z$365)-5,N(Z7)>MAX($Z$4:$Z$365)-10),"W-1",IF(OR(N(Z7)=MAX($Z$4:$Z$365)-10,N(Z7)>MAX($Z$4:$Z$365)-15),"W-2",""))) | AC7: =IF(S7="","",VLOOKUP(S6,Tablas!$C$5:$C$11,1,1)) -> 20 | AD7: =IF(AC7="","",M7-N7) -> 185 | AE7: =IF(AC7="","",C7/E7-1) -> -0.0094396529 | AF7: =IF(AC7="","",K7/N7-1) -> 0.0025725836 | AG7: =IF(AC7="","",M7-L7) -> 166 | AH7: =IF(AC7="","",L7-N7) -> 19 | AI7: =IF(AC7="","",IF(AG7>=AH7,M7-K7,K7-N7)) -> 150 | AK7: =+IF(K6>=C6,1,-1) -> -1 | AL7: =+IF(L7>=K6,1,-1) -> 1 | AM7: =+IF(AND(AK7=1,AL7=1),1,IF(AND(AK7=-1,AL7=-1),-1,0)) -> 0
B8: 44778 | C8: 13573.93 | D8: 13642.91 | E8: 13693.34 | F8: 13562.62 | G8: 62.48M | H8: -0.0065 | J8: 44778 | K8: 13556 | L8: 13646 | M8: 13688 | N8: 13550 | O8: 44.27K | P8: -0.0062 | R8: 44778 | S8: 24.37 | T8: 23.6 | U8: 24.73 | V8: 23.35 | X8: 0.0216 | Z8: =IF(AC8="","",Z7+1) -> 5 | AA8: =+IF(OR(AC8="",AB8=""),"",AC8&AB8) | AB8: =+IF(OR(N(Z8)=MAX($Z$4:$Z$365),N(Z8)>MAX($Z$4:$Z$365)-5),"last W",IF(OR(N(Z8)=MAX($Z$4:$Z$365)-5,N(Z8)>MAX($Z$4:$Z$365)-10),"W-1",IF(OR(N(Z8)=MAX($Z$4:$Z$365)-10,N(Z8)>MAX($Z$4:$Z$365)-15),"W-2",""))) | AC8: =IF(S8="","",VLOOKUP(S7,Tablas!$C$5:$C$11,1,1)) -> 20 | AD8: =IF(AC8="","",M8-N8) -> 138 | AE8: =IF(AC8="","",C8/E8-1) -> -0.0087202976 | AF8: =IF(AC8="","",K8/N8-1) -> 0.00044280443 | AG8: =IF(AC8="","",M8-L8) -> 42 | AH8: =IF(AC8="","",L8-N8) -> 96 | AI8: =IF(AC8="","",IF(AG8>=AH8,M8-K8,K8-N8)) -> 6 | AK8: =+IF(K7>=C7,1,-1) -> -1 | AL8: =+IF(L8>=K7,1,-1) -> 1 | AM8: =+IF(AND(AK8=1,AL8=1),1,IF(AND(AK8=-1,AL8=-1),-1,0)) -> 0
B9: 44781 | C9: 13687.69 | D9: 13703.38 | E9: 13745.59 | F9: 13604.55 | G9: 51.64M | H9: 0.0084 | J9: 44781 | K9: 13681 | L9: 13605 | M9: 13742 | N9: 13596 | O9: 45.33K | P9: 0.0092 | R9: 44781 | S9: 23.83 | T9: 24.7 | U9: 24.86 | V9: 23.78 | X9: -0.022 | Z9: =IF(AC9="","",Z8+1) -> 6 | AA9: =+IF(OR(AC9="",AB9=""),"",AC9&AB9) | AB9: =+IF(OR(N(Z9)=MAX($Z$4:$Z$365),N(Z9)>MAX($Z$4:$Z$365)-5),"last W",IF(OR(N(Z9)=MAX($Z$4:$Z$365)-5,N(Z9)>MAX($Z$4:$Z$365)-10),"W-1",IF(OR(N(Z9)=MAX($Z$4:$Z$365)-10,N(Z9)>MAX($Z$4:$Z$365)-15),"W-2",""))) | AC9: =IF(S9="","",VLOOKUP(S8,Tablas!$C$5:$C$11,1,1)) -> 20 | AD9: =IF(AC9="","",M9-N9) -> 146 | AE9: =IF(AC9="","",C9/E9-1) -> -0.0042122601 | AF9: =IF(AC9="","",K9/N9-1) -> 0.0062518388 | AG9: =IF(AC9="","",M9-L9) -> 137 | AH9: =IF(AC9="","",L9-N9) -> 9 | AI9: =IF(AC9="","",IF(AG9>=AH9,M9-K9,K9-N9)) -> 61 | AK9: =+IF(K8>=C8,1,-1) -> -1 | AL9: =+IF(L9>=K8,1,-1) -> 1 | AM9: =+IF(AND(AK9=1,AL9=1),1,IF(AND(AK9=-1,AL9=-1),-1,0)) -> 0
B10: 44782 | C10: 13534.97 | D10: 13703.38 | E10: 13745.59 | F10: 13514.71 | G10: 51.02M | H10: -0.0112 | J10: 44782 | K10: 13544 | L10: 13678 | M10: 13680 | N10: 13505 | O10: 42.44K | P10: -0.01 | R10: 44782 | S10: 24.48 | T10: 23.72 | U10: 24.72 | V10: 23.71 | X10: 0.0271 | Z10: =IF(AC10="","",Z9+1) -> 7 | AA10: =+IF(OR(AC10="",AB10=""),"",AC10&AB10) | AB10: =+IF(OR(N(Z10)=MAX($Z$4:$Z$365),N(Z10)>MAX($Z$4:$Z$365)-5),"last W",IF(OR(N(Z10)=MAX($Z$4:$Z$365)-5,N(Z10)>MAX($Z$4:$Z$365)-10),"W-1",IF(OR(N(Z10)=MAX($Z$4:$Z$365)-10,N(Z10)>MAX($Z$4:$Z$365)-15),"W-2",""))) | AC10: =IF(S10="","",VLOOKUP(S9,Tablas!$C$5:$C$11,1,1)) -> 20 | AD10: =IF(AC10="","",M10-N10) -> 175 | AE10: =IF(AC10="","",C10/E10-1) -> -0.015322733 | AF10: =IF(AC10="","",K10/N10-1) -> 0.0028878193 | AG10: =IF(AC10="","",M10-L10) -> 2 | AH10: =IF(AC10="","",L10-N10) -> 173 | AI10: =IF(AC10="","",IF(AG10>=AH10,M10-K10,K10-N10)) -> 39 | AK10: =+IF(K9>=C9,1,-1) -> -1 | AL10: =+IF(L10>=K9,1,-1) -> -1 | AM10: =+IF(AND(AK10=1,AL10=1),1,IF(AND(AK10=-1,AL10=-1),-1,0)) -> -1
B11: 44783 | C11: 13700.93 | D11: 13482.63 | E11: 13715.56 | F11: 13455.7 | G11: 56.49M | H11: 0.0123 | J11: 44783 | K11: 13708 | L11: 13521 | M11: 13722 | N11: 13447 | O11: 50.77K | P11: 0.0121 | R11: 44783 | S11: 23.14 | T11: 24.96 | U11: 24.96 | V11: 23.01 | X11: -0.0546 | Z11: =IF(AC11="","",Z10+1) -> 8 | AA11: =+IF(OR(AC11="",AB11=""),"",AC11&AB11) | AB11: =+IF(OR(N(Z11)=MAX($Z$4:$Z$365),N(Z11)>MAX($Z$4:$Z$365)-5),"last W",IF(OR(N(Z11)=MAX($Z$4:$Z$365)-5,N(Z11)>MAX($Z$4:$Z$365)-10),"W-1",IF(OR(N(Z11)=MAX($Z$4:$Z$365)-10,N(Z11)>MAX($Z$4:$Z$365)-15),"W-2",""))) | AC11: =IF(S11="","",VLOOKUP(S10,Tablas!$C$5:$C$11,1,1)) -> 20 | AD11: =IF(AC11="","",M11-N11) -> 275 | AE11: =IF(AC11="","",C11/E11-1) -> -0.0010666717 | AF11: =IF(AC11="","",K11/N11-1) -> 0.019409534 | AG11: =IF(AC11="","",M11-L11) -> 201 | AH11: =IF(AC11="","",L11-N11) -> 74 | AI11: =IF(AC11="","",IF(AG11>=AH11,M11-K11,K11-N11)) -> 14 | AK11: =+IF(K10>=C10,1,-1) -> 1 | AL11: =+IF(L11>=K10,1,-1) -> -1 | AM11: =+IF(AND(AK11=1,AL11=1),1,IF(AND(AK11=-1,AL11=-1),-1,0)) -> 0
B12: 44784 | C12: 13694.51 | D12: 13747.07 | E12: 13763.26 | F12: 13661.17 | G12: 54.58M | H12: -0.0005 | J12: 44784 | K12: 13684 | L12: 13730 | M12: 13797 | N12: 13626 | O12: 47.85K | P12: -0.0018 | R12: 44784 | S12: 23.04 | T12: 22.85 | U12: 23.26 | V12: 22.52 | X12: -0.0044 | Z12: =IF(AC12="","",Z11+1) -> 9 | AA12: =+IF(OR(AC12="",AB12=""),"",AC12&AB12) | AB12: =+IF(OR(N(Z12)=MAX($Z$4:$Z$365),N(Z12)>MAX($Z$4:$Z$365)-5),"last W",IF(OR(N(Z12)=MAX($Z$4:$Z$365)-5,N(Z12)>MAX($Z$4:$Z$365)-10),"W-1",IF(OR(N(Z12)=MAX($Z$4:$Z$365)-10,N(Z12)>MAX($Z$4:$Z$365)-15),"W-2",""))) | AC12: =IF(S12="","",VLOOKUP(S11,Tablas!$C$5:$C$11,1,1)) -> 20 | AD12: =IF(AC12="","",M12-N12) -> 171 | AE12: =IF(AC12="","",C12/E12-1) -> -0.0049951828 | AF12: =IF(AC12="","",K12/N12-1) -> 0.0042565683 | AG12: =IF(AC12="","",M12-L12) -> 67 | AH12: =IF(AC12="","",L12-N12) -> 104 | AI12: =IF(AC12="","",IF(AG12>=AH12,M12-K12,K12-N12)) -> 58 | AK12: =+IF(K11>=C11,1,-1) -> 1 | AL12: =+IF(L12>=K11,1,-1) -> 1 | AM12: =+IF(AND(AK12=1,AL12=1),1,IF(AND(AK12=-1,AL12=-1),-1,0)) -> 1
B13: 44785 | C13: 13795.85 | D13: 13709.83 | E13: 13813.05 | F13: 13705.02 | G13: 58.50M | H13: 0.0074 | J13: 44785 | K13: 13804 | L13: 13655 | M13: 13882 | N13: 13650 | O13: 45.89K | P13: 0.0088 | R13: 44785 | S13: 22.2 | T13: 22.73 | U13: 22.74 | V13: 22.05 | X13: -0.0361 | Z13: =IF(AC13="","",Z12+1) -> 10 | AA13: =+IF(OR(AC13="",AB13=""),"",AC13&AB13) | AB13: =+IF(OR(N(Z13)=MAX($Z$4:$Z$365),N(Z13)>MAX($Z$4:$Z$365)-5),"last W",IF(OR(N(Z13)=MAX($Z$4:$Z$365)-5,N(Z13)>MAX($Z$4:$Z$365)-10),"W-1",IF(OR(N(Z13)=MAX($Z$4:$Z$365)-10,N(Z13)>MAX($Z$4:$Z$365)-15),"W-2",""))) | AC13: =IF(S13="","",VLOOKUP(S12,Tablas!$C$5:$C$11,1,1)) -> 20 | AD13: =IF(AC13="","",M13-N13) -> 232 | AE13: =IF(AC13="","",C13/E13-1) -> -0.0012451993 | AF13: =IF(AC13="","",K13/N13-1) -> 0.011282051 | AG13: =IF(AC13="","",M13-L13) -> 227 | AH13: =IF(AC13="","",L13-N13) -> 5 | AI13: =IF(AC13="","",IF(AG13>=AH13,M13-K13,K13-N13)) -> 78 | AK13: =+IF(K12>=C12,1,-1) -> -1 | AL13: =+IF(L13>=K12,1,-1) -> -1 | AM13: =+IF(AND(AK13=1,AL13=1),1,IF(AND(AK13=-1,AL13=-1),-1,0)) -> -1
B14: 44788 | C14: 13816.61 | D14: 13847.88 | E14: 13857.98 | F14: 13736 | G14: 37.84M | H14: 0.0015 | J14: 44788 | K14: 13805 | L14: 13862 | M14: 13870 | N14: 13729 | O14: 43.35K | P14: 0.0001 | R14: 44788 | S14: 22.58 | T14: 22.98 | U14: 23.25 | V14: 22.58 | X14: 0.0168 | Z14: =IF(AC14="","",Z13+1) -> 11 | AA14: =+IF(OR(AC14="",AB14=""),"",AC14&AB14) | AB14: =+IF(OR(N(Z14)=MAX($Z$4:$Z$365),N(Z14)>MAX($Z$4:$Z$365)-5),"last W",IF(OR(N(Z14)=MAX($Z$4:$Z$365)-5,N(Z14)>MAX($Z$4:$Z$365)-10),"W-1",IF(OR(N(Z14)=MAX($Z$4:$Z$365)-10,N(Z14)>MAX($Z$4:$Z$365)-15),"W-2",""))) | AC14: =IF(S14="","",VLOOKUP(S13,Tablas!$C$5:$C$11,1,1)) -> 20 | AD14: =IF(AC14="","",M14-N14) -> 141 | AE14: =IF(AC14="","",C14/E14-1) -> -0.0029852836 | AF14: =IF(AC14="","",K14/N14-1) -> 0.0055357273 | AG14: =IF(AC14="","",M14-L14) -> 8 | AH14: =IF(AC14="","",L14-N14) -> 133 | AI14: =IF(AC14="","",IF(AG14>=AH14,M14-K14,K14-N14)) -> 76 | AK14: =+IF(K13>=C13,1,-1) -> 1 | AL14: =+IF(L14>=K13,1,-1) -> 1 | AM14: =+IF(AND(AK14=1,AL14=1),1,IF(AND(AK14=-1,AL14=-1),-1,0)) -> 1
B15: 44789 | C15: 13910.12 | D15: 13849.62 | E15: 13947.85 | F15: 13824.97 | G15: 50.95M | H15: 0.0068 | J15: 44789 | K15: 13910 | L15: 13826 | M15: 13970 | N15: 13812 | O15: 51.25K | P15: 0.0076 | R15: 44789 | S15: 22.03 | T15: 22.3 | U15: 22.36 | V15: 21.84 | X15: -0.0241 | Z15: =IF(AC15="","",Z14+1) -> 12 | AA15: =+IF(OR(AC15="",AB15=""),"",AC15&AB15) | AB15: =+IF(OR(N(Z15)=MAX($Z$4:$Z$365),N(Z15)>MAX($Z$4:$Z$365)-5),"last W",IF(OR(N(Z15)=MAX($Z$4:$Z$365)-5,N(Z15)>MAX($Z$4:$Z$365)-10),"W-1",IF(OR(N(Z15)=MAX($Z$4:$Z$365)-10,N(Z15)>MAX($Z$4:$Z$365)-15),"W-2",""))) | AC15: =IF(S15="","",VLOOKUP(S14,Tablas!$C$5:$C$11,1,1)) -> 20 | AD15: =IF(AC15="","",M15-N15) -> 158 | AE15: =IF(AC15="","",C15/E15-1) -> -0.0027050764 | AF15: =IF(AC15="","",K15/N15-1) -> 0.0070952795 | AG15: =IF(AC15="","",M15-L15) -> 144 | AH15: =IF(AC15="","",L15-N15) -> 14 | AI15: =IF(AC15="","",IF(AG15>=AH15,M15-K15,K15-N15)) -> 60 | AK15: =+IF(K14>=C14,1,-1) -> -1 | AL15: =+IF(L15>=K14,1,-1) -> 1 | AM15: =+IF(AND(AK15=1,AL15=1),1,IF(AND(AK15=-1,AL15=-1),-1,0)) -> 0
B16: 44790 | C16: 13626.71 | D16: 13928.12 | E16: 13930.57 | F16: 13610.44 | G16: 57.25M | H16: -0.0204 | J16: 44790 | K16: 13615 | L16: 13943 | M16: 13961 | N16: 13600 | O16: 66.15K | P16: -0.0212 | R16: 44790 | S16: 24.38 | T16: 21.95 | U16: 24.42 | V16: 21.85 | X16: 0.1064 | Z16: =IF(AC16="","",Z15+1) -> 13 | AA16: =+IF(OR(AC16="",AB16=""),"",AC16&AB16) | AB16: =+IF(OR(N(Z16)=MAX($Z$4:$Z$365),N(Z16)>MAX($Z$4:$Z$365)-5),"last W",IF(OR(N(Z16)=MAX($Z$4:$Z$365)-5,N(Z16)>MAX($Z$4:$Z$365)-10),"W-1",IF(OR(N(Z16)=MAX($Z$4:$Z$365)-10,N(Z16)>MAX($Z$4:$Z$365)-15),"W-2",""))) | AC16: =IF(S16="","",VLOOKUP(S15,Tablas!$C$5:$C$11,1,1)) -> 20 | AD16: =IF(AC16="","",M16-N16) -> 361 | AE16: =IF(AC16="","",C16/E16-1) -> -0.02181246 | AF16: =IF(AC16="","",K16/N16-1) -> 0.0011029412 | AG16: =IF(AC16="","",M16-L16) -> 18 | AH16: =IF(AC16="","",L16-N16) -> 343 | AI16: =IF(AC16="","",IF(AG16>=AH16,M16-K16,K16-N16)) -> 15 | AK16: =+IF(K15>=C15,1,-1) -> -1 | AL16: =+IF(L16>=K15,1,-1) -> 1 | AM16: =+IF(AND(AK16=1,AL16=1),1,IF(AND(AK16=-1,AL16=-1),-1,0)) -> 0
... B31: 44811 | C31: 12915.97 | D31: 12770.72 | E31: 12953.99 | F31: 12736.09 | G31: 67.13M | H31: 0.0035 | J31: 44811 | K31: 12942 | L31: 12790 | M31: 12993 | N31: 12700 | O31: 68.56K | P31: 0.0065 | R31: 44811 | S31: 27.92 | T31: 28.6 | U31: 28.86 | V31: 27.88 | X31: -0.0068 | Z31: =IF(AC31="","",Z30+1) -> 28 | AA31: =+IF(OR(AC31="",AB31=""),"",AC31&AB31) | AB31: =+IF(OR(N(Z31)=MAX($Z$4:$Z$365),N(Z31)>MAX($Z$4:$Z$365)-5),"last W",IF(OR(N(Z31)=MAX($Z$4:$Z$365)-5,N(Z31)>MAX($Z$4:$Z$365)-10),"W-1",IF(OR(N(Z31)=MAX($Z$4:$Z$365)-10,N(Z31)>MAX($Z$4:$Z$365)-15),"W-2",""))) | AC31: =IF(S31="","",VLOOKUP(S30,Tablas!$C$5:$C$11,1,1)) -> 25 | AD31: =IF(AC31="","",M31-N31) -> 293 | AE31: =IF(AC31="","",C31/E31-1) -> -0.002935003 | AF31: =IF(AC31="","",K31/N31-1) -> 0.019055118 | AG31: =IF(AC31="","",M31-L31) -> 203 | AH31: =IF(AC31="","",L31-N31) -> 90 | AI31: =IF(AC31="","",IF(AG31>=AH31,M31-K31,K31-N31)) -> 51 | AK31: =+IF(K30>=C30,1,-1) -> -1 | AL31: =+IF(L31>=K30,1,-1) -> -1 | AM31: =+IF(AND(AK31=1,AL31=1),1,IF(AND(AK31=-1,AL31=-1),-1,0)) -> -1
B32: 44812 | C32: 12904.32 | D32: 12985.61 | E32: 13008.82 | F32: 12688.87 | G32: 71.24M | H32: -0.0009 | J32: 44812 | K32: 12867 | L32: 12974.5 | M32: 13038.5 | N32: 12685.5 | P32: -0.0058 | R32: 44812 | S32: 26.86 | T32: 27.53 | U32: 28.15 | V32: 26.73 | X32: -0.0377 | Z32: =IF(AC32="","",Z31+1) -> 29 | AA32: =+IF(OR(AC32="",AB32=""),"",AC32&AB32) | AB32: =+IF(OR(N(Z32)=MAX($Z$4:$Z$365),N(Z32)>MAX($Z$4:$Z$365)-5),"last W",IF(OR(N(Z32)=MAX($Z$4:$Z$365)-5,N(Z32)>MAX($Z$4:$Z$365)-10),"W-1",IF(OR(N(Z32)=MAX($Z$4:$Z$365)-10,N(Z32)>MAX($Z$4:$Z$365)-15),"W-2",""))) | AC32: =IF(S32="","",VLOOKUP(S31,Tablas!$C$5:$C$11,1,1)) -> 25 | AD32: =IF(AC32="","",M32-N32) -> 353 | AE32: =IF(AC32="","",C32/E32-1) -> -0.0080330114 | AF32: =IF(AC32="","",K32/N32-1) -> 0.014307674 | AG32: =IF(AC32="","",M32-L32) -> 64 | AH32: =IF(AC32="","",L32-N32) -> 289 | AI32: =IF(AC32="","",IF(AG32>=AH32,M32-K32,K32-N32)) -> 181.5 | AK32: =+IF(K31>=C31,1,-1) -> 1 | AL32: =+IF(L32>=K31,1,-1) -> 1 | AM32: =+IF(AND(AK32=1,AL32=1),1,IF(AND(AK32=-1,AL32=-1),-1,0)) -> 1
B33: 44813 | C33: 13088.21 | D33: 12926.15 | E33: 13121.13 | F33: 12925.57 | G33: 67.72M | H33: 0.0143 | J33: 44813 | K33: 13084 | L33: 12884 | M33: 13137 | N33: 12873 | O33: 88.97K | P33: 0.0169 | R33: 44813 | S33: 26.06 | T33: 26.21 | U33: 26.3 | V33: 25.58 | X33: -0.0298 | Z33: =IF(AC33="","",Z32+1) -> 30 | AA33: =+IF(OR(AC33="",AB33=""),"",AC33&AB33) | AB33: =+IF(OR(N(Z33)=MAX($Z$4:$Z$365),N(Z33)>MAX($Z$4:$Z$365)-5),"last W",IF(OR(N(Z33)=MAX($Z$4:$Z$365)-5,N(Z33)>MAX($Z$4:$Z$365)-10),"W-1",IF(OR(N(Z33)=MAX($Z$4:$Z$365)-10,N(Z33)>MAX($Z$4:$Z$365)-15),"W-2",""))) | AC33: =IF(S33="","",VLOOKUP(S32,Tablas!$C$5:$C$11,1,1)) -> 25 | AD33: =IF(AC33="","",M33-N33) -> 264 | AE33: =IF(AC33="","",C33/E33-1) -> -0.0025089303 | AF33: =IF(AC33="","",K33/N33-1) -> 0.016390896 | AG33: =IF(AC33="","",M33-L33) -> 253 | AH33: =IF(AC33="","",L33-N33) -> 11 | AI33: =IF(AC33="","",IF(AG33>=AH33,M33-K33,K33-N33)) -> 53 | AK33: =+IF(K32>=C32,1,-1) -> -1 | AL33: =+IF(L33>=K32,1,-1) -> 1 | AM33: =+IF(AND(AK33=1,AL33=1),1,IF(AND(AK33=-1,AL33=-1),-1,0)) -> 0
B34: 44816 | C34: 13402.27 | D34: 13171.92 | E34: 13441.54 | F34: 13165.78 | G34: 67.05M | H34: 0.024 | J34: 44816 | K34: 13405 | L34: 13146 | M34: 13446 | N34: 13141 | O34: 97.13K | P34: 0.0245 | R34: 44816 | S34: 25.71 | T34: 26.59 | U34: 26.6 | V34: 25.43 | X34: -0.0134 | Z34: =IF(AC34="","",Z33+1) -> 31 | AA34: =+IF(OR(AC34="",AB34=""),"",AC34&AB34) | AB34: =+IF(OR(N(Z34)=MAX($Z$4:$Z$365),N(Z34)>MAX($Z$4:$Z$365)-5),"last W",IF(OR(N(Z34)=MAX($Z$4:$Z$365)-5,N(Z34)>MAX($Z$4:$Z$365)-10),"W-1",IF(OR(N(Z34)=MAX($Z$4:$Z$365)-10,N(Z34)>MAX($Z$4:$Z$365)-15),"W-2",""))) | AC34: =IF(S34="","",VLOOKUP(S33,Tablas!$C$5:$C$11,1,1)) -> 25 | AD34: =IF(AC34="","",M34-N34) -> 305 | AE34: =IF(AC34="","",C34/E34-1) -> -0.0029215402 | AF34: =IF(AC34="","",K34/N34-1) -> 0.020089795 | AG34: =IF(AC34="","",M34-L34) -> 300 | AH34: =IF(AC34="","",L34-N34) -> 5 | AI34: =IF(AC34="","",IF(AG34>=AH34,M34-K34,K34-N34)) -> 41 | AK34: =+IF(K33>=C33,1,-1) -> -1 | AL34: =+IF(L34>=K33,1,-1) -> 1 | AM34: =+IF(AND(AK34=1,AL34=1),1,IF(AND(AK34=-1,AL34=-1),-1,0)) -> 0
B35: 44817 | C35: 13188.95 | D35: 13450.39 | E35: 13564.83 | F35: 13183.19 | G35: 68.43M | H35: -0.0159 | J35: 44817 | K35: 13186 | L35: 13410 | M35: 13572 | N35: 13067 | O35: 123.58K | P35: -0.0163 | R35: 44817 | S35: 27.02 | T35: 25.93 | U35: 27.1 | V35: 25.38 | X35: 0.0509 | Z35: =IF(AC35="","",Z34+1) -> 32 | AA35: =+IF(OR(AC35="",AB35=""),"",AC35&AB35) | AB35: =+IF(OR(N(Z35)=MAX($Z$4:$Z$365),N(Z35)>MAX($Z$4:$Z$365)-5),"last W",IF(OR(N(Z35)=MAX($Z$4:$Z$365)-5,N(Z35)>MAX($Z$4:$Z$365)-10),"W-1",IF(OR(N(Z35)=MAX($Z$4:$Z$365)-10,N(Z35)>MAX($Z$4:$Z$365)-15),"W-2",""))) | AC35: =IF(S35="","",VLOOKUP(S34,Tablas!$C$5:$C$11,1,1)) -> 25 | AD35: =IF(AC35="","",M35-N35) -> 505 | AE35: =IF(AC35="","",C35/E35-1) -> -0.027709894 | AF35: =IF(AC35="","",K35/N35-1) -> 0.0091069105 | AG35: =IF(AC35="","",M35-L35) -> 162 | AH35: =IF(AC35="","",L35-N35) -> 343 | AI35: =IF(AC35="","",IF(AG35>=AH35,M35-K35,K35-N35)) -> 119 | AK35: =+IF(K34>=C34,1,-1) -> 1 | AL35: =+IF(L35>=K34,1,-1) -> 1 | AM35: =+IF(AND(AK35=1,AL35=1),1,IF(AND(AK35=-1,AL35=-1),-1,0)) -> 1
B36: 44818 | C36: 13028 | D36: 13131.34 | E36: 13192.82 | F36: 12952.09 | G36: 62.45M | H36: -0.0122 | J36: 44818 | K36: 13031 | L36: 13074 | M36: 13196 | N36: 12951 | O36: 96.80K | P36: -0.0118 | R36: 44818 | S36: 27.24 | T36: 27.13 | U36: 28.05 | V36: 26.96 | X36: 0.0082 | Z36: =IF(AC36="","",Z35+1) -> 33 | AA36: =+IF(OR(AC36="",AB36=""),"",AC36&AB36) | AB36: =+IF(OR(N(Z36)=MAX($Z$4:$Z$365),N(Z36)>MAX($Z$4:$Z$365)-5),"last W",IF(OR(N(Z36)=MAX($Z$4:$Z$365)-5,N(Z36)>MAX($Z$4:$Z$365)-10),"W-1",IF(OR(N(Z36)=MAX($Z$4:$Z$365)-10,N(Z36)>MAX($Z$4:$Z$365)-15),"W-2",""))) | AC36: =IF(S36="","",VLOOKUP(S35,Tablas!$C$5:$C$11,1,1)) -> 25 | AD36: =IF(AC36="","",M36-N36) -> 245 | AE36: =IF(AC36="","",C36/E36-1) -> -0.012493159 | AF36: =IF(AC36="","",K36/N36-1) -> 0.0061771292 | AG36: =IF(AC36="","",M36-L36) -> 122 | AH36: =IF(AC36="","",L36-N36) -> 123 | AI36: =IF(AC36="","",IF(AG36>=AH36,M36-K36,K36-N36)) -> 80 | AK36: =+IF(K35>=C35,1,-1) -> -1 | AL36: =+IF(L36>=K35,1,-1) -> -1 | AM36: =+IF(AND(AK36=1,AL36=1),1,IF(AND(AK36=-1,AL36=-1),-1,0)) -> -1
B37: 44819 | C37: 12956.66 | D37: 13040.36 | E37: 13111.38 | F37: 12927.2 | G37: 67.76M | H37: -0.0055 | J37: 44819 | K37: 12969 | L37: 13067 | M37: 13112 | N37: 12907 | O37: 58.17K | P37: -0.0048 | R37: 44819 | S37: 26.46 | T37: 26.66 | U37: 26.98 | V37: 26.04 | X37: -0.0287 | Z37: =IF(AC37="","",Z36+1) -> 34 | AA37: =+IF(OR(AC37="",AB37=""),"",AC37&AB37) | AB37: =+IF(OR(N(Z37)=MAX($Z$4:$Z$365),N(Z37)>MAX($Z$4:$Z$365)-5),"last W",IF(OR(N(Z37)=MAX($Z$4:$Z$365)-5,N(Z37)>MAX($Z$4:$Z$365)-10),"W-1",IF(OR(N(Z37)=MAX($Z$4:$Z$365)-10,N(Z37)>MAX($Z$4:$Z$365)-15),"W-2",""))) | AC37: =IF(S37="","",VLOOKUP(S36,Tablas!$C$5:$C$11,1,1)) -> 25 | AD37: =IF(AC37="","",M37-N37) -> 205 | AE37: =IF(AC37="","",C37/E37-1) -> -0.011800436 | AF37: =IF(AC37="","",K37/N37-1) -> 0.0048035949 | AG37: =IF(AC37="","",M37-L37) -> 45 | AH37: =IF(AC37="","",L37-N37) -> 160 | AI37: =IF(AC37="","",IF(AG37>=AH37,M37-K37,K37-N37)) -> 62 | AK37: =+IF(K36>=C36,1,-1) -> 1 | AL37: =+IF(L37>=K36,1,-1) -> 1 | AM37: =+IF(AND(AK37=1,AL37=1),1,IF(AND(AK37=-1,AL37=-1),-1,0)) -> 1
B38: 44820 | C38: 12741.26 | D38: 12814.92 | E38: 12815.33 | F38: 12699.22 | G38: 148.56M | H38: -0.0166 | J38: 44820 | K38: 12751 | L38: 12886 | M38: 12904 | N38: 12700 | O38: 4.84K | P38: -0.0168 | R38: 44820 | S38: 27.62 | T38: 27.37 | U38: 28 | V38: 27.13 | X38: 0.0438 | Z38: =IF(AC38="","",Z37+1) -> 35 | AA38: =+IF(OR(AC38="",AB38=""),"",AC38&AB38) | AB38: =+IF(OR(N(Z38)=MAX($Z$4:$Z$365),N(Z38)>MAX($Z$4:$Z$365)-5),"last W",IF(OR(N(Z38)=MAX($Z$4:$Z$365)-5,N(Z38)>MAX($Z$4:$Z$365)-10),"W-1",IF(OR(N(Z38)=MAX($Z$4:$Z$365)-10,N(Z38)>MAX($Z$4:$Z$365)-15),"W-2",""))) | AC38: =IF(S38="","",VLOOKUP(S37,Tablas!$C$5:$C$11,1,1)) -> 25 | AD38: =IF(AC38="","",M38-N38) -> 204 | AE38: =IF(AC38="","",C38/E38-1) -> -0.0057797965 | AF38: =IF(AC38="","",K38/N38-1) -> 0.004015748 | AG38: =IF(AC38="","",M38-L38) -> 18 | AH38: =IF(AC38="","",L38-N38) -> 186 | AI38: =IF(AC38="","",IF(AG38>=AH38,M38-K38,K38-N38)) -> 51 | AK38: =+IF(K37>=C37,1,-1) -> 1 | AL38: =+IF(L38>=K37,1,-1) -> -1 | AM38: =+IF(AND(AK38=1,AL38=1),1,IF(AND(AK38=-1,AL38=-1),-1,0)) -> 0
B39: 44823 | C39: 12803.24 | D39: 12685.29 | E39: 12866.7 | F39: 12606.64 | G39: 49.58M | H39: 0.0049 | J39: 44823 | K39: 12846 | L39: 12785 | M39: 12904 | N39: 12624 | O39: 55.07K | P39: 0.0075 | R39: 44823 | S39: 26.94 | T39: 28.48 | U39: 28.55 | V39: 26.74 | X39: -0.0246 | Z39: =IF(AC39="","",Z38+1) -> 36 | AA39: =+IF(OR(AC39="",AB39=""),"",AC39&AB39) | AB39: =+IF(OR(N(Z39)=MAX($Z$4:$Z$365),N(Z39)>MAX($Z$4:$Z$365)-5),"last W",IF(OR(N(Z39)=MAX($Z$4:$Z$365)-5,N(Z39)>MAX($Z$4:$Z$365)-10),"W-1",IF(OR(N(Z39)=MAX($Z$4:$Z$365)-10,N(Z39)>MAX($Z$4:$Z$365)-15),"W-2",""))) | AC39: =IF(S39="","",VLOOKUP(S38,Tablas!$C$5:$C$11,1,1)) -> 25 | AD39: =IF(AC39="","",M39-N39) -> 280 | AE39: =IF(AC39="","",C39/E39-1) -> -0.0049321116 | AF39: =IF(AC39="","",K39/N39-1) -> 0.017585551 | AG39: =IF(AC39="","",M39-L39) -> 119 | AH39: =IF(AC39="","",L39-N39) -> 161 | AI39: =IF(AC39="","",IF(AG39>=AH39,M39-K39,K39-N39)) -> 222 | AK39: =+IF(K38>=C38,1,-1) -> 1 | AL39: =+IF(L39>=K38,1,-1) -> 1 | AM39: =+IF(AND(AK39=1,AL39=1),1,IF(AND(AK39=-1,AL39=-1),-1,0)) -> 1
B40: 44824 | C40: 12670.83 | D40: 12849.78 | E40: 12936.57 | F40: 12638.22 | G40: 62.74M | H40: -0.0103 | J40: 44824 | K40: 12684 | L40: 12918 | M40: 12962 | N40: 12555 | O40: 75.25K | P40: -0.0126 | R40: 44824 | S40: 27.88 | T40: 26.29 | U40: 28 | V40: 26.18 | X40: 0.0348 | Z40: =IF(AC40="","",Z39+1) -> 37 | AA40: =+IF(OR(AC40="",AB40=""),"",AC40&AB40) | AB40: =+IF(OR(N(Z40)=MAX($Z$4:$Z$365),N(Z40)>MAX($Z$4:$Z$365)-5),"last W",IF(OR(N(Z40)=MAX($Z$4:$Z$365)-5,N(Z40)>MAX($Z$4:$Z$365)-10),"W-1",IF(OR(N(Z40)=MAX($Z$4:$Z$365)-10,N(Z40)>MAX($Z$4:$Z$365)-15),"W-2",""))) | AC40: =IF(S40="","",VLOOKUP(S39,Tablas!$C$5:$C$11,1,1)) -> 25 | AD40: =IF(AC40="","",M40-N40) -> 407 | AE40: =IF(AC40="","",C40/E40-1) -> -0.020541766 | AF40: =IF(AC40="","",K40/N40-1) -> 0.010274791 | AG40: =IF(AC40="","",M40-L40) -> 44 | AH40: =IF(AC40="","",L40-N40) -> 363 | AI40: =IF(AC40="","",IF(AG40>=AH40,M40-K40,K40-N40)) -> 129 | AK40: =+IF(K39>=C39,1,-1) -> 1 | AL40: =+IF(L40>=K39,1,-1) -> 1 | AM40: =+IF(AND(AK40=1,AL40=1),1,IF(AND(AK40=-1,AL40=-1),-1,0)) -> 1
B41: 44825 | C41: 12767.15 | D41: 12555.31 | E41: 12771.78 | F41: 12520.81 | G41: 55.27M | H41: 0.0076 | J41: 44825 | K41: 12783 | L41: 12671 | M41: 12882 | N41: 12536 | O41: 70.62K | P41: 0.0078 | R41: 44825 | S41: 28.06 | T41: 28.87 | U41: 28.94 | V41: 27.94 | X41: 0.0064 | Z41: =IF(AC41="","",Z40+1) -> 38 | AA41: =+IF(OR(AC41="",AB41=""),"",AC41&AB41) | AB41: =+IF(OR(N(Z41)=MAX($Z$4:$Z$365),N(Z41)>MAX($Z$4:$Z$365)-5),"last W",IF(OR(N(Z41)=MAX($Z$4:$Z$365)-5,N(Z41)>MAX($Z$4:$Z$365)-10),"W-1",IF(OR(N(Z41)=MAX($Z$4:$Z$365)-10,N(Z41)>MAX($Z$4:$Z$365)-15),"W-2",""))) | AC41: =IF(S41="","",VLOOKUP(S40,Tablas!$C$5:$C$11,1,1)) -> 25 | AD41: =IF(AC41="","",M41-N41) -> 346 | AE41: =IF(AC41="","",C41/E41-1) -> -0.00036251799 | AF41: =IF(AC41="","",K41/N41-1) -> 0.019703255 | AG41: =IF(AC41="","",M41-L41) -> 211 | AH41: =IF(AC41="","",L41-N41) -> 135 | AI41: =IF(AC41="","",IF(AG41>=AH41,M41-K41,K41-N41)) -> 99 | AK41: =+IF(K40>=C40,1,-1) -> 1 | AL41: =+IF(L41>=K40,1,-1) -> -1 | AM41: =+IF(AND(AK41=1,AL41=1),1,IF(AND(AK41=-1,AL41=-1),-1,0)) -> 0
B42: 44826 | C42: 12531.63 | D42: 12531.66 | E42: 12781.56 | F42: 12526.61 | G42: 66.53M | H42: -0.0184 | J42: 44826 | K42: 12559 | L42: 12560 | M42: 12804 | N42: 12465 | O42: 78.09K | P42: -0.0175 | R42: 44826 | S42: 28.65 | T42: 28.78 | U42: 28.78 | V42: 27.47 | X42: 0.021 | Z42: =IF(AC42="","",Z41+1) -> 39 | AA42: =+IF(OR(AC42="",AB42=""),"",AC42&AB42) | AB42: =+IF(OR(N(Z42)=MAX($Z$4:$Z$365),N(Z42)>MAX($Z$4:$Z$365)-5),"last W",IF(OR(N(Z42)=MAX($Z$4:$Z$365)-5,N(Z42)>MAX($Z$4:$Z$365)-10),"W-1",IF(OR(N(Z42)=MAX($Z$4:$Z$365)-10,N(Z42)>MAX($Z$4:$Z$365)-15),"W-2",""))) | AC42: =IF(S42="","",VLOOKUP(S41,Tablas!$C$5:$C$11,1,1)) -> 25 | AD42: =IF(AC42="","",M42-N42) -> 339 | AE42: =IF(AC42="","",C42/E42-1) -> -0.019553951 | AF42: =IF(AC42="","",K42/N42-1) -> 0.0075411151 | AG42: =IF(AC42="","",M42-L42) -> 244 | AH42: =IF(AC42="","",L42-N42) -> 95 | AI42: =IF(AC42="","",IF(AG42>=AH42,M42-K42,K42-N42)) -> 245 | AK42: =+IF(K41>=C41,1,-1) -> 1 | AL42: =+IF(L42>=K41,1,-1) -> -1 | AM42: =+IF(AND(AK42=1,AL42=1),1,IF(AND(AK42=-1,AL42=-1),-1,0)) -> 0
B43: 44827 | C43: 12284.19 | D43: 12506.64 | E43: 12521.25 | F43: 12180.76 | G43: 86.71M | H43: -0.0197 | J43: 44827 | K43: 12299 | L43: 12625 | M43: 12641 | N43: 12198 | O43: 95.39K | P43: -0.0207 | R43: 44827 | S43: 30.82 | T43: 28.68 | U43: 31.11 | V43: 28.45 | X43: 0.0758 | Z43: =IF(AC43="","",Z42+1) -> 40 | AA43: =+IF(OR(AC43="",AB43=""),"",AC43&AB43) | AB43: =+IF(OR(N(Z43)=MAX($Z$4:$Z$365),N(Z43)>MAX($Z$4:$Z$365)-5),"last W",IF(OR(N(Z43)=MAX($Z$4:$Z$365)-5,N(Z43)>MAX($Z$4:$Z$365)-10),"W-1",IF(OR(N(Z43)=MAX($Z$4:$Z$365)-10,N(Z43)>MAX($Z$4:$Z$365)-15),"W-2",""))) | AC43: =IF(S43="","",VLOOKUP(S42,Tablas!$C$5:$C$11,1,1)) -> 25 | AD43: =IF(AC43="","",M43-N43) -> 443 | AE43: =IF(AC43="","",C43/E43-1) -> -0.018932615 | AF43: =IF(AC43="","",K43/N43-1) -> 0.0082800459 | AG43: =IF(AC43="","",M43-L43) -> 16 | AH43: =IF(AC43="","",L43-N43) -> 427 | AI43: =IF(AC43="","",IF(AG43>=AH43,M43-K43,K43-N43)) -> 101 | AK43: =+IF(K42>=C42,1,-1) -> 1 | AL43: =+IF(L43>=K42,1,-1) -> 1 | AM43: =+IF(AND(AK43=1,AL43=1),1,IF(AND(AK43=-1,AL43=-1),-1,0)) -> 1
B44: 44830 | C44: 12227.92 | D44: 12231.84 | E44: 12368.49 | F44: 12184 | G44: 67.27M | H44: -0.0046 | J44: 44830 | K44: 12260 | L44: 12308 | M44: 12390 | N44: 12184 | O44: 74.31K | P44: -0.0032 | R44: 44830 | S44: 31 | T44: 32.05 | U44: 32.35 | V44: 30.71 | X44: 0.0059 | Z44: =IF(AC44="","",Z43+1) -> 41 | AA44: =+IF(OR(AC44="",AB44=""),"",AC44&AB44) | AB44: =+IF(OR(N(Z44)=MAX($Z$4:$Z$365),N(Z44)>MAX($Z$4:$Z$365)-5),"last W",IF(OR(N(Z44)=MAX($Z$4:$Z$365)-5,N(Z44)>MAX($Z$4:$Z$365)-10),"W-1",IF(OR(N(Z44)=MAX($Z$4:$Z$365)-10,N(Z44)>MAX($Z$4:$Z$365)-15),"W-2",""))) | AC44: =IF(S44="","",VLOOKUP(S43,Tablas!$C$5:$C$11,1,1)) -> 30 | AD44: =IF(AC44="","",M44-N44) -> 206 | AE44: =IF(AC44="","",C44/E44-1) -> -0.011365171 | AF44: =IF(AC44="","",K44/N44-1) -> 0.0062376888 | AG44: =IF(AC44="","",M44-L44) -> 82 | AH44: =IF(AC44="","",L44-N44) -> 124 | AI44: =IF(AC44="","",IF(AG44>=AH44,M44-K44,K44-N44)) -> 76 | AK44: =+IF(K43>=C43,1,-1) -> 1 | AL44: =+IF(L44>=K43,1,-1) -> 1 | AM44: =+IF(AND(AK44=1,AL44=1),1,IF(AND(AK44=-1,AL44=-1),-1,0)) -> 1
... B108: 44918 | C108: 13940.93 | D108: 13945.59 | E108: 14000.68 | F108: 13874.5 | G108: 28.74M | H108: 0.0019 | J108: 44918 | K108: 14003 | L108: 13999 | M108: 14069 | N108: 13935 | O108: 39.65K | P108: 0.0034 | R108: 44918 | S108: 20.07 | T108: 20.49 | U108: 20.6 | V108: 19.95 | X108: -0.0085 | Z108: =IF(AC108="","",Z107+1) -> 105 | AA108: =+IF(OR(AC108="",AB108=""),"",AC108&AB108) | AB108: =+IF(OR(N(Z108)=MAX($Z$4:$Z$365),N(Z108)>MAX($Z$4:$Z$365)-5),"last W",IF(OR(N(Z108)=MAX($Z$4:$Z$365)-5,N(Z108)>MAX($Z$4:$Z$365)-10),"W-1",IF(OR(N(Z108)=MAX($Z$4:$Z$365)-10,N(Z108)>MAX($Z$4:$Z$365)-15),"W-2",""))) | AC108: =IF(S108="","",VLOOKUP(S107,Tablas!$C$5:$C$11,1,1)) -> 20 | AD108: =IF(AC108="","",M108-N108) -> 134 | AE108: =IF(AC108="","",C108/E108-1) -> -0.0042676499 | AF108: =IF(AC108="","",K108/N108-1) -> 0.0048797991 | AG108: =IF(AC108="","",M108-L108) -> 70 | AH108: =IF(AC108="","",L108-N108) -> 64 | AI108: =IF(AC108="","",IF(AG108>=AH108,M108-K108,K108-N108)) -> 66 | AK108: =+IF(K107>=C107,1,-1) -> 1 | AL108: =+IF(L108>=K107,1,-1) -> 1 | AM108: =+IF(AND(AK108=1,AL108=1),1,IF(AND(AK108=-1,AL108=-1),-1,0)) -> 1
R109: 44922 | S109: 20.75 | T109: 20.97 | U109: 21.03 | V109: 20.63 | X109: 0.0336 | Z109: =IF(AC109="","",Z108+1) -> 106 | AA109: =+IF(OR(AC109="",AB109=""),"",AC109&AB109) | AB109: =+IF(OR(N(Z109)=MAX($Z$4:$Z$365),N(Z109)>MAX($Z$4:$Z$365)-5),"last W",IF(OR(N(Z109)=MAX($Z$4:$Z$365)-5,N(Z109)>MAX($Z$4:$Z$365)-10),"W-1",IF(OR(N(Z109)=MAX($Z$4:$Z$365)-10,N(Z109)>MAX($Z$4:$Z$365)-15),"W-2",""))) | AC109: =IF(S109="","",VLOOKUP(S108,Tablas!$C$5:$C$11,1,1)) -> 20 | AD109: =IF(AC109="","",M109-N109) -> 0 | AE109: =IF(AC109="","",C109/E109-1) -> #DIV/0! | AF109: =IF(AC109="","",K109/N109-1) -> #DIV/0! | AG109: =IF(AC109="","",M109-L109) -> 0 | AH109: =IF(AC109="","",L109-N109) -> 0 | AI109: =IF(AC109="","",IF(AG109>=AH109,M109-K109,K109-N109)) -> 0 | AK109: =+IF(K108>=C108,1,-1) -> 1 | AL109: =+IF(L109>=K108,1,-1) -> -1 | AM109: =+IF(AND(AK109=1,AL109=1),1,IF(AND(AK109=-1,AL109=-1),-1,0)) -> 0
B110: 44935 | C110: 14792.83 | D110: 14650.73 | E110: 14832.89 | F110: 14628.61 | G110: 64,98M | H110: 0.0125 | J110: 44935 | K110: 14886 | L110: 14734 | M110: 14894 | N110: 14685 | O110: 54,29K | P110: 0.0151 | R110: 44935 | S110: 18.47 | T110: 18.9 | U110: 18.9 | V110: 18.21 | X110: -0.0027 | Z110: =IF(AC110="","",Z109+1) -> 107 | AA110: =+IF(OR(AC110="",AB110=""),"",AC110&AB110) | AB110: =+IF(OR(N(Z110)=MAX($Z$4:$Z$365),N(Z110)>MAX($Z$4:$Z$365)-5),"last W",IF(OR(N(Z110)=MAX($Z$4:$Z$365)-5,N(Z110)>MAX($Z$4:$Z$365)-10),"W-1",IF(OR(N(Z110)=MAX($Z$4:$Z$365)-10,N(Z110)>MAX($Z$4:$Z$365)-15),"W-2",""))) | AC110: =IF(S110="","",VLOOKUP(S109,Tablas!$C$5:$C$11,1,1)) -> 20 | AD110: =IF(AC110="","",M110-N110) -> 209 | AE110: =IF(AC110="","",C110/E110-1) -> -0.0027007549 | AF110: =IF(AC110="","",K110/N110-1) -> 0.013687436 | AG110: =IF(AC110="","",M110-L110) -> 160 | AH110: =IF(AC110="","",L110-N110) -> 49 | AI110: =IF(AC110="","",IF(AG110>=AH110,M110-K110,K110-N110)) -> 8 | AK110: =+IF(K109>=C109,1,-1) -> 1 | AL110: =+IF(L110>=K109,1,-1) -> 1 | AM110: =+IF(AND(AK110=1,AL110=1),1,IF(AND(AK110=-1,AL110=-1),-1,0)) -> 1
B111: 44936 | C111: 14774.6 | D111: 14741.97 | E111: 14790.82 | F111: 14692.74 | G111: 57,44M | H111: -0.0012 | J111: 44936 | K111: 14834 | L111: 14782 | M111: 14909 | N111: 14739 | O111: 46,49K | P111: -0.0035 | R111: 44936 | S111: 18.82 | T111: 18.72 | U111: 19.16 | V111: 18.72 | X111: 0.0189 | Z111: =IF(AC111="","",Z110+1) -> 108 | AA111: =+IF(OR(AC111="",AB111=""),"",AC111&AB111) | AB111: =+IF(OR(N(Z111)=MAX($Z$4:$Z$365),N(Z111)>MAX($Z$4:$Z$365)-5),"last W",IF(OR(N(Z111)=MAX($Z$4:$Z$365)-5,N(Z111)>MAX($Z$4:$Z$365)-10),"W-1",IF(OR(N(Z111)=MAX($Z$4:$Z$365)-10,N(Z111)>MAX($Z$4:$Z$365)-15),"W-2",""))) | AC111: =IF(S111="","",VLOOKUP(S110,Tablas!$C$5:$C$11,1,1)) -> 15 | AD111: =IF(AC111="","",M111-N111) -> 170 | AE111: =IF(AC111="","",C111/E111-1) -> -0.0010966262 | AF111: =IF(AC111="","",K111/N111-1) -> 0.0064454848 | AG111: =IF(AC111="","",M111-L111) -> 127 | AH111: =IF(AC111="","",L111-N111) -> 43 | AI111: =IF(AC111="","",IF(AG111>=AH111,M111-K111,K111-N111)) -> 75 | AK111: =+IF(K110>=C110,1,-1) -> 1 | AL111: =+IF(L111>=K110,1,-1) -> -1 | AM111: =+IF(AND(AK111=1,AL111=1),1,IF(AND(AK111=-1,AL111=-1),-1,0)) -> 0
B112: 44937 | C112: 14947.91 | D112: 14805.4 | E112: 14965.47 | F112: 14794.99 | G112: 66,37M | H112: 0.0117 | J112: 44937 | K112: 15003 | L112: 14916 | M112: 15067 | N112: 14856 | O112: 52,42K | P112: 0.0114 | R112: 44937 | S112: 18.97 | T112: 18.7 | U112: 19.07 | V112: 18.43 | X112: 0.0079 | Z112: =IF(AC112="","",Z111+1) -> 109 | AA112: =+IF(OR(AC112="",AB112=""),"",AC112&AB112) | AB112: =+IF(OR(N(Z112)=MAX($Z$4:$Z$365),N(Z112)>MAX($Z$4:$Z$365)-5),"last W",IF(OR(N(Z112)=MAX($Z$4:$Z$365)-5,N(Z112)>MAX($Z$4:$Z$365)-10),"W-1",IF(OR(N(Z112)=MAX($Z$4:$Z$365)-10,N(Z112)>MAX($Z$4:$Z$365)-15),"W-2",""))) | AC112: =IF(S112="","",VLOOKUP(S111,Tablas!$C$5:$C$11,1,1)) -> 15 | AD112: =IF(AC112="","",M112-N112) -> 211 | AE112: =IF(AC112="","",C112/E112-1) -> -0.0011733678 | AF112: =IF(AC112="","",K112/N112-1) -> 0.0098949919 | AG112: =IF(AC112="","",M112-L112) -> 151 | AH112: =IF(AC112="","",L112-N112) -> 60 | AI112: =IF(AC112="","",IF(AG112>=AH112,M112-K112,K112-N112)) -> 64 | AK112: =+IF(K111>=C111,1,-1) -> 1 | AL112: =+IF(L112>=K111,1,-1) -> 1 | AM112: =+IF(AND(AK112=1,AL112=1),1,IF(AND(AK112=-1,AL112=-1),-1,0)) -> 1
B113: 44938 | C113: 15058.3 | D113: 14972.28 | E113: 15095.03 | F113: 14934.51 | G113: 65,97M | H113: 0.0074 | J113: 44938 | K113: 15137 | L113: 15058 | M113: 15189 | N113: 15005 | O113: 66,80K | P113: 0.0089 | R113: 44938 | S113: 18.11 | T113: 19.13 | U113: 19.41 | V113: 18.1 | X113: -0.0454 | Z113: =IF(AC113="","",Z112+1) -> 110 | AA113: =+IF(OR(AC113="",AB113=""),"",AC113&AB113) | AB113: =+IF(OR(N(Z113)=MAX($Z$4:$Z$365),N(Z113)>MAX($Z$4:$Z$365)-5),"last W",IF(OR(N(Z113)=MAX($Z$4:$Z$365)-5,N(Z113)>MAX($Z$4:$Z$365)-10),"W-1",IF(OR(N(Z113)=MAX($Z$4:$Z$365)-10,N(Z113)>MAX($Z$4:$Z$365)-15),"W-2",""))) | AC113: =IF(S113="","",VLOOKUP(S112,Tablas!$C$5:$C$11,1,1)) -> 15 | AD113: =IF(AC113="","",M113-N113) -> 184 | AE113: =IF(AC113="","",C113/E113-1) -> -0.0024332512 | AF113: =IF(AC113="","",K113/N113-1) -> 0.0087970676 | AG113: =IF(AC113="","",M113-L113) -> 131 | AH113: =IF(AC113="","",L113-N113) -> 53 | AI113: =IF(AC113="","",IF(AG113>=AH113,M113-K113,K113-N113)) -> 52 | AK113: =+IF(K112>=C112,1,-1) -> 1 | AL113: =+IF(L113>=K112,1,-1) -> 1 | AM113: =+IF(AND(AK113=1,AL113=1),1,IF(AND(AK113=-1,AL113=-1),-1,0)) -> 1
B114: 44939 | C114: 15.086,52 | D114: 15.063,21 | E114: 15.132,37 | F114: 15.041,16 | G114: 66,45M | H114: 0.0019 | J114: 44939 | K114: 15153 | L114: 15168 | M114: 15213 | N114: 15098 | O114: 52,12K | P114: +0.11% | R114: 44939 | S114: 17.55 | T114: 17.79 | U114: 18.03 | V114: 17.33 | X114: -0.0307 | Z114: =IF(AC114="","",Z113+1) -> 111 | AA114: =+IF(OR(AC114="",AB114=""),"",AC114&AB114) | AB114: =+IF(OR(N(Z114)=MAX($Z$4:$Z$365),N(Z114)>MAX($Z$4:$Z$365)-5),"last W",IF(OR(N(Z114)=MAX($Z$4:$Z$365)-5,N(Z114)>MAX($Z$4:$Z$365)-10),"W-1",IF(OR(N(Z114)=MAX($Z$4:$Z$365)-10,N(Z114)>MAX($Z$4:$Z$365)-15),"W-2",""))) | AC114: =IF(S114="","",VLOOKUP(S113,Tablas!$C$5:$C$11,1,1)) -> 15 | AD114: =IF(AC114="","",M114-N114) -> 115 | AE114: =IF(AC114="","",C114/E114-1) -> #VALUE! | AF114: =IF(AC114="","",K114/N114-1) -> 0.0036428666 | AG114: =IF(AC114="","",M114-L114) -> 45 | AH114: =IF(AC114="","",L114-N114) -> 70 | AI114: =IF(AC114="","",IF(AG114>=AH114,M114-K114,K114-N114)) -> 55 | AK114: =+IF(K113>=C113,1,-1) -> 1 | AL114: =+IF(L114>=K113,1,-1) -> 1 | AM114: =+IF(AND(AK114=1,AL114=1),1,IF(AND(AK114=-1,AL114=-1),-1,0)) -> 1
B115: 44942 | C115: 15.134,04 | D115: 15.112,05 | E115: 15.153,19 | F115: 15.083,94 | G115: 42,10M | H115: 0.0031 | J115: 44942 | K115: 15203 | L115: 15192 | M115: 15258 | N115: 15143 | O115: 30,06K | P115: +0.33% | R115: 44942 | S115: 18.49 | T115: 18.14 | U115: 18.52 | V115: 18.05 | X115: 0.0537 | Z115: =IF(AC115="","",Z114+1) -> 112 | AA115: =+IF(OR(AC115="",AB115=""),"",AC115&AB115) | AB115: =+IF(OR(N(Z115)=MAX($Z$4:$Z$365),N(Z115)>MAX($Z$4:$Z$365)-5),"last W",IF(OR(N(Z115)=MAX($Z$4:$Z$365)-5,N(Z115)>MAX($Z$4:$Z$365)-10),"W-1",IF(OR(N(Z115)=MAX($Z$4:$Z$365)-10,N(Z115)>MAX($Z$4:$Z$365)-15),"W-2",""))) | AC115: =IF(S115="","",VLOOKUP(VALUE(S114),Tablas!$C$5:$C$11,1,1)) -> 15 | AD115: =IF(AC115="","",M115-N115) -> 115 | AE115: =IF(AC115="","",C115/E115-1) -> #VALUE! | AF115: =IF(AC115="","",K115/N115-1) -> 0.0039622268 | AG115: =IF(AC115="","",M115-L115) -> 66 | AH115: =IF(AC115="","",L115-N115) -> 49 | AI115: =IF(AC115="","",IF(AG115>=AH115,M115-K115,K115-N115)) -> 55 | AK115: =+IF(K114>=C114,1,-1) -> -1 | AL115: =+IF(L115>=K114,1,-1) -> 1 | AM115: =+IF(AND(AK115=1,AL115=1),1,IF(AND(AK115=-1,AL115=-1),-1,0)) -> 0
B116: 44943 | C116: 15.187,07 | D116: 15.130,03 | E116: 15.269,71 | F116: 15.083,95 | G116: 57,91M | H116: 0.0035 | J116: 44943 | K116: 15237 | L116: 15189 | M116: 15332 | N116: 15140 | O116: 51,38K | P116: +0.22% | R116: 44943 | S116: 18.71 | T116: 18.69 | U116: 18.82 | V116: 18.33 | X116: 0.0118 | Z116: =IF(AC116="","",Z115+1) -> 113 | AA116: =+IF(OR(AC116="",AB116=""),"",AC116&AB116) | AB116: =+IF(OR(N(Z116)=MAX($Z$4:$Z$365),N(Z116)>MAX($Z$4:$Z$365)-5),"last W",IF(OR(N(Z116)=MAX($Z$4:$Z$365)-5,N(Z116)>MAX($Z$4:$Z$365)-10),"W-1",IF(OR(N(Z116)=MAX($Z$4:$Z$365)-10,N(Z116)>MAX($Z$4:$Z$365)-15),"W-2",""))) | AC116: =IF(S116="","",VLOOKUP(VALUE(S115),Tablas!$C$5:$C$11,1,1)) -> 15 | AD116: =IF(AC116="","",M116-N116) -> 192 | AE116: =IF(AC116="","",C116/E116-1) -> #VALUE! | AF116: =IF(AC116="","",K116/N116-1) -> 0.0064068692 | AG116: =IF(AC116="","",M116-L116) -> 143 | AH116: =IF(AC116="","",L116-N116) -> 49 | AI116: =IF(AC116="","",IF(AG116>=AH116,M116-K116,K116-N116)) -> 95 | AK116: =+IF(K115>=C115,1,-1) -> -1 | AL116: =+IF(L116>=K115,1,-1) -> -1 | AM116: =+IF(AND(AK116=1,AL116=1),1,IF(AND(AK116=-1,AL116=-1),-1,0)) -> -1
B117: 44944 | C117: 15.181,80 | D117: 15.182,95 | E117: 15.250,36 | F117: 15.156,89 | G117: 58,26M | H117: -0.0003 | J117: 44944 | K117: 15246 | L117: 15218 | M117: 15330 | N117: 15178 | O117: 51,17K | P117: +0.06% | R117: 44944 | S117: 18.32 | T117: 18.51 | U117: 18.57 | V117: 17.75 | X117: -0.0211 | Z117: =IF(AC117="","",Z116+1) -> 114 | AA117: =+IF(OR(AC117="",AB117=""),"",AC117&AB117) | AB117: =+IF(OR(N(Z117)=MAX($Z$4:$Z$365),N(Z117)>MAX($Z$4:$Z$365)-5),"last W",IF(OR(N(Z117)=MAX($Z$4:$Z$365)-5,N(Z117)>MAX($Z$4:$Z$365)-10),"W-1",IF(OR(N(Z117)=MAX($Z$4:$Z$365)-10,N(Z117)>MAX($Z$4:$Z$365)-15),"W-2",""))) | AC117: =IF(S117="","",VLOOKUP(VALUE(S116),Tablas!$C$5:$C$11,1,1)) -> 15 | AD117: =IF(AC117="","",M117-N117) -> 152 | AE117: =IF(AC117="","",C117/E117-1) -> #VALUE! | AF117: =IF(AC117="","",K117/N117-1) -> 0.0044801687 | AG117: =IF(AC117="","",M117-L117) -> 112 | AH117: =IF(AC117="","",L117-N117) -> 40 | AI117: =IF(AC117="","",IF(AG117>=AH117,M117-K117,K117-N117)) -> 84 | AK117: =+IF(K116>=C116,1,-1) -> -1 | AL117: =+IF(L117>=K116,1,-1) -> -1 | AM117: =+IF(AND(AK117=1,AL117=1),1,IF(AND(AK117=-1,AL117=-1),-1,0)) -> -1
B118: 44945 | C118: 14.920,36 | D118: 15.115,55 | E118: 15.134,07 | F118: 14.906,27 | G118: 64,17M | H118: -0.0172 | J118: 44945 | K118: 14996 | L118: 15171 | M118: 15195 | N118: 14961 | O118: 73,16K | P118: -1.64% | R118: 44945 | S118: 20.01 | T118: 18.88 | U118: 20.51 | V118: 18.87 | X118: 0.0926 | Z118: =IF(AC118="","",Z117+1) -> 115 | AA118: =+IF(OR(AC118="",AB118=""),"",AC118&AB118) | AB118: =+IF(OR(N(Z118)=MAX($Z$4:$Z$365),N(Z118)>MAX($Z$4:$Z$365)-5),"last W",IF(OR(N(Z118)=MAX($Z$4:$Z$365)-5,N(Z118)>MAX($Z$4:$Z$365)-10),"W-1",IF(OR(N(Z118)=MAX($Z$4:$Z$365)-10,N(Z118)>MAX($Z$4:$Z$365)-15),"W-2",""))) | AC118: =IF(S118="","",VLOOKUP(VALUE(S117),Tablas!$C$5:$C$11,1,1)) -> 15 | AD118: =IF(AC118="","",M118-N118) -> 234 | AE118: =IF(AC118="","",C118/E118-1) -> #VALUE! | AF118: =IF(AC118="","",K118/N118-1) -> 0.0023394158 | AG118: =IF(AC118="","",M118-L118) -> 24 | AH118: =IF(AC118="","",L118-N118) -> 210 | AI118: =IF(AC118="","",IF(AG118>=AH118,M118-K118,K118-N118)) -> 35 | AK118: =+IF(K117>=C117,1,-1) -> -1 | AL118: =+IF(L118>=K117,1,-1) -> -1 | AM118: =+IF(AND(AK118=1,AL118=1),1,IF(AND(AK118=-1,AL118=-1),-1,0)) -> -1
B119: 44946 | C119: 15.033,56 | D119: 14.986,52 | E119: 15.034,43 | F119: 14.940,68 | G119: 64,03M | H119: 0.0076 | J119: 44946 | K119: 15081 | L119: 15052 | M119: 15157 | N119: 14995 | O119: 51,33K | P119: +0.57% | R119: 44946 | S119: 18.67 | T119: 19.65 | U119: 19.73 | V119: 18.67 | X119: -0.0671 | Z119: =IF(AC119="","",Z118+1) -> 116 | AA119: =+IF(OR(AC119="",AB119=""),"",AC119&AB119) | AB119: =+IF(OR(N(Z119)=MAX($Z$4:$Z$365),N(Z119)>MAX($Z$4:$Z$365)-5),"last W",IF(OR(N(Z119)=MAX($Z$4:$Z$365)-5,N(Z119)>MAX($Z$4:$Z$365)-10),"W-1",IF(OR(N(Z119)=MAX($Z$4:$Z$365)-10,N(Z119)>MAX($Z$4:$Z$365)-15),"W-2",""))) | AC119: =IF(S119="","",VLOOKUP(VALUE(S118),Tablas!$C$5:$C$11,1,1)) -> 20 | AD119: =IF(AC119="","",M119-N119) -> 162 | AE119: =IF(AC119="","",C119/E119-1) -> #VALUE! | AF119: =IF(AC119="","",K119/N119-1) -> 0.0057352451 | AG119: =IF(AC119="","",M119-L119) -> 105 | AH119: =IF(AC119="","",L119-N119) -> 57 | AI119: =IF(AC119="","",IF(AG119>=AH119,M119-K119,K119-N119)) -> 76 | AK119: =+IF(K118>=C118,1,-1) -> -1 | AL119: =+IF(L119>=K118,1,-1) -> 1 | AM119: =+IF(AND(AK119=1,AL119=1),1,IF(AND(AK119=-1,AL119=-1),-1,0)) -> 0
B120: 44949 | C120: 15102.95 | D120: 15077.4 | E120: 15145.9 | F120: 15022.83 | G120: 39,90M | H120: +0.46% | J120: 44949 | K120: 15160 | L120: 15141 | M120: 15209 | N120: 15071 | O120: 43,89K | P120: +0.52% | R120: 44949 | S120: 18.27 | T120: 18.97 | U120: 19.11 | V120: 18.21 | X120: -2.14% | Z120: =IF(AC120="","",Z119+1) -> 117 | AA120: =+IF(OR(AC120="",AB120=""),"",AC120&AB120) | AB120: =+IF(OR(N(Z120)=MAX($Z$4:$Z$365),N(Z120)>MAX($Z$4:$Z$365)-5),"last W",IF(OR(N(Z120)=MAX($Z$4:$Z$365)-5,N(Z120)>MAX($Z$4:$Z$365)-10),"W-1",IF(OR(N(Z120)=MAX($Z$4:$Z$365)-10,N(Z120)>MAX($Z$4:$Z$365)-15),"W-2",""))) | AC120: =IF(S120="","",VLOOKUP(S119,Tablas!$C$5:$C$11,1,1)) -> 15 | AD120: =IF(AC120="","",M120-N120) -> 138 | AE120: =IF(AC120="","",C120/E120-1) -> -0.0028357509 | AF120: =IF(AC120="","",K120/N120-1) -> 0.0059053812 | AG120: =IF(AC120="","",M120-L120) -> 68 | AH120: =IF(AC120="","",L120-N120) -> 70 | AI120: =IF(AC120="","",IF(AG120>=AH120,M120-K120,K120-N120)) -> 89 | AK120: =+IF(K119>=C119,1,-1) -> -1 | AL120: =+IF(L120>=K119,1,-1) -> 1 | AM120: =+IF(AND(AK120=1,AL120=1),1,IF(AND(AK120=-1,AL120=-1),-1,0)) -> 0
B121: 44950 | C121: 15093.11 | D121: 15140.5 | E121: 15147.45 | F121: 15022.55 | G121: 48,34M | H121: -0.07% | J121: 44950 | K121: 15154 | L121: 15177 | M121: 15215 | N121: 15073 | O121: 45,02K | P121: -0.04% | R121: 44950 | S121: 18.04 | T121: 18.13 | U121: 18.58 | V121: 18 | X121: -1.25% | Z121: =IF(AC121="","",Z120+1) -> 118 | AA121: =+IF(OR(AC121="",AB121=""),"",AC121&AB121) | AB121: =+IF(OR(N(Z121)=MAX($Z$4:$Z$365),N(Z121)>MAX($Z$4:$Z$365)-5),"last W",IF(OR(N(Z121)=MAX($Z$4:$Z$365)-5,N(Z121)>MAX($Z$4:$Z$365)-10),"W-1",IF(OR(N(Z121)=MAX($Z$4:$Z$365)-10,N(Z121)>MAX($Z$4:$Z$365)-15),"W-2",""))) | AC121: =IF(S121="","",VLOOKUP(S120,Tablas!$C$5:$C$11,1,1)) -> 15 | AD121: =IF(AC121="","",M121-N121) -> 142 | AE121: =IF(AC121="","",C121/E121-1) -> -0.0035874025 | AF121: =IF(AC121="","",K121/N121-1) -> 0.0053738473 | AG121: =IF(AC121="","",M121-L121) -> 38 | AH121: =IF(AC121="","",L121-N121) -> 104 | AI121: =IF(AC121="","",IF(AG121>=AH121,M121-K121,K121-N121)) -> 81 | AK121: =+IF(K120>=C120,1,-1) -> 1 | AL121: =+IF(L121>=K120,1,-1) -> 1 | AM121: =+IF(AND(AK121=1,AL121=1),1,IF(AND(AK121=-1,AL121=-1),-1,0)) -> 1
B122: 44951 | C122: 15081.64 | D122: 15095.72 | E122: 15114.41 | F122: 14969.65 | G122: 53,59M | H122: -0.08% | J122: 44951 | K122: 15134 | L122: 15143 | M122: 15200 | N122: 15018 | O122: 56,89K | P122: -0.13% | R122: 44951 | S122: 18.49 | T122: 17.99 | U122: 19.05 | V122: 17.85 | X122: +2.45% | Z122: =IF(AC122="","",Z121+1) -> 119 | AA122: =+IF(OR(AC122="",AB122=""),"",AC122&AB122) | AB122: =+IF(OR(N(Z122)=MAX($Z$4:$Z$365),N(Z122)>MAX($Z$4:$Z$365)-5),"last W",IF(OR(N(Z122)=MAX($Z$4:$Z$365)-5,N(Z122)>MAX($Z$4:$Z$365)-10),"W-1",IF(OR(N(Z122)=MAX($Z$4:$Z$365)-10,N(Z122)>MAX($Z$4:$Z$365)-15),"W-2",""))) | AC122: =IF(S122="","",VLOOKUP(S121,Tablas!$C$5:$C$11,1,1)) -> 15 | AD122: =IF(AC122="","",M122-N122) -> 182 | AE122: =IF(AC122="","",C122/E122-1) -> -0.0021681296 | AF122: =IF(AC122="","",K122/N122-1) -> 0.0077240645 | AG122: =IF(AC122="","",M122-L122) -> 57 | AH122: =IF(AC122="","",L122-N122) -> 125 | AI122: =IF(AC122="","",IF(AG122>=AH122,M122-K122,K122-N122)) -> 116 | AK122: =+IF(K121>=C121,1,-1) -> 1 | AL122: =+IF(L122>=K121,1,-1) -> -1 | AM122: =+IF(AND(AK122=1,AL122=1),1,IF(AND(AK122=-1,AL122=-1),-1,0)) -> 0
B123: 44952 | C123: 15132.85 | D123: 15146.29 | E123: 15151.54 | F123: 15068.72 | G123: 62,00M | H123: +0.34% | J123: 44952 | K123: 15177 | L123: 15207 | M123: 15274 | N123: 15119 | O123: 60,53K | P123: +0.28% | R123: 44952 | S123: 17.9 | T123: 17.93 | U123: 18.19 | V123: 17.78 | X123: -3.16% | Z123: =IF(AC123="","",Z122+1) -> 120 | AA123: =+IF(OR(AC123="",AB123=""),"",AC123&AB123) | AB123: =+IF(OR(N(Z123)=MAX($Z$4:$Z$365),N(Z123)>MAX($Z$4:$Z$365)-5),"last W",IF(OR(N(Z123)=MAX($Z$4:$Z$365)-5,N(Z123)>MAX($Z$4:$Z$365)-10),"W-1",IF(OR(N(Z123)=MAX($Z$4:$Z$365)-10,N(Z123)>MAX($Z$4:$Z$365)-15),"W-2",""))) | AC123: =IF(S123="","",VLOOKUP(S122,Tablas!$C$5:$C$11,1,1)) -> 15 | AD123: =IF(AC123="","",M123-N123) -> 155 | AE123: =IF(AC123="","",C123/E123-1) -> -0.001233538 | AF123: =IF(AC123="","",K123/N123-1) -> 0.0038362326 | AG123: =IF(AC123="","",M123-L123) -> 67 | AH123: =IF(AC123="","",L123-N123) -> 88 | AI123: =IF(AC123="","",IF(AG123>=AH123,M123-K123,K123-N123)) -> 58 | AK123: =+IF(K122>=C122,1,-1) -> 1 | AL123: =+IF(L123>=K122,1,-1) -> 1 | AM123: =+IF(AND(AK123=1,AL123=1),1,IF(AND(AK123=-1,AL123=-1),-1,0)) -> 1
B124: 44953 | C124: 15150.03 | D124: 15115.75 | E124: 15186.49 | F124: 15077.62 | G124: 55,14M | H124: +0.11% | J124: 44953 | K124: 15195 | L124: 15202 | M124: 15239 | N124: 15124 | O124: 53,54K | P124: +0.12% | R124: 44953 | S124: 17.24 | T124: 17.88 | U124: 18 | V124: 17.19 | X124: -3.72% | Z124: =IF(AC124="","",Z123+1) -> 121 | AA124: =+IF(OR(AC124="",AB124=""),"",AC124&AB124) | AB124: =+IF(OR(N(Z124)=MAX($Z$4:$Z$365),N(Z124)>MAX($Z$4:$Z$365)-5),"last W",IF(OR(N(Z124)=MAX($Z$4:$Z$365)-5,N(Z124)>MAX($Z$4:$Z$365)-10),"W-1",IF(OR(N(Z124)=MAX($Z$4:$Z$365)-10,N(Z124)>MAX($Z$4:$Z$365)-15),"W-2",""))) | AC124: =IF(S124="","",VLOOKUP(S123,Tablas!$C$5:$C$11,1,1)) -> 15 | AD124: =IF(AC124="","",M124-N124) -> 115 | AE124: =IF(AC124="","",C124/E124-1) -> -0.0024008181 | AF124: =IF(AC124="","",K124/N124-1) -> 0.0046945253 | AG124: =IF(AC124="","",M124-L124) -> 37 | AH124: =IF(AC124="","",L124-N124) -> 78 | AI124: =IF(AC124="","",IF(AG124>=AH124,M124-K124,K124-N124)) -> 71 | AK124: =+IF(K123>=C123,1,-1) -> 1 | AL124: =+IF(L124>=K123,1,-1) -> 1 | AM124: =+IF(AND(AK124=1,AL124=1),1,IF(AND(AK124=-1,AL124=-1),-1,0)) -> 1
B125: 44956 | C125: 15126.08 | D125: 15070.3 | E125: 15161.07 | F125: 14988.98 | G125: 54.66M | H125: -0.0016 | J125: 44956 | K125: 15183 | L125: 15204 | M125: 15212 | N125: 15033 | O125: 67.50K | P125: -0.0008 | R125: 44956 | S125: 18.59 | T125: 18.39 | U125: 19.37 | V125: 18.35 | X125: 0.0784 | Z125: =IF(AC125="","",Z124+1) -> 122 | AA125: =+IF(OR(AC125="",AB125=""),"",AC125&AB125) | AB125: =+IF(OR(N(Z125)=MAX($Z$4:$Z$365),N(Z125)>MAX($Z$4:$Z$365)-5),"last W",IF(OR(N(Z125)=MAX($Z$4:$Z$365)-5,N(Z125)>MAX($Z$4:$Z$365)-10),"W-1",IF(OR(N(Z125)=MAX($Z$4:$Z$365)-10,N(Z125)>MAX($Z$4:$Z$365)-15),"W-2",""))) | AC125: =IF(S125="","",VLOOKUP(S124,Tablas!$C$5:$C$11,1,1)) -> 15 | AD125: =IF(AC125="","",M125-N125) -> 179 | AE125: =IF(AC125="","",C125/E125-1) -> -0.0023078846 | AF125: =IF(AC125="","",K125/N125-1) -> 0.0099780483 | AG125: =IF(AC125="","",M125-L125) -> 8 | AH125: =IF(AC125="","",L125-N125) -> 171 | AI125: =IF(AC125="","",IF(AG125>=AH125,M125-K125,K125-N125)) -> 150 | AK125: =+IF(K124>=C124,1,-1) -> 1 | AL125: =+IF(L125>=K124,1,-1) -> 1 | AM125: =+IF(AND(AK125=1,AL125=1),1,IF(AND(AK125=-1,AL125=-1),-1,0)) -> 1
B126: 44957 | C126: 15128.27 | D126: 15081.17 | E126: 15136.22 | F126: 14993.59 | G126: 57.05M | H126: 0.0001 | J126: 44957 | K126: 15174 | L126: 15164 | M126: 15243 | N126: 15038 | O126: 62.44K | P126: -0.0006 | R126: 44957 | S126: 18.58 | T126: 18.78 | U126: 19.71 | V126: 18.52 | X126: -0.0005 | Z126: =IF(AC126="","",Z125+1) -> 123 | AA126: =+IF(OR(AC126="",AB126=""),"",AC126&AB126) | AB126: =+IF(OR(N(Z126)=MAX($Z$4:$Z$365),N(Z126)>MAX($Z$4:$Z$365)-5),"last W",IF(OR(N(Z126)=MAX($Z$4:$Z$365)-5,N(Z126)>MAX($Z$4:$Z$365)-10),"W-1",IF(OR(N(Z126)=MAX($Z$4:$Z$365)-10,N(Z126)>MAX($Z$4:$Z$365)-15),"W-2",""))) | AC126: =IF(S126="","",VLOOKUP(S125,Tablas!$C$5:$C$11,1,1)) -> 15 | AD126: =IF(AC126="","",M126-N126) -> 205 | AE126: =IF(AC126="","",C126/E126-1) -> -0.00052523021 | AF126: =IF(AC126="","",K126/N126-1) -> 0.0090437558 | AG126: =IF(AC126="","",M126-L126) -> 79 | AH126: =IF(AC126="","",L126-N126) -> 126 | AI126: =IF(AC126="","",IF(AG126>=AH126,M126-K126,K126-N126)) -> 136 | AK126: =+IF(K125>=C125,1,-1) -> 1 | AL126: =+IF(L126>=K125,1,-1) -> -1 | AM126: =+IF(AND(AK126=1,AL126=1),1,IF(AND(AK126=-1,AL126=-1),-1,0)) -> 0
B127: 44958 | C127: 15180.74 | D127: 15125.12 | E127: 15222.34 | F127: 15107.83 | G127: 57.10M | H127: 0.0035 | J127: 44958 | K127: 15219 | L127: 15207 | M127: 15366 | N127: 15151 | O127: 68.70K | P127: 0.003 | R127: 44958 | S127: 18.51 | T127: 18.54 | U127: 18.75 | V127: 18.24 | X127: -0.0036 | Z127: =IF(AC127="","",Z126+1) -> 124 | AA127: =+IF(OR(AC127="",AB127=""),"",AC127&AB127) | AB127: =+IF(OR(N(Z127)=MAX($Z$4:$Z$365),N(Z127)>MAX($Z$4:$Z$365)-5),"last W",IF(OR(N(Z127)=MAX($Z$4:$Z$365)-5,N(Z127)>MAX($Z$4:$Z$365)-10),"W-1",IF(OR(N(Z127)=MAX($Z$4:$Z$365)-10,N(Z127)>MAX($Z$4:$Z$365)-15),"W-2",""))) | AC127: =IF(S127="","",VLOOKUP(S126,Tablas!$C$5:$C$11,1,1)) -> 15 | AD127: =IF(AC127="","",M127-N127) -> 215 | AE127: =IF(AC127="","",C127/E127-1) -> -0.0027328256 | AF127: =IF(AC127="","",K127/N127-1) -> 0.0044881526 | AG127: =IF(AC127="","",M127-L127) -> 159 | AH127: =IF(AC127="","",L127-N127) -> 56 | AI127: =IF(AC127="","",IF(AG127>=AH127,M127-K127,K127-N127)) -> 147 | AK127: =+IF(K126>=C126,1,-1) -> 1 | AL127: =+IF(L127>=K126,1,-1) -> 1 | AM127: =+IF(AND(AK127=1,AL127=1),1,IF(AND(AK127=-1,AL127=-1),-1,0)) -> 1
B128: 44959 | C128: 15509.19 | D128: 15275 | E128: 15520.97 | F128: 15264.31 | G128: 122.98M | H128: 0.0216 | J128: 44959 | K128: 15565 | L128: 15307 | M128: 15596 | N128: 15302 | O128: 95.97K | P128: 0.0227 | R128: 44959 | S128: 16.68 | T128: 17.52 | U128: 17.55 | V128: 16.64 | X128: -0.0989 | Z128: =IF(AC128="","",Z127+1) -> 125 | AA128: =+IF(OR(AC128="",AB128=""),"",AC128&AB128) | AB128: =+IF(OR(N(Z128)=MAX($Z$4:$Z$365),N(Z128)>MAX($Z$4:$Z$365)-5),"last W",IF(OR(N(Z128)=MAX($Z$4:$Z$365)-5,N(Z128)>MAX($Z$4:$Z$365)-10),"W-1",IF(OR(N(Z128)=MAX($Z$4:$Z$365)-10,N(Z128)>MAX($Z$4:$Z$365)-15),"W-2",""))) | AC128: =IF(S128="","",VLOOKUP(S127,Tablas!$C$5:$C$11,1,1)) -> 15 | AD128: =IF(AC128="","",M128-N128) -> 294 | AE128: =IF(AC128="","",C128/E128-1) -> -0.00075897318 | AF128: =IF(AC128="","",K128/N128-1) -> 0.017187296 | AG128: =IF(AC128="","",M128-L128) -> 289 | AH128: =IF(AC128="","",L128-N128) -> 5 | AI128: =IF(AC128="","",IF(AG128>=AH128,M128-K128,K128-N128)) -> 31 | AK128: =+IF(K127>=C127,1,-1) -> 1 | AL128: =+IF(L128>=K127,1,-1) -> 1 | AM128: =+IF(AND(AK128=1,AL128=1),1,IF(AND(AK128=-1,AL128=-1),-1,0)) -> 1
B129: 44960 | C129: 15476.43 | D129: 15408.4 | E129: 15476.67 | F129: 15347.86 | G129: 76.25M | H129: -0.0021 | J129: 44960 | K129: 15509 | L129: 15551 | M129: 15556 | N129: 15392 | O129: 70.73K | P129: -0.0036 | R129: 44960 | S129: 16.91 | T129: 17.37 | U129: 17.59 | V129: 16.84 | X129: 0.0137 | Z129: =IF(AC129="","",Z128+1) -> 126 | AA129: =+IF(OR(AC129="",AB129=""),"",AC129&AB129) | AB129: =+IF(OR(N(Z129)=MAX($Z$4:$Z$365),N(Z129)>MAX($Z$4:$Z$365)-5),"last W",IF(OR(N(Z129)=MAX($Z$4:$Z$365)-5,N(Z129)>MAX($Z$4:$Z$365)-10),"W-1",IF(OR(N(Z129)=MAX($Z$4:$Z$365)-10,N(Z129)>MAX($Z$4:$Z$365)-15),"W-2",""))) | AC129: =IF(S129="","",VLOOKUP(S128,Tablas!$C$5:$C$11,1,1)) -> 15 | AD129: =IF(AC129="","",M129-N129) -> 164 | AE129: =IF(AC129="","",C129/E129-1) -> -1.5507212e-05 | AF129: =IF(AC129="","",K129/N129-1) -> 0.0076013514 | AG129: =IF(AC129="","",M129-L129) -> 5 | AH129: =IF(AC129="","",L129-N129) -> 159 | AI129: =IF(AC129="","",IF(AG129>=AH129,M129-K129,K129-N129)) -> 117 | AK129: =+IF(K128>=C128,1,-1) -> 1 | AL129: =+IF(L129>=K128,1,-1) -> -1 | AM129: =+IF(AND(AK129=1,AL129=1),1,IF(AND(AK129=-1,AL129=-1),-1,0)) -> 0
B130: 44963 | C130: 15345.91 | D130: 15367.04 | E130: 15406.93 | F130: 15275.57 | G130: 54,43M | H130: -0.84% | J130: 44963 | K130: 15395 | L130: 15427 | M130: 15451 | N130: 15320 | O130: 68,41K | P130: -0.74% | R130: 44963 | S130: 18.59 | T130: 17.55 | U130: 19.12 | V130: 17.53 | X130: +9.97% | Z130: =IF(AC130="","",Z129+1) -> 127 | AA130: =+IF(OR(AC130="",AB130=""),"",AC130&AB130) | AB130: =+IF(OR(N(Z130)=MAX($Z$4:$Z$365),N(Z130)>MAX($Z$4:$Z$365)-5),"last W",IF(OR(N(Z130)=MAX($Z$4:$Z$365)-5,N(Z130)>MAX($Z$4:$Z$365)-10),"W-1",IF(OR(N(Z130)=MAX($Z$4:$Z$365)-10,N(Z130)>MAX($Z$4:$Z$365)-15),"W-2",""))) | AC130: =IF(S130="","",VLOOKUP(S129,Tablas!$C$5:$C$11,1,1)) -> 15 | AD130: =IF(AC130="","",M130-N130) -> 131 | AE130: =IF(AC130="","",C130/E130-1) -> -0.0039605554 | AF130: =IF(AC130="","",K130/N130-1) -> 0.0048955614 | AG130: =IF(AC130="","",M130-L130) -> 24 | AH130: =IF(AC130="","",L130-N130) -> 107 | AI130: =IF(AC130="","",IF(AG130>=AH130,M130-K130,K130-N130)) -> 75 | AK130: =+IF(K129>=C129,1,-1) -> 1 | AL130: =+IF(L130>=K129,1,-1) -> -1 | AM130: =+IF(AND(AK130=1,AL130=1),1,IF(AND(AK130=-1,AL130=-1),-1,0)) -> 0
B131: 44964 | C131: 15320.88 | D131: 15359.59 | E131: 15363.41 | F131: 15273.6 | G131: 56,18M | H131: -0.16% | J131: 44964 | K131: 15355 | L131: 15430 | M131: 15483 | N131: 15317 | O131: 74,44K | P131: -0.26% | R131: 44964 | S131: 18.84 | T131: 18.83 | U131: 18.98 | V131: 18.57 | X131: +1.32% | Z131: =IF(AC131="","",Z130+1) -> 128 | AA131: =+IF(OR(AC131="",AB131=""),"",AC131&AB131) | AB131: =+IF(OR(N(Z131)=MAX($Z$4:$Z$365),N(Z131)>MAX($Z$4:$Z$365)-5),"last W",IF(OR(N(Z131)=MAX($Z$4:$Z$365)-5,N(Z131)>MAX($Z$4:$Z$365)-10),"W-1",IF(OR(N(Z131)=MAX($Z$4:$Z$365)-10,N(Z131)>MAX($Z$4:$Z$365)-15),"W-2",""))) | AC131: =IF(S131="","",VLOOKUP(S130,Tablas!$C$5:$C$11,1,1)) -> 15 | AD131: =IF(AC131="","",M131-N131) -> 166 | AE131: =IF(AC131="","",C131/E131-1) -> -0.0027682656 | AF131: =IF(AC131="","",K131/N131-1) -> 0.0024809036 | AG131: =IF(AC131="","",M131-L131) -> 53 | AH131: =IF(AC131="","",L131-N131) -> 113 | AI131: =IF(AC131="","",IF(AG131>=AH131,M131-K131,K131-N131)) -> 38 | AK131: =+IF(K130>=C130,1,-1) -> 1 | AL131: =+IF(L131>=K130,1,-1) -> 1 | AM131: =+IF(AND(AK131=1,AL131=1),1,IF(AND(AK131=-1,AL131=-1),-1,0)) -> 1
B132: 44965 | C132: 15412.05 | D132: 15450.67 | E132: 15486.13 | F132: 15371.93 | G132: 61,35M | H132: +0.60% | J132: 44965 | K132: 15451 | L132: 15449 | M132: 15537 | N132: 15411 | O132: 72,84K | P132: +0.63% | R132: 44965 | S132: 18.53 | T132: 18.64 | U132: 18.67 | V132: 17.85 | X132: -1.67% | Z132: =IF(AC132="","",Z131+1) -> 129 | AA132: =+IF(OR(AC132="",AB132=""),"",AC132&AB132) | AB132: =+IF(OR(N(Z132)=MAX($Z$4:$Z$365),N(Z132)>MAX($Z$4:$Z$365)-5),"last W",IF(OR(N(Z132)=MAX($Z$4:$Z$365)-5,N(Z132)>MAX($Z$4:$Z$365)-10),"W-1",IF(OR(N(Z132)=MAX($Z$4:$Z$365)-10,N(Z132)>MAX($Z$4:$Z$365)-15),"W-2",""))) | AC132: =IF(S132="","",VLOOKUP(S131,Tablas!$C$5:$C$11,1,1)) -> 15 | AD132: =IF(AC132="","",M132-N132) -> 126 | AE132: =IF(AC132="","",C132/E132-1) -> -0.0047836354 | AF132: =IF(AC132="","",K132/N132-1) -> 0.0025955486 | AG132: =IF(AC132="","",M132-L132) -> 88 | AH132: =IF(AC132="","",L132-N132) -> 38 | AI132: =IF(AC132="","",IF(AG132>=AH132,M132-K132,K132-N132)) -> 86 | AK132: =+IF(K131>=C131,1,-1) -> 1 | AL132: =+IF(L132>=K131,1,-1) -> 1 | AM132: =+IF(AND(AK132=1,AL132=1),1,IF(AND(AK132=-1,AL132=-1),-1,0)) -> 1
B133: 44966 | C133: 15523.42 | D133: 15560.15 | E133: 15658.56 | F133: 15519.63 | G133: 66,25M | H133: +0.72% | J133: 44966 | K133: 15568 | L133: 15486 | M133: 15705 | N133: 15445 | O133: 88,02K | P133: +0.76% | R133: 44966 | S133: 18.02 | T133: 18.32 | U133: 18.32 | V133: 17.78 | X133: -2.74% | Z133: =IF(AC133="","",Z132+1) -> 130 | AA133: =+IF(OR(AC133="",AB133=""),"",AC133&AB133) | AB133: =+IF(OR(N(Z133)=MAX($Z$4:$Z$365),N(Z133)>MAX($Z$4:$Z$365)-5),"last W",IF(OR(N(Z133)=MAX($Z$4:$Z$365)-5,N(Z133)>MAX($Z$4:$Z$365)-10),"W-1",IF(OR(N(Z133)=MAX($Z$4:$Z$365)-10,N(Z133)>MAX($Z$4:$Z$365)-15),"W-2",""))) | AC133: =IF(S133="","",VLOOKUP(S132,Tablas!$C$5:$C$11,1,1)) -> 15 | AD133: =IF(AC133="","",M133-N133) -> 260 | AE133: =IF(AC133="","",C133/E133-1) -> -0.0086304232 | AF133: =IF(AC133="","",K133/N133-1) -> 0.0079637423 | AG133: =IF(AC133="","",M133-L133) -> 219 | AH133: =IF(AC133="","",L133-N133) -> 41 | AI133: =IF(AC133="","",IF(AG133>=AH133,M133-K133,K133-N133)) -> 137 | AK133: =+IF(K132>=C132,1,-1) -> 1 | AL133: =+IF(L133>=K132,1,-1) -> 1 | AM133: =+IF(AND(AK133=1,AL133=1),1,IF(AND(AK133=-1,AL133=-1),-1,0)) -> 1
B134: 44967 | C134: 15307.98 | D134: 15438.94 | E134: 15487.98 | F134: 15246.39 | G134: 65,76M | H134: -1.39% | J134: 44967 | K134: 15331 | L134: 15484 | M134: 15523 | N134: 15272 | O134: 84,77K | P134: -1.52% | R134: 44967 | S134: 20.36 | T134: 18.52 | U134: 21.09 | V134: 18.51 | X134: +13.02% | Z134: =IF(AC134="","",Z133+1) -> 131 | AA134: =+IF(OR(AC134="",AB134=""),"",AC134&AB134) | AB134: =+IF(OR(N(Z134)=MAX($Z$4:$Z$365),N(Z134)>MAX($Z$4:$Z$365)-5),"last W",IF(OR(N(Z134)=MAX($Z$4:$Z$365)-5,N(Z134)>MAX($Z$4:$Z$365)-10),"W-1",IF(OR(N(Z134)=MAX($Z$4:$Z$365)-10,N(Z134)>MAX($Z$4:$Z$365)-15),"W-2",""))) | AC134: =IF(S134="","",VLOOKUP(S133,Tablas!$C$5:$C$11,1,1)) -> 15 | AD134: =IF(AC134="","",M134-N134) -> 251 | AE134: =IF(AC134="","",C134/E134-1) -> -0.011621916 | AF134: =IF(AC134="","",K134/N134-1) -> 0.0038632792 | AG134: =IF(AC134="","",M134-L134) -> 39 | AH134: =IF(AC134="","",L134-N134) -> 212 | AI134: =IF(AC134="","",IF(AG134>=AH134,M134-K134,K134-N134)) -> 59 | AK134: =+IF(K133>=C133,1,-1) -> 1 | AL134: =+IF(L134>=K133,1,-1) -> -1 | AM134: =+IF(AND(AK134=1,AL134=1),1,IF(AND(AK134=-1,AL134=-1),-1,0)) -> 0
B135: 44970 | C135: 15397.34 | D135: 15322.06 | E135: 15409.27 | F135: 15305.94 | G135: 38.58M | H135: 0.0058 | J135: 44970 | K135: 15441 | L135: 15327 | M135: 15468 | N135: 15279 | O135: 52.54K | P135: 0.0072 | R135: 44970 | S135: 19.88 | T135: 20.78 | U135: 20.84 | V135: 19.87 | X135: -0.0238 | Z135: =IF(AC135="","",Z134+1) -> 132 | AA135: =+IF(OR(AC135="",AB135=""),"",AC135&AB135) | AB135: =+IF(OR(N(Z135)=MAX($Z$4:$Z$365),N(Z135)>MAX($Z$4:$Z$365)-5),"last W",IF(OR(N(Z135)=MAX($Z$4:$Z$365)-5,N(Z135)>MAX($Z$4:$Z$365)-10),"W-1",IF(OR(N(Z135)=MAX($Z$4:$Z$365)-10,N(Z135)>MAX($Z$4:$Z$365)-15),"W-2",""))) | AC135: =IF(S135="","",VLOOKUP(S134,Tablas!$C$5:$C$11,1,1)) -> 20 | AD135: =IF(AC135="","",M135-N135) -> 189 | AE135: =IF(AC135="","",C135/E135-1) -> -0.00077420929 | AF135: =IF(AC135="","",K135/N135-1) -> 0.010602788 | AG135: =IF(AC135="","",M135-L135) -> 141 | AH135: =IF(AC135="","",L135-N135) -> 48 | AI135: =IF(AC135="","",IF(AG135>=AH135,M135-K135,K135-N135)) -> 27 | AK135: =+IF(K134>=C134,1,-1) -> 1 | AL135: =+IF(L135>=K134,1,-1) -> -1 | AM135: =+IF(AND(AK135=1,AL135=1),1,IF(AND(AK135=-1,AL135=-1),-1,0)) -> 0
B136: 44971 | C136: 15380.56 | D136: 15419 | E136: 15526.28 | F136: 15366.37 | G136: 56.43M | H136: -0.0011 | J136: 44971 | K136: 15449 | L136: 15457 | M136: 15563 | N136: 15395 | O136: 74.80K | P136: 0.0005 | R136: 44971 | S136: 18.91 | T136: 19.83 | U136: 19.84 | V136: 18.4 | X136: -0.0487 | Z136: =IF(AC136="","",Z135+1) -> 133 | AA136: =+IF(OR(AC136="",AB136=""),"",AC136&AB136) | AB136: =+IF(OR(N(Z136)=MAX($Z$4:$Z$365),N(Z136)>MAX($Z$4:$Z$365)-5),"last W",IF(OR(N(Z136)=MAX($Z$4:$Z$365)-5,N(Z136)>MAX($Z$4:$Z$365)-10),"W-1",IF(OR(N(Z136)=MAX($Z$4:$Z$365)-10,N(Z136)>MAX($Z$4:$Z$365)-15),"W-2",""))) | AC136: =IF(S136="","",VLOOKUP(S135,Tablas!$C$5:$C$11,1,1)) -> 15 | AD136: =IF(AC136="","",M136-N136) -> 168 | AE136: =IF(AC136="","",C136/E136-1) -> -0.0093853776 | AF136: =IF(AC136="","",K136/N136-1) -> 0.0035076323 | AG136: =IF(AC136="","",M136-L136) -> 106 | AH136: =IF(AC136="","",L136-N136) -> 62 | AI136: =IF(AC136="","",IF(AG136>=AH136,M136-K136,K136-N136)) -> 114 | AK136: =+IF(K135>=C135,1,-1) -> 1 | AL136: =+IF(L136>=K135,1,-1) -> 1 | AM136: =+IF(AND(AK136=1,AL136=1),1,IF(AND(AK136=-1,AL136=-1),-1,0)) -> 1
B137: 44972 | C137: 15506.34 | D137: 15394.44 | E137: 15520.39 | F137: 15388.85 | G137: 49.07M | H137: 0.0082 | J137: 44972 | K137: 15552 | L137: 15474 | M137: 15599 | N137: 15386 | O137: 59.87K | P137: 0.0067 | R137: 44972 | S137: 17.66 | T137: 18.65 | U137: 18.7 | V137: 17.64 | X137: -0.0662 | Z137: =IF(AC137="","",Z136+1) -> 134 | AA137: =+IF(OR(AC137="",AB137=""),"",AC137&AB137) | AB137: =+IF(OR(N(Z137)=MAX($Z$4:$Z$365),N(Z137)>MAX($Z$4:$Z$365)-5),"last W",IF(OR(N(Z137)=MAX($Z$4:$Z$365)-5,N(Z137)>MAX($Z$4:$Z$365)-10),"W-1",IF(OR(N(Z137)=MAX($Z$4:$Z$365)-10,N(Z137)>MAX($Z$4:$Z$365)-15),"W-2",""))) | AC137: =IF(S137="","",VLOOKUP(S136,Tablas!$C$5:$C$11,1,1)) -> 15 | AD137: =IF(AC137="","",M137-N137) -> 213 | AE137: =IF(AC137="","",C137/E137-1) -> -0.00090526076 | AF137: =IF(AC137="","",K137/N137-1) -> 0.010789029 | AG137: =IF(AC137="","",M137-L137) -> 125 | AH137: =IF(AC137="","",L137-N137) -> 88 | AI137: =IF(AC137="","",IF(AG137>=AH137,M137-K137,K137-N137)) -> 47 | AK137: =+IF(K136>=C136,1,-1) -> 1 | AL137: =+IF(L137>=K136,1,-1) -> 1 | AM137: =+IF(AND(AK137=1,AL137=1),1,IF(AND(AK137=-1,AL137=-1),-1,0)) -> 1
B138: 44973 | C138: 15533.64 | D138: 15612.43 | E138: 15634.04 | F138: 15417.17 | G138: 66.11M | H138: 0.0018 | J138: 44973 | K138: 15570 | L138: 15603 | M138: 15666 | N138: 15441 | O138: 69.16K | P138: 0.0012 | R138: 44973 | S138: 17.85 | T138: 17.35 | U138: 18.59 | V138: 17.3 | X138: 0.0107 | Z138: =IF(AC138="","",Z137+1) -> 135 | AA138: =+IF(OR(AC138="",AB138=""),"",AC138&AB138) | AB138: =+IF(OR(N(Z138)=MAX($Z$4:$Z$365),N(Z138)>MAX($Z$4:$Z$365)-5),"last W",IF(OR(N(Z138)=MAX($Z$4:$Z$365)-5,N(Z138)>MAX($Z$4:$Z$365)-10),"W-1",IF(OR(N(Z138)=MAX($Z$4:$Z$365)-10,N(Z138)>MAX($Z$4:$Z$365)-15),"W-2",""))) | AC138: =IF(S138="","",VLOOKUP(S137,Tablas!$C$5:$C$11,1,1)) -> 15 | AD138: =IF(AC138="","",M138-N138) -> 225 | AE138: =IF(AC138="","",C138/E138-1) -> -0.0064218846 | AF138: =IF(AC138="","",K138/N138-1) -> 0.0083543812 | AG138: =IF(AC138="","",M138-L138) -> 63 | AH138: =IF(AC138="","",L138-N138) -> 162 | AI138: =IF(AC138="","",IF(AG138>=AH138,M138-K138,K138-N138)) -> 129 | AK138: =+IF(K137>=C137,1,-1) -> 1 | AL138: =+IF(L138>=K137,1,-1) -> 1 | AM138: =+IF(AND(AK138=1,AL138=1),1,IF(AND(AK138=-1,AL138=-1),-1,0)) -> 1
B139: 44974 | C139: 15482 | D139: 15372.06 | E139: 15514.72 | F139: 15300.42 | G139: 70.46M | H139: -0.0033 | J139: 44974 | K139: 15502 | L139: 15489 | M139: 15567 | N139: 15324 | O139: 83.48K | P139: -0.0044 | R139: 44974 | S139: 18.84 | T139: 19.14 | U139: 19.73 | V139: 18.62 | X139: 0.0553 | Z139: =IF(AC139="","",Z138+1) -> 136 | AA139: =+IF(OR(AC139="",AB139=""),"",AC139&AB139) | AB139: =+IF(OR(N(Z139)=MAX($Z$4:$Z$365),N(Z139)>MAX($Z$4:$Z$365)-5),"last W",IF(OR(N(Z139)=MAX($Z$4:$Z$365)-5,N(Z139)>MAX($Z$4:$Z$365)-10),"W-1",IF(OR(N(Z139)=MAX($Z$4:$Z$365)-10,N(Z139)>MAX($Z$4:$Z$365)-15),"W-2",""))) | AC139: =IF(S139="","",VLOOKUP(S138,Tablas!$C$5:$C$11,1,1)) -> 15 | AD139: =IF(AC139="","",M139-N139) -> 243 | AE139: =IF(AC139="","",C139/E139-1) -> -0.0021089649 | AF139: =IF(AC139="","",K139/N139-1) -> 0.011615766 | AG139: =IF(AC139="","",M139-L139) -> 78 | AH139: =IF(AC139="","",L139-N139) -> 165 | AI139: =IF(AC139="","",IF(AG139>=AH139,M139-K139,K139-N139)) -> 178 | AK139: =+IF(K138>=C138,1,-1) -> 1 | AL139: =+IF(L139>=K138,1,-1) -> -1 | AM139: =+IF(AND(AK139=1,AL139=1),1,IF(AND(AK139=-1,AL139=-1),-1,0)) -> 0
B140: 44977 | C140: 15477.55 | D140: 15524.16 | E140: 15532.44 | F140: 15436.79 | G140: 33,61M | H140: -0.03% | J140: 44977 | K140: 15510 | L140: 15525 | M140: 15583 | N140: 15461 | O140: 32,49K | P140: +0.05% | R140: 44977 | S140: 19.1 | T140: 19.19 | U140: 19.23 | V140: 18.73 | X140: +1.40% | Z140: =IF(AC140="","",Z139+1) -> 137 | AA140: =+IF(OR(AC140="",AB140=""),"",AC140&AB140) | AB140: =+IF(OR(N(Z140)=MAX($Z$4:$Z$365),N(Z140)>MAX($Z$4:$Z$365)-5),"last W",IF(OR(N(Z140)=MAX($Z$4:$Z$365)-5,N(Z140)>MAX($Z$4:$Z$365)-10),"W-1",IF(OR(N(Z140)=MAX($Z$4:$Z$365)-10,N(Z140)>MAX($Z$4:$Z$365)-15),"W-2",""))) | AC140: =IF(S140="","",VLOOKUP(S139,Tablas!$C$5:$C$11,1,1)) -> 15 | AD140: =IF(AC140="","",M140-N140) -> 122 | AE140: =IF(AC140="","",C140/E140-1) -> -0.0035338942 | AF140: =IF(AC140="","",K140/N140-1) -> 0.0031692646 | AG140: =IF(AC140="","",M140-L140) -> 58 | AH140: =IF(AC140="","",L140-N140) -> 64 | AI140: =IF(AC140="","",IF(AG140>=AH140,M140-K140,K140-N140)) -> 49 | AK140: =+IF(K139>=C139,1,-1) -> 1 | AL140: =+IF(L140>=K139,1,-1) -> 1 | AM140: =+IF(AND(AK140=1,AL140=1),1,IF(AND(AK140=-1,AL140=-1),-1,0)) -> 1
B141: 44978 | C141: 15397.62 | D141: 15450.62 | E141: 15470.52 | F141: 15286.71 | G141: 47,05M | H141: -0.52% | J141: 44978 | K141: 15416 | L141: 15492 | M141: 15514 | N141: 15308 | O141: 73,49K | P141: -0.61% | R141: 44978 | S141: 20.09 | T141: 19.35 | U141: 20.79 | V141: 19.35 | X141: +5.21% | Z141: =IF(AC141="","",Z140+1) -> 138 | AA141: =+IF(OR(AC141="",AB141=""),"",AC141&AB141) | AB141: =+IF(OR(N(Z141)=MAX($Z$4:$Z$365),N(Z141)>MAX($Z$4:$Z$365)-5),"last W",IF(OR(N(Z141)=MAX($Z$4:$Z$365)-5,N(Z141)>MAX($Z$4:$Z$365)-10),"W-1",IF(OR(N(Z141)=MAX($Z$4:$Z$365)-10,N(Z141)>MAX($Z$4:$Z$365)-15),"W-2",""))) | AC141: =IF(S141="","",VLOOKUP(S140,Tablas!$C$5:$C$11,1,1)) -> 15 | AD141: =IF(AC141="","",M141-N141) -> 206 | AE141: =IF(AC141="","",C141/E141-1) -> -0.0047121881 | AF141: =IF(AC141="","",K141/N141-1) -> 0.0070551346 | AG141: =IF(AC141="","",M141-L141) -> 22 | AH141: =IF(AC141="","",L141-N141) -> 184 | AI141: =IF(AC141="","",IF(AG141>=AH141,M141-K141,K141-N141)) -> 108 | AK141: =+IF(K140>=C140,1,-1) -> 1 | AL141: =+IF(L141>=K140,1,-1) -> -1 | AM141: =+IF(AND(AK141=1,AL141=1),1,IF(AND(AK141=-1,AL141=-1),-1,0)) -> 0
B142: 44979 | C142: 15399.89 | D142: 15342.6 | E142: 15408.58 | F142: 15247.5 | G142: 54,88M | H142: +0.01% | J142: 44979 | K142: 15410 | L142: 15406 | M142: 15474 | N142: 15267 | O142: 73,81K | P142: -0.04% | R142: 44979 | S142: 20.11 | T142: 20.33 | U142: 21.24 | V142: 19.92 | X142: +0.09% | Z142: =IF(AC142="","",Z141+1) -> 139 | AA142: =+IF(OR(AC142="",AB142=""),"",AC142&AB142) | AB142: =+IF(OR(N(Z142)=MAX($Z$4:$Z$365),N(Z142)>MAX($Z$4:$Z$365)-5),"last W",IF(OR(N(Z142)=MAX($Z$4:$Z$365)-5,N(Z142)>MAX($Z$4:$Z$365)-10),"W-1",IF(OR(N(Z142)=MAX($Z$4:$Z$365)-10,N(Z142)>MAX($Z$4:$Z$365)-15),"W-2",""))) | AC142: =IF(S142="","",VLOOKUP(S141,Tablas!$C$5:$C$11,1,1)) -> 20 | AD142: =IF(AC142="","",M142-N142) -> 207 | AE142: =IF(AC142="","",C142/E142-1) -> -0.0005639715 | AF142: =IF(AC142="","",K142/N142-1) -> 0.0093666077 | AG142: =IF(AC142="","",M142-L142) -> 68 | AH142: =IF(AC142="","",L142-N142) -> 139 | AI142: =IF(AC142="","",IF(AG142>=AH142,M142-K142,K142-N142)) -> 143 | AK142: =+IF(K141>=C141,1,-1) -> 1 | AL142: =+IF(L142>=K141,1,-1) -> -1 | AM142: =+IF(AND(AK142=1,AL142=1),1,IF(AND(AK142=-1,AL142=-1),-1,0)) -> 0
B143: 44980 | C143: 15475.69 | D143: 15453.29 | E143: 15552.77 | F143: 15433.97 | G143: 51,35M | H143: +0.49% | J143: 44980 | K143: 15505 | L143: 15445 | M143: 15579 | N143: 15445 | O143: 72,21K | P143: +0.62% | R143: 44980 | S143: 19.07 | T143: 19.61 | U143: 19.61 | V143: 18.63 | X143: -5.19% | Z143: =IF(AC143="","",Z142+1) -> 140 | AA143: =+IF(OR(AC143="",AB143=""),"",AC143&AB143) | AB143: =+IF(OR(N(Z143)=MAX($Z$4:$Z$365),N(Z143)>MAX($Z$4:$Z$365)-5),"last W",IF(OR(N(Z143)=MAX($Z$4:$Z$365)-5,N(Z143)>MAX($Z$4:$Z$365)-10),"W-1",IF(OR(N(Z143)=MAX($Z$4:$Z$365)-10,N(Z143)>MAX($Z$4:$Z$365)-15),"W-2",""))) | AC143: =IF(S143="","",VLOOKUP(S142,Tablas!$C$5:$C$11,1,1)) -> 20 | AD143: =IF(AC143="","",M143-N143) -> 134 | AE143: =IF(AC143="","",C143/E143-1) -> -0.0049560303 | AF143: =IF(AC143="","",K143/N143-1) -> 0.0038847523 | AG143: =IF(AC143="","",M143-L143) -> 134 | AH143: =IF(AC143="","",L143-N143) -> 0 | AI143: =IF(AC143="","",IF(AG143>=AH143,M143-K143,K143-N143)) -> 74 | AK143: =+IF(K142>=C142,1,-1) -> 1 | AL143: =+IF(L143>=K142,1,-1) -> 1 | AM143: =+IF(AND(AK143=1,AL143=1),1,IF(AND(AK143=-1,AL143=-1),-1,0)) -> 1
B144: 44981 | C144: 15209.74 | D144: 15501.82 | E144: 15530.46 | F144: 15162.48 | G144: 141,48M | H144: -1.72% | J144: 44981 | K144: 15283 | L144: 15543 | M144: 15568 | N144: 15204 | O144: 95,53K | P144: -1.43% | R144: 44981 | S144: 20.44 | T144: 18.63 | U144: 20.77 | V144: 18.56 | X144: +7.21% | Z144: =IF(AC144="","",Z143+1) -> 141 | AA144: =+IF(OR(AC144="",AB144=""),"",AC144&AB144) | AB144: =+IF(OR(N(Z144)=MAX($Z$4:$Z$365),N(Z144)>MAX($Z$4:$Z$365)-5),"last W",IF(OR(N(Z144)=MAX($Z$4:$Z$365)-5,N(Z144)>MAX($Z$4:$Z$365)-10),"W-1",IF(OR(N(Z144)=MAX($Z$4:$Z$365)-10,N(Z144)>MAX($Z$4:$Z$365)-15),"W-2",""))) | AC144: =IF(S144="","",VLOOKUP(S143,Tablas!$C$5:$C$11,1,1)) -> 15 | AD144: =IF(AC144="","",M144-N144) -> 364 | AE144: =IF(AC144="","",C144/E144-1) -> -0.02065103 | AF144: =IF(AC144="","",K144/N144-1) -> 0.0051960011 | AG144: =IF(AC144="","",M144-L144) -> 25 | AH144: =IF(AC144="","",L144-N144) -> 339 | AI144: =IF(AC144="","",IF(AG144>=AH144,M144-K144,K144-N144)) -> 79 | AK144: =+IF(K143>=C143,1,-1) -> 1 | AL144: =+IF(L144>=K143,1,-1) -> 1 | AM144: =+IF(AND(AK144=1,AL144=1),1,IF(AND(AK144=-1,AL144=-1),-1,0)) -> 1
B145: 44984 | C145: 15381.43 | D145: 15351.63 | E145: 15481.06 | F145: 15351.63 | G145: 58.76M | H145: 0.0113 | J145: 44984 | K145: 15424 | L145: 15258 | M145: 15504 | N145: 15253 | O145: 77.26K | P145: 0.0103 | R145: 44984 | S145: 19.43 | T145: 20.62 | U145: 20.62 | V145: 19.22 | X145: -0.0497 | Z145: =IF(AC145="","",Z144+1) -> 142 | AA145: =+IF(OR(AC145="",AB145=""),"",AC145&AB145) | AB145: =+IF(OR(N(Z145)=MAX($Z$4:$Z$365),N(Z145)>MAX($Z$4:$Z$365)-5),"last W",IF(OR(N(Z145)=MAX($Z$4:$Z$365)-5,N(Z145)>MAX($Z$4:$Z$365)-10),"W-1",IF(OR(N(Z145)=MAX($Z$4:$Z$365)-10,N(Z145)>MAX($Z$4:$Z$365)-15),"W-2",""))) | AC145: =IF(S145="","",VLOOKUP(S144,Tablas!$C$5:$C$11,1,1)) -> 20 | AD145: =IF(AC145="","",M145-N145) -> 251 | AE145: =IF(AC145="","",C145/E145-1) -> -0.0064356058 | AF145: =IF(AC145="","",K145/N145-1) -> 0.011210909 | AG145: =IF(AC145="","",M145-L145) -> 246 | AH145: =IF(AC145="","",L145-N145) -> 5 | AI145: =IF(AC145="","",IF(AG145>=AH145,M145-K145,K145-N145)) -> 80 | AK145: =+IF(K144>=C144,1,-1) -> 1 | AL145: =+IF(L145>=K144,1,-1) -> -1 | AM145: =+IF(AND(AK145=1,AL145=1),1,IF(AND(AK145=-1,AL145=-1),-1,0)) -> 0
B146: 44985 | C146: 15365.14 | D146: 15299.79 | E146: 15443.17 | F146: 15289.43 | G146: 93.76M | H146: -0.0011 | J146: 44985 | K146: 15406 | L146: 15449 | M146: 15465 | N146: 15305 | O146: 67.47K | P146: -0.0012 | R146: 44985 | S146: 19.12 | T146: 19.83 | U146: 19.9 | V146: 18.83 | X146: -0.0159 | Z146: =IF(AC146="","",Z145+1) -> 143 | AA146: =+IF(OR(AC146="",AB146=""),"",AC146&AB146) | AB146: =+IF(OR(N(Z146)=MAX($Z$4:$Z$365),N(Z146)>MAX($Z$4:$Z$365)-5),"last W",IF(OR(N(Z146)=MAX($Z$4:$Z$365)-5,N(Z146)>MAX($Z$4:$Z$365)-10),"W-1",IF(OR(N(Z146)=MAX($Z$4:$Z$365)-10,N(Z146)>MAX($Z$4:$Z$365)-15),"W-2",""))) | AC146: =IF(S146="","",VLOOKUP(S145,Tablas!$C$5:$C$11,1,1)) -> 15 | AD146: =IF(AC146="","",M146-N146) -> 160 | AE146: =IF(AC146="","",C146/E146-1) -> -0.0050527191 | AF146: =IF(AC146="","",K146/N146-1) -> 0.0065991506 | AG146: =IF(AC146="","",M146-L146) -> 16 | AH146: =IF(AC146="","",L146-N146) -> 144 | AI146: =IF(AC146="","",IF(AG146>=AH146,M146-K146,K146-N146)) -> 101 | AK146: =+IF(K145>=C145,1,-1) -> 1 | AL146: =+IF(L146>=K145,1,-1) -> 1 | AM146: =+IF(AND(AK146=1,AL146=1),1,IF(AND(AK146=-1,AL146=-1),-1,0)) -> 1
B147: 44986 | C147: 15305.02 | D147: 15399.91 | E147: 15478.84 | F147: 15254.11 | G147: 72.24M | H147: -0.0039 | J147: 44986 | K147: 15301 | L147: 15344 | M147: 15500 | N147: 15269 | O147: 75,17K | P147: -0.0068 | R147: 44986 | S147: 19.33 | T147: 18.79 | U147: 19.54 | V147: 18.13 | X147: 0.0113 | Z147: =IF(AC147="","",Z146+1) -> 144 | AA147: =+IF(OR(AC147="",AB147=""),"",AC147&AB147) | AB147: =+IF(OR(N(Z147)=MAX($Z$4:$Z$365),N(Z147)>MAX($Z$4:$Z$365)-5),"last W",IF(OR(N(Z147)=MAX($Z$4:$Z$365)-5,N(Z147)>MAX($Z$4:$Z$365)-10),"W-1",IF(OR(N(Z147)=MAX($Z$4:$Z$365)-10,N(Z147)>MAX($Z$4:$Z$365)-15),"W-2",""))) | AC147: =IF(S147="","",VLOOKUP(S146,Tablas!$C$5:$C$11,1,1)) -> 15 | AD147: =IF(AC147="","",M147-N147) -> 231 | AE147: =IF(AC147="","",C147/E147-1) -> -0.011229524 | AF147: =IF(AC147="","",K147/N147-1) -> 0.0020957496 | AG147: =IF(AC147="","",M147-L147) -> 156 | AH147: =IF(AC147="","",L147-N147) -> 75 | AI147: =IF(AC147="","",IF(AG147>=AH147,M147-K147,K147-N147)) -> 199 | AK147: =+IF(K146>=C146,1,-1) -> 1 | AL147: =+IF(L147>=K146,1,-1) -> -1 | AM147: =+IF(AND(AK147=1,AL147=1),1,IF(AND(AK147=-1,AL147=-1),-1,0)) -> 0
B148: 44987 | C148: 15327.64 | D148: 15171.07 | E148: 15329.29 | F148: 15150.67 | G148: 62.59M | H148: 0.0015 | J148: 44987 | K148: 15332 | L148: 15356 | M148: 15407 | N148: 15160 | O148: 75,35K | P148: 0.002 | R148: 44987 | S148: 19.12 | T148: 20.23 | U148: 20.35 | V148: 19.03 | X148: -0.011 | Z148: =IF(AC148="","",Z147+1) -> 145 | AA148: =+IF(OR(AC148="",AB148=""),"",AC148&AB148) | AB148: =+IF(OR(N(Z148)=MAX($Z$4:$Z$365),N(Z148)>MAX($Z$4:$Z$365)-5),"last W",IF(OR(N(Z148)=MAX($Z$4:$Z$365)-5,N(Z148)>MAX($Z$4:$Z$365)-10),"W-1",IF(OR(N(Z148)=MAX($Z$4:$Z$365)-10,N(Z148)>MAX($Z$4:$Z$365)-15),"W-2",""))) | AC148: =IF(S148="","",VLOOKUP(S147,Tablas!$C$5:$C$11,1,1)) -> 15 | AD148: =IF(AC148="","",M148-N148) -> 247 | AE148: =IF(AC148="","",C148/E148-1) -> -0.00010763708 | AF148: =IF(AC148="","",K148/N148-1) -> 0.011345646 | AG148: =IF(AC148="","",M148-L148) -> 51 | AH148: =IF(AC148="","",L148-N148) -> 196 | AI148: =IF(AC148="","",IF(AG148>=AH148,M148-K148,K148-N148)) -> 172 | AK148: =+IF(K147>=C147,1,-1) -> -1 | AL148: =+IF(L148>=K147,1,-1) -> 1 | AM148: =+IF(AND(AK148=1,AL148=1),1,IF(AND(AK148=-1,AL148=-1),-1,0)) -> 0
B149: 44988 | C149: 15578.39 | D149: 15430.66 | E149: 15590.44 | F149: 15409.99 | G149: 67.12M | H149: 0.0164 | J149: 44988 | K149: 15601 | L149: 15382 | M149: 15650 | N149: 15364 | O149: 73,65K | P149: 0.0175 | R149: 44988 | S149: 17.86 | T149: 18.73 | U149: 18.73 | V149: 17.82 | X149: -0.0659 | Z149: =IF(AC149="","",Z148+1) -> 146 | AA149: =+IF(OR(AC149="",AB149=""),"",AC149&AB149) | AB149: =+IF(OR(N(Z149)=MAX($Z$4:$Z$365),N(Z149)>MAX($Z$4:$Z$365)-5),"last W",IF(OR(N(Z149)=MAX($Z$4:$Z$365)-5,N(Z149)>MAX($Z$4:$Z$365)-10),"W-1",IF(OR(N(Z149)=MAX($Z$4:$Z$365)-10,N(Z149)>MAX($Z$4:$Z$365)-15),"W-2",""))) | AC149: =IF(S149="","",VLOOKUP(S148,Tablas!$C$5:$C$11,1,1)) -> 15 | AD149: =IF(AC149="","",M149-N149) -> 286 | AE149: =IF(AC149="","",C149/E149-1) -> -0.00077290955 | AF149: =IF(AC149="","",K149/N149-1) -> 0.01542567 | AG149: =IF(AC149="","",M149-L149) -> 268 | AH149: =IF(AC149="","",L149-N149) -> 18 | AI149: =IF(AC149="","",IF(AG149>=AH149,M149-K149,K149-N149)) -> 49 | AK149: =+IF(K148>=C148,1,-1) -> 1 | AL149: =+IF(L149>=K148,1,-1) -> 1 | AM149: =+IF(AND(AK149=1,AL149=1),1,IF(AND(AK149=-1,AL149=-1),-1,0)) -> 1
B150: 44991 | C150: 15653.58 | D150: 15597.9 | E150: 15677.93 | F150: 15587.78 | G150: 69.39M | H150: 0.0048 | J150: 44991 | K150: 15662 | L150: 15618 | M150: 15691 | N150: 15595 | O150: 59.74K | P150: 0.0023 | R150: 44991 | S150: 17.64 | T150: 18.03 | U150: 18.16 | V150: 17.58 | X150: -0.0122 | Z150: =IF(AC150="","",Z149+1) -> 147 | AA150: =+IF(OR(AC150="",AB150=""),"",AC150&AB150) | AB150: =+IF(OR(N(Z150)=MAX($Z$4:$Z$365),N(Z150)>MAX($Z$4:$Z$365)-5),"last W",IF(OR(N(Z150)=MAX($Z$4:$Z$365)-5,N(Z150)>MAX($Z$4:$Z$365)-10),"W-1",IF(OR(N(Z150)=MAX($Z$4:$Z$365)-10,N(Z150)>MAX($Z$4:$Z$365)-15),"W-2",""))) | AC150: =IF(S150="","",VLOOKUP(S149,Tablas!$C$5:$C$11,1,1)) -> 15 | AD150: =IF(AC150="","",M150-N150) -> 96 | AE150: =IF(AC150="","",C150/E150-1) -> -0.0015531387 | AF150: =IF(AC150="","",K150/N150-1) -> 0.0042962488 | AG150: =IF(AC150="","",M150-L150) -> 73 | AH150: =IF(AC150="","",L150-N150) -> 23 | AI150: =IF(AC150="","",IF(AG150>=AH150,M150-K150,K150-N150)) -> 29 | AK150: =+IF(K149>=C149,1,-1) -> 1 | AL150: =+IF(L150>=K149,1,-1) -> 1 | AM150: =+IF(AND(AK150=1,AL150=1),1,IF(AND(AK150=-1,AL150=-1),-1,0)) -> 1
B151: 44992 | C151: 15559.53 | D151: 15638.44 | E151: 15706.37 | F151: 15544.07 | G151: 68.60M | H151: -0.006 | J151: 44992 | K151: 15569 | L151: 15656 | M151: 15720 | N151: 15526 | O151: 60.77K | P151: -0.0059 | R151: 44992 | S151: 17.93 | T151: 17.72 | U151: 18.15 | V151: 17.46 | X151: 0.0166 | Z151: =IF(AC151="","",Z150+1) -> 148 | AA151: =+IF(OR(AC151="",AB151=""),"",AC151&AB151) | AB151: =+IF(OR(N(Z151)=MAX($Z$4:$Z$365),N(Z151)>MAX($Z$4:$Z$365)-5),"last W",IF(OR(N(Z151)=MAX($Z$4:$Z$365)-5,N(Z151)>MAX($Z$4:$Z$365)-10),"W-1",IF(OR(N(Z151)=MAX($Z$4:$Z$365)-10,N(Z151)>MAX($Z$4:$Z$365)-15),"W-2",""))) | AC151: =IF(S151="","",VLOOKUP(S150,Tablas!$C$5:$C$11,1,1)) -> 15 | AD151: =IF(AC151="","",M151-N151) -> 194 | AE151: =IF(AC151="","",C151/E151-1) -> -0.009349073 | AF151: =IF(AC151="","",K151/N151-1) -> 0.0027695479 | AG151: =IF(AC151="","",M151-L151) -> 64 | AH151: =IF(AC151="","",L151-N151) -> 130 | AI151: =IF(AC151="","",IF(AG151>=AH151,M151-K151,K151-N151)) -> 43 | AK151: =+IF(K150>=C150,1,-1) -> 1 | AL151: =+IF(L151>=K150,1,-1) -> -1 | AM151: =+IF(AND(AK151=1,AL151=1),1,IF(AND(AK151=-1,AL151=-1),-1,0)) -> 0
B152: 44993 | C152: 15631.87 | D152: 15528.81 | E152: 15667.21 | F152: 15524.85 | G152: 64.60M | H152: 0.0046 | J152: 44993 | K152: 15662 | L152: 15531 | M152: 15683 | N152: 15501 | O152: 62.79K | P152: 0.006 | R152: 44993 | S152: 17.61 | T152: 18.21 | U152: 18.44 | V152: 17.59 | X152: -0.0182 | Z152: =IF(AC152="","",Z151+1) -> 149 | AA152: =+IF(OR(AC152="",AB152=""),"",AC152&AB152) | AB152: =+IF(OR(N(Z152)=MAX($Z$4:$Z$365),N(Z152)>MAX($Z$4:$Z$365)-5),"last W",IF(OR(N(Z152)=MAX($Z$4:$Z$365)-5,N(Z152)>MAX($Z$4:$Z$365)-10),"W-1",IF(OR(N(Z152)=MAX($Z$4:$Z$365)-10,N(Z152)>MAX($Z$4:$Z$365)-15),"W-2",""))) | AC152: =IF(S152="","",VLOOKUP(S151,Tablas!$C$5:$C$11,1,1)) -> 15 | AD152: =IF(AC152="","",M152-N152) -> 182 | AE152: =IF(AC152="","",C152/E152-1) -> -0.0022556665 | AF152: =IF(AC152="","",K152/N152-1) -> 0.010386427 | AG152: =IF(AC152="","",M152-L152) -> 152 | AH152: =IF(AC152="","",L152-N152) -> 30 | AI152: =IF(AC152="","",IF(AG152>=AH152,M152-K152,K152-N152)) -> 21 | AK152: =+IF(K151>=C151,1,-1) -> 1 | AL152: =+IF(L152>=K151,1,-1) -> -1 | AM152: =+IF(AND(AK152=1,AL152=1),1,IF(AND(AK152=-1,AL152=-1),-1,0)) -> 0
B153: 44994 | C153: 15633.21 | D153: 15619.75 | E153: 15667.05 | F153: 15535.13 | G153: 59.69M | H153: 0.0001 | J153: 44994 | K153: 15646 | L153: 15656 | M153: 15676 | N153: 15484 | O153: 72.40K | P153: -0.001 | R153: 44994 | S153: 17.42 | T153: 17.67 | U153: 18.04 | V153: 17.22 | X153: -0.0105 | Z153: =IF(AC153="","",Z152+1) -> 150 | AA153: =+IF(OR(AC153="",AB153=""),"",AC153&AB153) | AB153: =+IF(OR(N(Z153)=MAX($Z$4:$Z$365),N(Z153)>MAX($Z$4:$Z$365)-5),"last W",IF(OR(N(Z153)=MAX($Z$4:$Z$365)-5,N(Z153)>MAX($Z$4:$Z$365)-10),"W-1",IF(OR(N(Z153)=MAX($Z$4:$Z$365)-10,N(Z153)>MAX($Z$4:$Z$365)-15),"W-2",""))) | AC153: =IF(S153="","",VLOOKUP(S152,Tablas!$C$5:$C$11,1,1)) -> 15 | AD153: =IF(AC153="","",M153-N153) -> 192 | AE153: =IF(AC153="","",C153/E153-1) -> -0.0021599472 | AF153: =IF(AC153="","",K153/N153-1) -> 0.010462413 | AG153: =IF(AC153="","",M153-L153) -> 20 | AH153: =IF(AC153="","",L153-N153) -> 172 | AI153: =IF(AC153="","",IF(AG153>=AH153,M153-K153,K153-N153)) -> 162 | AK153: =+IF(K152>=C152,1,-1) -> 1 | AL153: =+IF(L153>=K152,1,-1) -> -1 | AM153: =+IF(AND(AK153=1,AL153=1),1,IF(AND(AK153=-1,AL153=-1),-1,0)) -> 0
B154: 44995 | C154: 15427.97 | D154: 15369.67 | E154: 15495.87 | F154: 15316.38 | G154: 114.12M | H154: -0.0131 | J154: 44995 | K154: 15398 | L154: 15489 | M154: 15506 | N154: 15278 | O154: 112.52K | P154: -0.0159 | R154: 44995 | S154: 19.87 | T154: 19.68 | U154: 20.34 | V154: 19.11 | X154: 0.1407 | Z154: =IF(AC154="","",Z153+1) -> 151 | AA154: =+IF(OR(AC154="",AB154=""),"",AC154&AB154) | AB154: =+IF(OR(N(Z154)=MAX($Z$4:$Z$365),N(Z154)>MAX($Z$4:$Z$365)-5),"last W",IF(OR(N(Z154)=MAX($Z$4:$Z$365)-5,N(Z154)>MAX($Z$4:$Z$365)-10),"W-1",IF(OR(N(Z154)=MAX($Z$4:$Z$365)-10,N(Z154)>MAX($Z$4:$Z$365)-15),"W-2",""))) | AC154: =IF(S154="","",VLOOKUP(S153,Tablas!$C$5:$C$11,1,1)) -> 15 | AD154: =IF(AC154="","",M154-N154) -> 228 | AE154: =IF(AC154="","",C154/E154-1) -> -0.0043818127 | AF154: =IF(AC154="","",K154/N154-1) -> 0.0078544312 | AG154: =IF(AC154="","",M154-L154) -> 17 | AH154: =IF(AC154="","",L154-N154) -> 211 | AI154: =IF(AC154="","",IF(AG154>=AH154,M154-K154,K154-N154)) -> 120 | AK154: =+IF(K153>=C153,1,-1) -> 1 | AL154: =+IF(L154>=K153,1,-1) -> -1 | AM154: =+IF(AND(AK154=1,AL154=1),1,IF(AND(AK154=-1,AL154=-1),-1,0)) -> 0
B155: 44998 | C155: 14959.47 | D155: 15435.16 | E155: 15435.81 | F155: 14887.44 | G155: 157.70M | H155: -3,04% | J155: 44998 | K155: 14990 | L155: 15412 | M155: 15494 | N155: 14890 | O155: 162.97K | P155: -2,65% | R155: 44998 | S155: 23.94 | T155: 20.5 | U155: 26.82 | V155: 20.38 | X155: +20,48% | Z155: =IF(AC155="","",Z154+1) -> 152 | AA155: =+IF(OR(AC155="",AB155=""),"",AC155&AB155) | AB155: =+IF(OR(N(Z155)=MAX($Z$4:$Z$365),N(Z155)>MAX($Z$4:$Z$365)-5),"last W",IF(OR(N(Z155)=MAX($Z$4:$Z$365)-5,N(Z155)>MAX($Z$4:$Z$365)-10),"W-1",IF(OR(N(Z155)=MAX($Z$4:$Z$365)-10,N(Z155)>MAX($Z$4:$Z$365)-15),"W-2",""))) | AC155: =IF(S155="","",VLOOKUP(S154,Tablas!$C$5:$C$11,1,1)) -> 15 | AD155: =IF(AC155="","",M155-N155) -> 604 | AE155: =IF(AC155="","",C155/E155-1) -> -0.030859411 | AF155: =IF(AC155="","",K155/N155-1) -> 0.0067159167 | AG155: =IF(AC155="","",M155-L155) -> 82 | AH155: =IF(AC155="","",L155-N155) -> 522 | AI155: =IF(AC155="","",IF(AG155>=AH155,M155-K155,K155-N155)) -> 100 | AK155: =+IF(K154>=C154,1,-1) -> -1 | AL155: =+IF(L155>=K154,1,-1) -> 1 | AM155: =+IF(AND(AK155=1,AL155=1),1,IF(AND(AK155=-1,AL155=-1),-1,0)) -> 0
B156: 44999 | C156: 15232.83 | D156: 15016.53 | E156: 15272.11 | F156: 14951.71 | G156: 101.46M | H156: +1,83% | J156: 44999 | K156: 15224 | L156: 14986 | M156: 15278 | N156: 14916 | O156: 135.95K | P156: +1,56% | R156: 44999 | S156: 21.25 | T156: 23.66 | U156: 23.96 | V156: 20.89 | X156: -11,26% | Z156: =IF(AC156="","",Z155+1) -> 153 | AA156: =+IF(OR(AC156="",AB156=""),"",AC156&AB156) | AB156: =+IF(OR(N(Z156)=MAX($Z$4:$Z$365),N(Z156)>MAX($Z$4:$Z$365)-5),"last W",IF(OR(N(Z156)=MAX($Z$4:$Z$365)-5,N(Z156)>MAX($Z$4:$Z$365)-10),"W-1",IF(OR(N(Z156)=MAX($Z$4:$Z$365)-10,N(Z156)>MAX($Z$4:$Z$365)-15),"W-2",""))) | AC156: =IF(S156="","",VLOOKUP(S155,Tablas!$C$5:$C$11,1,1)) -> 20 | AD156: =IF(AC156="","",M156-N156) -> 362 | AE156: =IF(AC156="","",C156/E156-1) -> -0.0025720087 | AF156: =IF(AC156="","",K156/N156-1) -> 0.020648968 | AG156: =IF(AC156="","",M156-L156) -> 292 | AH156: =IF(AC156="","",L156-N156) -> 70 | AI156: =IF(AC156="","",IF(AG156>=AH156,M156-K156,K156-N156)) -> 54 | AK156: =+IF(K155>=C155,1,-1) -> 1 | AL156: =+IF(L156>=K155,1,-1) -> -1 | AM156: =+IF(AND(AK156=1,AL156=1),1,IF(AND(AK156=-1,AL156=-1),-1,0)) -> 0
B157: 45000 | C157: 14735.26 | D157: 15175.44 | E157: 15246.17 | F157: 14702.91 | G157: 157.45M | H157: -3,27% | J157: 45000 | K157: 14724 | L157: 15215 | M157: 15260 | N157: 14699 | O157: 144.18K | P157: -3,28% | R157: 45000 | S157: 28.88 | T157: 21.29 | U157: 28.88 | V157: 21.17 | X157: +35,92% | Z157: =IF(AC157="","",Z156+1) -> 154 | AA157: =+IF(OR(AC157="",AB157=""),"",AC157&AB157) | AB157: =+IF(OR(N(Z157)=MAX($Z$4:$Z$365),N(Z157)>MAX($Z$4:$Z$365)-5),"last W",IF(OR(N(Z157)=MAX($Z$4:$Z$365)-5,N(Z157)>MAX($Z$4:$Z$365)-10),"W-1",IF(OR(N(Z157)=MAX($Z$4:$Z$365)-10,N(Z157)>MAX($Z$4:$Z$365)-15),"W-2",""))) | AC157: =IF(S157="","",VLOOKUP(S156,Tablas!$C$5:$C$11,1,1)) -> 20 | AD157: =IF(AC157="","",M157-N157) -> 561 | AE157: =IF(AC157="","",C157/E157-1) -> -0.033510711 | AF157: =IF(AC157="","",K157/N157-1) -> 0.001700796 | AG157: =IF(AC157="","",M157-L157) -> 45 | AH157: =IF(AC157="","",L157-N157) -> 516 | AI157: =IF(AC157="","",IF(AG157>=AH157,M157-K157,K157-N157)) -> 25 | AK157: =+IF(K156>=C156,1,-1) -> -1 | AL157: =+IF(L157>=K156,1,-1) -> -1 | AM157: =+IF(AND(AK157=1,AL157=1),1,IF(AND(AK157=-1,AL157=-1),-1,0)) -> -1
B158: 45001 | C158: 14967.1 | D158: 14973.84 | E158: 15018.31 | F158: 14664.17 | G158: 141.06M | H158: +1,57% | J158: 45001 | K158: 15150 | L158: 15037 | M158: 15220 | N158: 14812 | O158: 81.87K | P158: +2,89% | R158: 45001 | S158: 24.94 | T158: 29.48 | U158: 29.48 | V158: 24.57 | X158: -13,64% | Z158: =IF(AC158="","",Z157+1) -> 155 | AA158: =+IF(OR(AC158="",AB158=""),"",AC158&AB158) | AB158: =+IF(OR(N(Z158)=MAX($Z$4:$Z$365),N(Z158)>MAX($Z$4:$Z$365)-5),"last W",IF(OR(N(Z158)=MAX($Z$4:$Z$365)-5,N(Z158)>MAX($Z$4:$Z$365)-10),"W-1",IF(OR(N(Z158)=MAX($Z$4:$Z$365)-10,N(Z158)>MAX($Z$4:$Z$365)-15),"W-2",""))) | AC158: =IF(S158="","",VLOOKUP(S157,Tablas!$C$5:$C$11,1,1)) -> 25 | AD158: =IF(AC158="","",M158-N158) -> 408 | AE158: =IF(AC158="","",C158/E158-1) -> -0.0034098377 | AF158: =IF(AC158="","",K158/N158-1) -> 0.022819336 | AG158: =IF(AC158="","",M158-L158) -> 183 | AH158: =IF(AC158="","",L158-N158) -> 225 | AI158: =IF(AC158="","",IF(AG158>=AH158,M158-K158,K158-N158)) -> 338 | AK158: =+IF(K157>=C157,1,-1) -> -1 | AL158: =+IF(L158>=K157,1,-1) -> 1 | AM158: =+IF(AND(AK158=1,AL158=1),1,IF(AND(AK158=-1,AL158=-1),-1,0)) -> 0
B159: 45002 | C159: 14768.2 | D159: 15073.76 | E159: 15153.11 | F159: 14694.26 | G159: 217.02M | H159: -1,33% | J159: 45002 | K159: 14921 | L159: 15188 | M159: 15314 | N159: 14849 | O159: 108.01K | P159: -1,51% | R159: 45002 | S159: 27.62 | T159: 23.55 | U159: 28.73 | V159: 23.02 | X159: +10,75% | Z159: =IF(AC159="","",Z158+1) -> 156 | AA159: =+IF(OR(AC159="",AB159=""),"",AC159&AB159) -> 20W-2 | AB159: =+IF(OR(N(Z159)=MAX($Z$4:$Z$365),N(Z159)>MAX($Z$4:$Z$365)-5),"last W",IF(OR(N(Z159)=MAX($Z$4:$Z$365)-5,N(Z159)>MAX($Z$4:$Z$365)-10),"W-1",IF(OR(N(Z159)=MAX($Z$4:$Z$365)-10,N(Z159)>MAX($Z$4:$Z$365)-15),"W-2",""))) -> W-2 | AC159: =IF(S159="","",VLOOKUP(S158,Tablas!$C$5:$C$11,1,1)) -> 20 | AD159: =IF(AC159="","",M159-N159) -> 465 | AE159: =IF(AC159="","",C159/E159-1) -> -0.025401386 | AF159: =IF(AC159="","",K159/N159-1) -> 0.0048488114 | AG159: =IF(AC159="","",M159-L159) -> 126 | AH159: =IF(AC159="","",L159-N159) -> 339 | AI159: =IF(AC159="","",IF(AG159>=AH159,M159-K159,K159-N159)) -> 72 | AK159: =+IF(K158>=C158,1,-1) -> 1 | AL159: =+IF(L159>=K158,1,-1) -> 1 | AM159: =+IF(AND(AK159=1,AL159=1),1,IF(AND(AK159=-1,AL159=-1),-1,0)) -> 1
B160: 45005 | C160: 14933.38 | D160: 14715.4 | E160: 14980.43 | F160: 14458.39 | G160: 125.26M | H160: +1,12% | J160: 45005 | K160: 15087 | L160: 15007 | M160: 15156 | N160: 14617 | O160: 100.63K | P160: +1,11% | R160: 45005 | S160: 26.89 | T160: 30.21 | U160: 30.43 | V160: 25.86 | X160: -2,66% | Z160: =IF(AC160="","",Z159+1) -> 157 | AA160: =+IF(OR(AC160="",AB160=""),"",AC160&AB160) -> 25W-2 | AB160: =+IF(OR(N(Z160)=MAX($Z$4:$Z$365),N(Z160)>MAX($Z$4:$Z$365)-5),"last W",IF(OR(N(Z160)=MAX($Z$4:$Z$365)-5,N(Z160)>MAX($Z$4:$Z$365)-10),"W-1",IF(OR(N(Z160)=MAX($Z$4:$Z$365)-10,N(Z160)>MAX($Z$4:$Z$365)-15),"W-2",""))) -> W-2 | AC160: =IF(S160="","",VLOOKUP(S159,Tablas!$C$5:$C$11,1,1)) -> 25 | AD160: =IF(AC160="","",M160-N160) -> 539 | AE160: =IF(AC160="","",C160/E160-1) -> -0.0031407643 | AF160: =IF(AC160="","",K160/N160-1) -> 0.032154341 | AG160: =IF(AC160="","",M160-L160) -> 149 | AH160: =IF(AC160="","",L160-N160) -> 390 | AI160: =IF(AC160="","",IF(AG160>=AH160,M160-K160,K160-N160)) -> 470 | AK160: =+IF(K159>=C159,1,-1) -> 1 | AL160: =+IF(L160>=K159,1,-1) -> 1 | AM160: =+IF(AND(AK160=1,AL160=1),1,IF(AND(AK160=-1,AL160=-1),-1,0)) -> 1
B161: 45006 | C161: 15195.34 | D161: 15062.06 | E161: 15253.1 | F161: 15055.93 | G161: 94.32M | H161: +1,75% | J161: 45006 | K161: 15358 | L161: 15146 | M161: 15427 | N161: 15144 | O161: 70.46K | P161: +1,80% | R161: 45006 | S161: 22.85 | T161: 25.34 | U161: 25.34 | V161: 22.84 | X161: -15,01% | Z161: =IF(AC161="","",Z160+1) -> 158 | AA161: =+IF(OR(AC161="",AB161=""),"",AC161&AB161) -> 25W-2 | AB161: =+IF(OR(N(Z161)=MAX($Z$4:$Z$365),N(Z161)>MAX($Z$4:$Z$365)-5),"last W",IF(OR(N(Z161)=MAX($Z$4:$Z$365)-5,N(Z161)>MAX($Z$4:$Z$365)-10),"W-1",IF(OR(N(Z161)=MAX($Z$4:$Z$365)-10,N(Z161)>MAX($Z$4:$Z$365)-15),"W-2",""))) -> W-2 | AC161: =IF(S161="","",VLOOKUP(S160,Tablas!$C$5:$C$11,1,1)) -> 25 | AD161: =IF(AC161="","",M161-N161) -> 283 | AE161: =IF(AC161="","",C161/E161-1) -> -0.0037867712 | AF161: =IF(AC161="","",K161/N161-1) -> 0.014131009 | AG161: =IF(AC161="","",M161-L161) -> 281 | AH161: =IF(AC161="","",L161-N161) -> 2 | AI161: =IF(AC161="","",IF(AG161>=AH161,M161-K161,K161-N161)) -> 69 | AK161: =+IF(K160>=C160,1,-1) -> 1 | AL161: =+IF(L161>=K160,1,-1) -> 1 | AM161: =+IF(AND(AK161=1,AL161=1),1,IF(AND(AK161=-1,AL161=-1),-1,0)) -> 1
B162: 45007 | C162: 15216.19 | D162: 15174.67 | E162: 15298.49 | F162: 15166.95 | G162: 82.69M | H162: +0,14% | J162: 45007 | K162: 15386 | L162: 15407 | M162: 15465 | N162: 15228 | O162: 55.35K | P162: +0,18% | R162: 45007 | S162: 21.57 | T162: 22.44 | U162: 22.59 | V162: 20.84 | X162: -5,61% | Z162: =IF(AC162="","",Z161+1) -> 159 | AA162: =+IF(OR(AC162="",AB162=""),"",AC162&AB162) -> 20W-2 | AB162: =+IF(OR(N(Z162)=MAX($Z$4:$Z$365),N(Z162)>MAX($Z$4:$Z$365)-5),"last W",IF(OR(N(Z162)=MAX($Z$4:$Z$365)-5,N(Z162)>MAX($Z$4:$Z$365)-10),"W-1",IF(OR(N(Z162)=MAX($Z$4:$Z$365)-10,N(Z162)>MAX($Z$4:$Z$365)-15),"W-2",""))) -> W-2 | AC162: =IF(S162="","",VLOOKUP(S161,Tablas!$C$5:$C$11,1,1)) -> 20 | AD162: =IF(AC162="","",M162-N162) -> 237 | AE162: =IF(AC162="","",C162/E162-1) -> -0.0053796159 | AF162: =IF(AC162="","",K162/N162-1) -> 0.010375624 | AG162: =IF(AC162="","",M162-L162) -> 58 | AH162: =IF(AC162="","",L162-N162) -> 179 | AI162: =IF(AC162="","",IF(AG162>=AH162,M162-K162,K162-N162)) -> 158 | AK162: =+IF(K161>=C161,1,-1) -> 1 | AL162: =+IF(L162>=K161,1,-1) -> 1 | AM162: =+IF(AND(AK162=1,AL162=1),1,IF(AND(AK162=-1,AL162=-1),-1,0)) -> 1
B163: 45008 | C163: 15210.39 | D163: 15178.25 | E163: 15244.32 | F163: 15078.72 | G163: 82.74M | H163: -0,04% | J163: 45008 | K163: 15366 | L163: 15271 | M163: 15403 | N163: 15166 | O163: 66.17K | P163: -0,13% | R163: 45008 | S163: 20.51 | T163: 21.5 | U163: 22.19 | V163: 19.99 | X163: -4,93% | Z163: =IF(AC163="","",Z162+1) -> 160 | AA163: =+IF(OR(AC163="",AB163=""),"",AC163&AB163) -> 20W-2 | AB163: =+IF(OR(N(Z163)=MAX($Z$4:$Z$365),N(Z163)>MAX($Z$4:$Z$365)-5),"last W",IF(OR(N(Z163)=MAX($Z$4:$Z$365)-5,N(Z163)>MAX($Z$4:$Z$365)-10),"W-1",IF(OR(N(Z163)=MAX($Z$4:$Z$365)-10,N(Z163)>MAX($Z$4:$Z$365)-15),"W-2",""))) -> W-2 | AC163: =IF(S163="","",VLOOKUP(S162,Tablas!$C$5:$C$11,1,1)) -> 20 | AD163: =IF(AC163="","",M163-N163) -> 237 | AE163: =IF(AC163="","",C163/E163-1) -> -0.002225747 | AF163: =IF(AC163="","",K163/N163-1) -> 0.013187393 | AG163: =IF(AC163="","",M163-L163) -> 132 | AH163: =IF(AC163="","",L163-N163) -> 105 | AI163: =IF(AC163="","",IF(AG163>=AH163,M163-K163,K163-N163)) -> 37 | AK163: =+IF(K162>=C162,1,-1) -> 1 | AL163: =+IF(L163>=K162,1,-1) -> -1 | AM163: =+IF(AND(AK163=1,AL163=1),1,IF(AND(AK163=-1,AL163=-1),-1,0)) -> 0
